Workbook
Name Constr: '04-40697-0-0-АС.ЛС'!#REF!
Name Constr: '04-40697-0-0-ОВ.ЛС'!#REF!
Name FOT: '04-40697-0-0-АС.ЛС'!#REF!
Name FOT: '04-40697-0-0-ОВ.ЛС'!#REF!
Name Ind: '04-40697-0-0-АС.ЛС'!#REF!
Name Ind: '04-40697-0-0-ОВ.ЛС'!#REF!
Name Obj: '04-40697-0-0-АС.ЛС'!#REF!
Name Obj: '04-40697-0-0-ОВ.ЛС'!#REF!
Name Obosn: '04-40697-0-0-АС.ЛС'!#REF!
Name Obosn: '04-40697-0-0-ОВ.ЛС'!#REF!
Name SmPr: '04-40697-0-0-АС.ЛС'!#REF!
Name SmPr: '04-40697-0-0-ОВ.ЛС'!#REF!
Name аааааппппппрррппппппп: #REF!
Name аараооооооооооооо: #REF!
Name автом: #REF!
Name алшрльоплварл: #REF!
Name аолвлддддддддддддддддввввввввв: #REF!
Name апарв: #REF!
Name апрлдджаоырыфрпопрлпрлпрлп: #REF!
Name арлггаджаш: #REF!
Name ароррбллтблпроорапииас: #REF!
Name арррррблллпдрлдддддддддд: #REF!
Name варпаааааааааа: #REF!
Name ввпьььььлднд: #REF!
Name вед: #REF!
Name вертикальная: #REF!
Name вертикплан: #REF!
Name волен: #REF!
Name вп: #REF!
Name впырпфдыпл: #REF!
Name впьглорьтитттттттттт: #REF!
Name всввввввввввввввввввввввввв: #REF!
Name выб: #REF!
Name выпуск: #REF!
Name выьлепвввввпмп: #REF!
Name еваопродолжэрщэрзшщщх: #REF!
Name измен: #REF!
Name итого: #REF!
Name итого_сантех: #REF!
Name итого_стр: #REF!
Name итого_строит: #REF!
Name итого_технол: #REF!
Name итого_электр: #REF!
Name квота: #REF!
Name кккккккккк: #REF!
Name корек: #REF!
Name корект: #REF!
Name корректир: #REF!
Name лен: #REF!
Name лот: #REF!
Name мамиааааааааааааааааааааааааааааа: #REF!
Name ммпоослччччччччччрччапппппппппр: #REF!
Name мрол: #REF!
Name оз: #REF!
Name озелен: #REF!
Name озеленение: #REF!
Name озеленение2: #REF!
Name ОСР: #REF!
Name ОСР110: #REF!
Name ОСР111: #REF!

Sheet 04-40697-0-0-АС.ЛС
A1: СОГЛАСОВАНО: | M1: УТВЕРЖДАЮ:
A4: _________________ | M4: _________________
A5: " _____ " ________________ 2014 г. | M5: "______ " _______________2014 г.
G7: (наименование стройки)
G9: ЛОКАЛЬНЫЙ СМЕТНЫЙ РАСЧЕТ № 04-40697-0-0-АС.ЛС
G10: (локальная смета)
C12: на | D12: Архитектурно-строительные решения
G13: (наименование работ и затрат, наименование объекта)
D15: Основание: РД 04-40697-0-0-АС
D16: Сметная стоимость строительных работ _______________________________________________________________________________________________ | J16: ___________________________9,095 | L16: тыс. руб.
D17: Средства на оплату труда _______________________________________________________________________________________________ | J17: ___________________________1,260 | L17: тыс. руб.
D18: Сметная трудоемкость _______________________________________________________________________________________________ | J18: _______________________________________________________________________________________________90,79 | L18: чел.час
D19: Составлен(а) в текущих (прогнозных) ценах по состоянию на ______________
A22: № пп | B22: Обосно- вание | C22: Наименование | D22: Ед. изм. | E22: Кол. | F22: Стоимость единицы, руб. | J22: Общая стоимость, руб. | O22: Т/з осн. раб.на ед. | P22: Т/з осн. раб. Всего | Q22: Общая масса обору-дования, т
F23: Всего | G23: В том числе | J23: Обору- дование | K23: Всего | L23: В том числе
G24: Осн.З/п | H24: Эк.Маш | I24: З/пМех | L24: Осн.З/п | M24: Эк.Маш | N24: З/пМех
A25: 1 | B25: 2 | C25: 3 | D25: 4 | E25: 5 | F25: 6 | G25: 7 | H25: 8 | I25: 9 | J25: 10 | K25: 11 | L25: 12 | M25: 13 | N25: 14 | O25: 15 | P25: 16 | Q25: 17
A26: Раздел 1. Лист 6. 3 Технические требования
A27: 1 | B27: ТЕР13-03-002-01 Постан.Правит.Свердл.обл. от 10.11.10 №1616-ПП прим.= Огрунтовка металлических поверхностей за два раза грунтовкой Цинотан | C27: Огрунтовка металлических поверхностей за один раз грунтовкой ХС-068 (ПЗ=2 (ОЗП=2; ЭМ=2 к расх.; ЗПМ=2; МАТ=2 к расх.; ТЗ=2; ТЗМ=2)) | D27: 100 м2 окрашиваемой поверхности | E27: 0.09 | F27: 888.16 | G27: 120.9 | H27: 22.48 | I27: 0.32 | K27: 80 | L27: 11 | M27: 2 | O27: 7.84 | P27: 0.71
A28: 2 | B28: ТСЦ-113-0031 Постан.Правит.Свердл.обл. от 10.11.10 №1616-ПП | C28: Грунтовка ХС-068 красно-коричневая | D28: т | E28: -0.0029 | F28: 17433.5 | K28: -51
A29: 3 | B29: цена поставщика | C29: Композиция антикоррозионная грунтовочная ЦИНОТАН ( 335 руб./кг) (Итого без НДС (МАТ=МАТ/1,18-МАТ); приведение к базисному уровню цен на материалы (МАТ=МАТ/5,73-МАТ)) | D29: кг | E29: 2.9 | F29: 49.55 | K29: 144
A30: 4 | B30: ТЕР13-03-004-09 Постан.Правит.Свердл.обл. от 10.11.10 №1616-ПП прим. = Окраска металлических огрунтованных поверхностей эмалью Политон-Ур | C30: Окраска металлических огрунтованных поверхностей эмалью ЭП-773 (ПЗ=2 (ОЗП=2; ЭМ=2 к расх.; ЗПМ=2; МАТ=2 к расх.; ТЗ=2; ТЗМ=2)) | D30: 100 м2 окрашиваемой поверхности | E30: 0.09 | F30: 961.56 | G30: 63.14 | H30: 20.3 | I30: 0.32 | K30: 87 | L30: 6 | M30: 2 | O30: 4.94 | P30: 0.44
A31: 5 | B31: ТСЦ-113-0210 Постан.Правит.Свердл.обл. от 10.11.10 №1616-ПП | C31: Эмаль эпоксидная ЭП-733 зеленая | D31: т | E31: -0.0018 | F31: 39311.65 | K31: -71
A32: 6 | B32: цена поставщика | C32: Эмаль полиуретановая защитно-декоративная "Политон-УР" (320 руб./кг) (Итого без НДС (МАТ=МАТ/1,18-МАТ); приведение к базисному уровню цен на материалы (МАТ=МАТ/5,73-МАТ)) | D32: кг | E32: 1.8 | F32: 47.33 | K32: 85
A33: 7 | B33: ТЕР13-03-002-04 Постан.Правит.Свердл.обл. от 10.11.10 №1616-ПП | C33: Огрунтовка металлических поверхностей за один раз грунтовкой ГФ-021 | D33: 100 м2 окрашиваемой поверхности | E33: 0.013 | F33: 417.46 | G33: 79.65 | H33: 10.15 | I33: 0.16 | K33: 5 | L33: 1 | O33: 5.31 | P33: 0.07
A34: 8 | B34: ТЕР13-03-004-26 Постан.Правит.Свердл.обл. от 10.11.10 №1616-ПП | C34: Окраска металлических огрунтованных поверхностей эмалью ПФ-115 (ПЗ=2 (ОЗП=2; ЭМ=2 к расх.; ЗПМ=2; МАТ=2 к расх.; ТЗ=2; ТЗМ=2)) | D34: 100 м2 окрашиваемой поверхности | E34: 0.013 | F34: 1261.82 | G34: 97.9 | H34: 13.36 | I34: 0.32 | K34: 16 | L34: 1 | O34: 7.66 | P34: 0.1
A35: Раздел 2. Лист 7. Схема расположения отверстий в стенах на отм.0,000 между осями 6-9 и У-Х/У
A36: 9 | B36: ТЕРр53-25-1 Постан.Правит.Свердл.обл. от 10.11.10 №1616-ПП | C36: Устройство металлических перемычек в стенах существующих зданий | D36: 1 т металлоконструкций перемычек | E36: 0.0102 | F36: 15207.66 | G36: 2018.76 | H36: 98 | I36: 6.37 | K36: 155 | L36: 21 | M36: 1 | O36: 165.88 | P36: 1.69
A37: 10 | B37: ТЕР46-04-001-04 Постан.Правит.Свердл.обл. от 10.11.10 №1616-ПП | C37: Разборка кирпичных стен | D37: 1 м3 | E37: 0.0378 | F37: 296.8 | G37: 102.84 | H37: 193.96 | I37: 17.96 | K37: 11 | L37: 4 | M37: 7 | N37: 1 | O37: 8.24 | P37: 0.31
A38: 11 | B38: ФССЦпг01-01-01-041 И1-Пр. Минрегион от 05.05.12 №189 | C38: Погрузочные работы при автомобильных перевозках: мусора строительного с погрузкой вручную (ОП п.1.1.9 Прил.1 Прил.1Поясной коэффициент: Пермский край (кроме Красновишерского, Чердынского, Гайнского, Косинского, Кочевского районов), Республика Башкортостан, Республика Алтай, Вологодская, Кемеровская, Кировская, Курганская, Омская, Оренбургская, Новосибирская, Свердловская, Челябинская области ПЗ=1,1 (ОЗП=1,1; ЭМ=1,1; ЗПМ=1,1; МАТ=1,1)) | D38: 1 т груза | E38: 0.07 | F38: 47.28 | G38: 47.28 | K38: 3 | L38: 3
A39: 12 | B39: ФССЦпг03-21-01-043 Пр. Минрегион от 20.07.11 №354 | C39: Перевозка грузов автомобилями-самосвалами грузоподъемностью 10 т, работающих вне карьера, на расстояние: до 43 км I класс груза (15Поясные коэффициенты к сметным ценам на перевозку грузов автомобильным транспортом: Республика Башкортостан, Алтайский край, Вологодская, Кемеровская, Кировская, Курганская, Омская, Оренбургская, Новосибирская, Свердловская, Челябинская и Пермская области (за исключением Коми-Пермяцкого автономного округа). ПЗ=1,1 (ОЗП=1,1; ЭМ=1,1; ЗПМ=1,1; МАТ=1,1)) | D39: 1 т груза | E39: 0.07 | F39: 26.85 | H39: 26.85 | K39: 2 | M39: 2
A40: 13 | B40: ТЕРр69-2-1 Постан.Правит.Свердл.обл. от 10.11.10 №1616-ПП | C40: Сверление отверстий в кирпичных стенах электроперфоратором диаметром до 20 мм, толщина стен 0,5 кирпича | D40: 100 отверстий | E40: 0.04 | F40: 83.02 | G40: 65.93 | H40: 17.09 | K40: 3 | L40: 3 | O40: 5.49 | P40: 0.22
A41: 14 | B41: ТЕР06-01-015-01 Постан.Правит.Свердл.обл. от 10.11.10 №1616-ПП прим. | C41: Установка анкерных болтов в готовые гнезда с заделкой длиной до 1 м | D41: 1 т | E41: 0.0004 | F41: 14827.9 | G41: 3931.32 | H41: 72.26 | I41: 4.55 | K41: 6 | L41: 2 | O41: 315.01 | P41: 0.13
A42: 15 | B42: ТЕР46-02-007-01 Постан.Правит.Свердл.обл. от 10.11.10 №1616-ПП | C42: Кладка отдельных участков кирпичных стен и заделка проемов в кирпичных стенах при объеме кладки в одном месте до 5 м3 | D42: 1 м3 | E42: 0.12 | F42: 729.34 | G42: 168.39 | H42: 2.31 | K42: 88 | L42: 20 | O42: 14.63 | P42: 1.76
A43: 16 | B43: ТЕР15-02-016-03 Постан.Правит.Свердл.обл. от 10.11.10 №1616-ПП | C43: Штукатурка поверхностей внутри здания цементно-известковым или цементным раствором по камню и бетону улучшенная стен | D43: 100 м2 оштукатуриваемой поверхности | E43: 0.014 | F43: 2722.42 | G43: 1137.38 | H43: 182.31 | I43: 78.56 | K43: 38 | L43: 16 | M43: 3 | N43: 1 | O43: 85.84 | P43: 1.2
A44: 17 | B44: ТЕР15-04-005-03 Постан.Правит.Свердл.обл. от 10.11.10 №1616-ПП прим. | C44: Окраска поливинилацетатными водоэмульсионными составами улучшенная по штукатурке стен | D44: 100 м2 окрашиваемой поверхности | E44: 0.014 | F44: 2492.22 | G44: 541.83 | H44: 17.18 | I44: 0.31 | K44: 35 | L44: 8 | O44: 42.9 | P44: 0.6
A45: 18 | B45: ТЕР11-01-017-02 Постан.Правит.Свердл.обл. от 10.11.10 №1616-ПП прим.=Устройство покрытия толщиной 50 мм | C45: Устройство покрытий мозаичных терраццо толщиной 20 мм без рисунка | D45: 100 м2 покрытия | E45: 0.068 | F45: 4671.9 | G45: 2201.03 | H45: 339.3 | I45: 32.65 | K45: 318 | L45: 150 | M45: 23 | N45: 2 | O45: 174.27 | P45: 11.85
A46: 19 | B46: ТЕР11-01-017-04 Постан.Правит.Свердл.обл. от 10.11.10 №1616-ПП | C46: Устройство покрытий мозаичных на каждые 5 мм изменения толщины добавлять сверх 20 мм к расценкам 11-01-017-02, 11-01-017-003 (ПЗ=6 (ОЗП=6; ЭМ=6 к расх.; ЗПМ=6; МАТ=6 к расх.; ТЗ=6; ТЗМ=6)) | D46: 100 м2 покрытия | E46: 0.068 | F46: 4306.92 | G46: 1321.62 | H46: 40.32 | I46: 4.68 | K46: 293 | L46: 90 | M46: 3 | O46: 104.64 | P46: 7.12
A47: Лист 8. Схема расположения отверстия в покрытии между осями 8-9 и Ч/Щ-Э
A48: 20 | B48: ТЕР07-01-044-04 Постан.Правит.Свердл.обл. от 10.11.10 №1616-ПП прим.=Демонтаж сущ. стакана | C48: Установка монтажных изделий массой более 20 кг (МДС 81-36.2004 п.п.3.3.1.Демонтаж (разборка) сборных бетонных и железобетонных конструкций ОЗП=0,8; ЭМ=0,8 к расх.; ЗПМ=0,8; МАТ=0 к расх.; ТЗ=0,8; ТЗМ=0,8) | D48: 1 т стальных элементов | E48: 0.108 | F48: 596.19 | G48: 361.22 | H48: 234.97 | K48: 64 | L48: 39 | M48: 25 | O48: 25.12 | P48: 2.71
A49: 21 | B49: ТЕР06-01-013-01 Постан.Правит.Свердл.обл. от 10.11.10 №1616-ПП прим. =Устройство подливки М100 (см. разрез 2-2) | C49: Устройство подливки толщиной 20 мм | D49: 100 м2 подливки под оборудование | E49: 0.005 | F49: 2001.18 | G49: 578.2 | H49: 17.02 | I49: 1.46 | K49: 10 | L49: 3 | O49: 45.78 | P49: 0.23
A50: 22 | B50: ТСЦ-401-0086 Постан.Правит.Свердл.обл. от 10.11.10 №1616-ПП | C50: Бетон тяжелый, крупность заполнителя 10 мм, класс В15 (М200) | D50: м3 | E50: -0.0102 | F50: 613.55 | K50: -6
A51: 23 | B51: ТСЦ-402-0015 Постан.Правит.Свердл.обл. от 10.11.10 №1616-ПП | C51: Раствор готовый кладочный цементно-известковый марки 100 | D51: м3 | E51: 0.0102 | F51: 710.19 | K51: 7
A52: 24 | B52: ТЕР09-03-002-12 Постан.Правит.Свердл.обл. от 10.11.10 №1616-ПП поз.1,2 = Монтаж доп. балок | C52: Монтаж балок, ригелей перекрытия, покрытия и под установку оборудования многоэтажных зданий при высоте здания до 25 м | D52: 1 т конструкций | E52: 0.064 | F52: 1348.89 | G52: 262.44 | H52: 933.9 | I52: 51.76 | K52: 86 | L52: 17 | M52: 60 | N52: 3 | O52: 18.25 | P52: 1.17
A53: 25 | B53: ТСЦ-201-0777 Постан.Правит.Свердл.обл. от 10.11.10 №1616-ПП | C53: Конструктивные элементы вспомогательного назначения с преобладанием профильного проката собираемые из двух и более деталей, с отверстиями и без отверстий, соединяемые на сварке | D53: т | E53: 0.064 | F53: 12297.4 | K53: 787
A54: 26 | B54: ТЕР07-01-044-04 Постан.Правит.Свердл.обл. от 10.11.10 №1616-ПП поз.3 | C54: Установка монтажных изделий массой более 20 кг | D54: 1 т стальных элементов | E54: 0.036 | F54: 13459.15 | G54: 451.53 | H54: 293.71 | K54: 485 | L54: 16 | M54: 11 | O54: 31.4 | P54: 1.13
A55: 27 | B55: ТЕР07-01-044-03 Постан.Правит.Свердл.обл. от 10.11.10 №1616-ПП поз.4 | C55: Установка монтажных изделий массой до 20 кг | D55: 1 т стальных элементов | E55: 0.002 | F55: 13769.84 | G55: 614.03 | H55: 303.06 | K55: 28 | L55: 1 | M55: 1 | O55: 42.7 | P55: 0.09
A56: 28 | B56: ТЕР07-01-044-04 Постан.Правит.Свердл.обл. от 10.11.10 №1616-ПП Установка См-70 | C56: Установка монтажных изделий массой более 20 кг | D56: 1 т стальных элементов | E56: 0.076 | F56: 13459.15 | G56: 451.53 | H56: 293.71 | K56: 1023 | L56: 34 | M56: 22 | O56: 31.4 | P56: 2.39
A57: 29 | B57: ТЕР46-03-001-01 Постан.Правит.Свердл.обл. от 10.11.10 №1616-ПП прим.= Сверление отверстия для А1 | C57: Сверление кольцевыми алмазными сверлами в железобетонных конструкциях с применением охлаждающей жидкости (воды) вертикальных отверстий глубиной 200 мм диаметром 20 мм | D57: 100 отверстий | E57: 0.04 | F57: 2712.24 | G57: 234.42 | H57: 872.51 | I57: 222.22 | K57: 108 | L57: 9 | M57: 35 | N57: 9 | O57: 17.3 | P57: 0.69
A58: 30 | B58: ТЕР09-05-003-01 Постан.Правит.Свердл.обл. от 10.11.10 №1616-ПП прим.=Устоанока А1 | C58: Постановка болтов строительных с гайками и шайбами | D58: 100 шт. болтов | E58: 0.04 | F58: 155.36 | G58: 152.08 | H58: 3.28 | K58: 6 | L58: 6 | O58: 11.9 | P58: 0.48
A59: 31 | B59: ТСЦ-101-1714 Постан.Правит.Свердл.обл. от 10.11.10 №1616-ПП | C59: Болты с гайками и шайбами строительные | D59: т | E59: 0.002 | F59: 16800 | K59: 34
A60: 32 | B60: ТЕР06-01-015-07 Постан.Правит.Свердл.обл. от 10.11.10 №1616-ПП М1 | C60: Установка закладных деталей весом до 4 кг | D60: 1 т | E60: 0.001 | F60: 9942.61 | G60: 2758.18 | H60: 42.05 | I60: 2.73 | K60: 10 | L60: 3 | O60: 215.82 | P60: 0.22
A61: 33 | B61: ТЕР07-01-044-03 Постан.Правит.Свердл.обл. от 10.11.10 №1616-ПП КС2 | C61: Установка монтажных изделий массой до 20 кг | D61: 1 т стальных элементов | E61: 0.002 | F61: 13769.84 | G61: 614.03 | H61: 303.06 | K61: 28 | L61: 1 | M61: 1 | O61: 42.7 | P61: 0.09
A62: 34 | B62: ТЕР12-01-010-01 Постан.Правит.Свердл.обл. от 10.11.10 №1616-ПП прим.= Устройство ФЭ3 | C62: Устройство мелких покрытий (брандмауэры, парапеты, свесы и т.п.) из листовой оцинкованной стали | D62: 100 м2 покрытия | E62: 0.021 | F62: 15322.3 | G62: 1354.13 | H62: 58.83 | I62: 3.64 | K62: 322 | L62: 28 | M62: 1 | O62: 112.75 | P62: 2.37
A63: 35 | B63: ТЕР08-01-003-07 Постан.Правит.Свердл.обл. от 10.11.10 №1616-ПП прим.=(Тт, поз.8) Обмазка горячим битумом поз.1,2,3 и низ стакана | C63: Гидроизоляция боковая обмазочная битумная в 2 слоя по выровненной поверхности бутовой кладки, кирпичу, бетону | D63: 100 м2 изолируемой поверхности | E63: 0.02 | F63: 1496.69 | G63: 284.08 | H63: 104.01 | K63: 30 | L63: 6 | M63: 2 | O63: 21.2 | P63: 0.42
A64: 36 | B64: ТЕР12-01-017-05 Постан.Правит.Свердл.обл. от 10.11.10 №1616-ПП | C64: Устройство выравнивающих стяжек сборных из плоских асбестоцементных листов | D64: 100 м2 стяжки | E64: 0.013 | F64: 5496.68 | G64: 311.2 | H64: 49.21 | I64: 3.96 | K64: 71 | L64: 4 | M64: 1 | O64: 24.64 | P64: 0.32
A65: 37 | B65: ТЕР12-01-013-03 Постан.Правит.Свердл.обл. от 10.11.10 №1616-ПП Утепление плитами толщиной 150 мм | C65: Утепление покрытий плитами из минеральной ваты или перлита на битумной мастике в один слой | D65: 100 м2 утепляемого покрытия | E65: 0.013 | F65: 6675.62 | G65: 610.24 | H65: 223.19 | I65: 10.01 | K65: 87 | L65: 8 | M65: 3 | O65: 45.54 | P65: 0.59
A66: 38 | B66: ТСЦ-104-0003 Постан.Правит.Свердл.обл. от 10.11.10 №1616-ПП | C66: Плиты из минеральной ваты на синтетическом связующем М-250 (ГОСТ 9573-82) | D66: м3 | E66: -0.0803 | F66: 739.08 | K66: -59
A67: 39 | B67: ТЕР12-01-013-04 Постан.Правит.Свердл.обл. от 10.11.10 №1616-ПП | C67: Утепление покрытий плитами на каждый последующий слой добавлять к расценке 12-01-013-03 (ПЗ=2 (ОЗП=2; ЭМ=2 к расх.; ЗПМ=2; МАТ=2 к расх.; ТЗ=2; ТЗМ=2)) | D67: 100 м2 утепляемого покрытия | E67: 0.013 | F67: 11974.2 | G67: 944.96 | H67: 430.36 | I67: 20.02 | K67: 156 | L67: 12 | M67: 6 | O67: 70.52 | P67: 0.92
A68: 40 | B68: ТСЦ-104-0003 Постан.Правит.Свердл.обл. от 10.11.10 №1616-ПП | C68: Плиты из минеральной ваты на синтетическом связующем М-250 (ГОСТ 9573-82) | D68: м3 | E68: -0.1607 | F68: 739.08 | K68: -119
A69: 41 | B69: ТСЦ-104-0007 Постан.Правит.Свердл.обл. от 10.11.10 №1616-ПП | C69: Плиты из минеральной ваты повышенной жесткости на синтетическом связующем М-200 | D69: м3 | E69: 0.2 | F69: 1276.44 | K69: 255
A70: 42 | B70: ТЕР06-01-001-01 Постан.Правит.Свердл.обл. от 10.11.10 №1616-ПП прим.=Устройство цементного бортика | C70: Устройство бетонной подготовки | D70: 100 м3 бетона, бутобетона и железобетона в деле | E70: 0.0003 | F70: 64980.89 | G70: 1978.2 | H70: 4648.35 | I70: 327.6 | K70: 19 | L70: 1 | M70: 1 | O70: 180 | P70: 0.05
A71: 43 | B71: ТСЦ-401-0061 Постан.Правит.Свердл.обл. от 10.11.10 №1616-ПП | C71: Бетон тяжелый, крупность заполнителя 20 мм, класс В3,5 (М50) | D71: м3 | E71: -0.0306 | F71: 542.68 | K71: -17
A72: 44 | B72: ТСЦ-402-0016 Постан.Правит.Свердл.обл. от 10.11.10 №1616-ПП | C72: Раствор готовый кладочный цементно-известковый марки 150 | D72: м3 | E72: 0.0306 | F72: 765.95 | K72: 23
A73: 45 | B73: ТЕР12-01-002-10 Постан.Правит.Свердл.обл. от 10.11.10 №1616-ПП | C73: Устройство кровель плоских из наплавляемых материалов в один слой | D73: 100 м2 кровли | E73: 0.019 | F73: 5814.99 | G73: 111.83 | H73: 40.22 | I73: 2 | K73: 110 | L73: 2 | M73: 1 | O73: 8.44 | P73: 0.16
A74: 46 | B74: ТСЦ-101-1961 Постан.Правит.Свердл.обл. от 10.11.10 №1616-ПП | C74: Материалы рулонные кровельные для верхнего слоя, изопласт ЭКП-4.5 | D74: м2 | E74: -2.204 | F74: 48.55 | K74: -107
A75: 47 | B75: ТСЦ-101-3378 Постан.Правит.Свердл.обл. от 10.11.10 №1616-ПП | C75: Техноэласт ХПП | D75: м2 | E75: 2.204 | F75: 36.28 | K75: 80
A76: 48 | B76: ТЕР12-01-002-10 Постан.Правит.Свердл.обл. от 10.11.10 №1616-ПП | C76: Устройство кровель плоских из наплавляемых материалов в один слой | D76: 100 м2 кровли | E76: 0.057 | F76: 5814.99 | G76: 111.83 | H76: 40.22 | I76: 2 | K76: 331 | L76: 6 | M76: 2 | O76: 8.44 | P76: 0.48
A77: 49 | B77: ТСЦ-101-1961 Постан.Правит.Свердл.обл. от 10.11.10 №1616-ПП | C77: Материалы рулонные кровельные для верхнего слоя, изопласт ЭКП-4.5 | D77: м2 | E77: -6.612 | F77: 48.55 | K77: -321
A78: 50 | B78: ТСЦ-101-3357 Постан.Правит.Свердл.обл. от 10.11.10 №1616-ПП | C78: Техноэласт ЭКП-5,0, сланец серый | D78: м2 | E78: 6.612 | F78: 66.32 | K78: 439
A79: 51 | B79: ТЕР07-05-039-09 Постан.Правит.Свердл.обл. от 10.11.10 №1616-ПП прим.=Герметизация зазоров монтажной пеной | C79: Устройство герметизации коробок окон и балконных дверей мастикой герметизирующей нетвердеющей | D79: 100 м шва | E79: 0.025 | F79: 2765.26 | G79: 270.42 | H79: 1164.01 | I79: 86.07 | K79: 69 | L79: 7 | M79: 29 | N79: 2 | O79: 21.16 | P79: 0.53
A80: 52 | B80: ТСЭМ-050102 Постан.Правит.Свердл.обл. от 10.11.10 №1616-ПП | C80: Компрессоры передвижные с двигателем внутреннего сгорания давлением до 686 кПа (7 ат), производительность 5 м3/мин | D80: маш.-ч | E80: -0.14 | F80: 103.34 | H80: 103.34 | I80: 15.62 | K80: -14 | M80: -14 | N80: -2
A81: 53 | B81: ТСЭМ-031910 Постан.Правит.Свердл.обл. от 10.11.10 №1616-ПП | C81: Люлька | D81: маш.-ч | E81: -0.24 | F81: 58.04 | H81: 58.04 | K81: -14 | M81: -14
A82: Раздел 3. Лист 9. Схема расположения отверстий в перекрытии на отм.+3,300 между осями 5-9 и Х/У-Э
A83: 54 | B83: ТЕР46-04-002-02 Постан.Правит.Свердл.обл. от 10.11.10 №1616-ПП | C83: Разборка монолитных перекрытий железобетонных | D83: 1 м3 | E83: 0.0864 | F83: 797.72 | G83: 151.76 | H83: 600.08 | I83: 55.29 | K83: 69 | L83: 13 | M83: 52 | N83: 5 | O83: 12.16 | P83: 1.05
A84: 55 | B84: ФССЦпг01-01-01-041 И1-Пр. Минрегион от 05.05.12 №189 | C84: Погрузочные работы при автомобильных перевозках: мусора строительного с погрузкой вручную (ОП п.1.1.9 Прил.1 Прил.1Поясной коэффициент: Пермский край (кроме Красновишерского, Чердынского, Гайнского, Косинского, Кочевского районов), Республика Башкортостан, Республика Алтай, Вологодская, Кемеровская, Кировская, Курганская, Омская, Оренбургская, Новосибирская, Свердловская, Челябинская области ПЗ=1,1 (ОЗП=1,1; ЭМ=1,1; ЗПМ=1,1; МАТ=1,1)) | D84: 1 т груза | E84: 0.22 | F84: 47.28 | G84: 47.28 | K84: 10 | L84: 10
A85: 56 | B85: ФССЦпг03-21-01-043 Пр. Минрегион от 20.07.11 №354 | C85: Перевозка грузов автомобилями-самосвалами грузоподъемностью 10 т, работающих вне карьера, на расстояние: до 43 км I класс груза (15Поясные коэффициенты к сметным ценам на перевозку грузов автомобильным транспортом: Республика Башкортостан, Алтайский край, Вологодская, Кемеровская, Кировская, Курганская, Омская, Оренбургская, Новосибирская, Свердловская, Челябинская и Пермская области (за исключением Коми-Пермяцкого автономного округа). ПЗ=1,1 (ОЗП=1,1; ЭМ=1,1; ЗПМ=1,1; МАТ=1,1)) | D85: 1 т груза | E85: 0.22 | F85: 26.85 | H85: 26.85 | K85: 6 | M85: 6
A86: подготовка поверхности /Тт, поз.3/
A87: 57 | B87: ТЕР15-02-031-09 Постан.Правит.Свердл.обл. от 10.11.10 №1616-ПП прим. | C87: Насечка поверхности потолков | D87: 100 м2 оштукатуриваемой поверхности | E87: 0.015 | F87: 552.46 | G87: 552.46 | K87: 8 | L87: 8 | O87: 46 | P87: 0.69
A88: 58 | B88: ТЕР13-06-003-01 Постан.Правит.Свердл.обл. от 10.11.10 №1616-ПП | C88: Очистка поверхности щетками | D88: 1 м2 очищаемой поверхности | E88: 1.5 | F88: 10.81 | G88: 10.81 | K88: 16 | L88: 16 | O88: 0.9 | P88: 1.35
A89: 59 | B89: ТЕР13-06-004-01 Постан.Правит.Свердл.обл. от 10.11.10 №1616-ПП | C89: Обеспыливание поверхности | D89: 1 м2 обеспыливаемой поверхности | E89: 1.5 | F89: 2.59 | G89: 1.2 | H89: 1.39 | K89: 4 | L89: 2 | M89: 2 | O89: 0.1 | P89: 0.15
A90: 60 | B90: ТЕРр62-39-2 Постан.Правит.Свердл.обл. от 10.11.10 №1616-ПП прим. | C90: Промывка поверхности | D90: 100 м2 промытой поверхности | E90: 0.015 | F90: 96.68 | G90: 85.49 | K90: 1 | L90: 1 | O90: 7.64 | P90: 0.11
A91: отв.300х300 мм
A92: 61 | B92: ТЕР06-01-014-01 Постан.Правит.Свердл.обл. от 10.11.10 №1616-ПП Укладка бетона толщиной 50 мм | C92: Укладка бетона по перекрытиям толщиной 100 мм | D92: 100 м2 перекрытий | E92: 0.004 | F92: 6415.27 | G92: 262.54 | H92: 175.1 | I92: 22.39 | K92: 26 | L92: 1 | M92: 1 | O92: 22.42 | P92: 0.09
A93: 62 | B93: ТСЦ-401-0083 Постан.Правит.Свердл.обл. от 10.11.10 №1616-ПП | C93: Бетон тяжелый, крупность заполнителя 10 мм, класс В7,5 (М100) | D93: м3 | E93: -0.0408 | F93: 577.75 | K93: -24
A94: 63 | B94: ТСЦ-401-0086 Постан.Правит.Свердл.обл. от 10.11.10 №1616-ПП | C94: Бетон тяжелый, крупность заполнителя 10 мм, класс В15 (М200) | D94: м3 | E94: 0.0408 | F94: 613.55 | K94: 25
A95: 64 | B95: ТЕР06-01-014-02 Постан.Правит.Свердл.обл. от 10.11.10 №1616-ПП | C95: На каждые 10 мм изменения толщины добавлять или исключать к расценке 06-01-014-01 (ПЗ=5 (ОЗП=5; ЭМ=5 к расх.; ЗПМ=5; МАТ=5 к расх.; ТЗ=5; ТЗМ=5)) | D95: 100 м2 перекрытий | E95: -0.004 | F95: 3157.35 | G95: 83.75 | H95: 86.25 | I95: 10.9 | K95: -13 | O95: 7.15 | P95: -0.03
A96: 65 | B96: ТСЦ-401-0083 Постан.Правит.Свердл.обл. от 10.11.10 №1616-ПП | C96: Бетон тяжелый, крупность заполнителя 10 мм, класс В7,5 (М100) | D96: м3 | E96: 0.0204 | F96: 577.75 | K96: 12
A97: 66 | B97: ТСЦ-401-0086 Постан.Правит.Свердл.обл. от 10.11.10 №1616-ПП | C97: Бетон тяжелый, крупность заполнителя 10 мм, класс В15 (М200) | D97: м3 | E97: -0.0204 | F97: 613.55 | K97: -13
A98: 67 | B98: ТЕР06-01-015-10 Постан.Правит.Свердл.обл. от 10.11.10 №1616-ПП | C98: Армирование подстилающих слоев и набетонок | D98: 1 т | E98: 0.003 | F98: 438.07 | G98: 157.75 | H98: 44.41 | I98: 2.91 | K98: 1 | O98: 12.64 | P98: 0.04
A99: 68 | B99: ТСЦ-204-0100 Постан.Правит.Свердл.обл. от 10.11.10 №1616-ПП | C99: Горячекатаная арматурная сталь класса А-I, А-II, А-III | D99: т | E99: 0.003 | F99: 7601.69 | K99: 23
A100: 69 | B100: ТСЦ-204-0036 Постан.Правит.Свердл.обл. от 10.11.10 №1616-ПП | C100: Надбавки к ценам заготовок за сборку и сварку каркасов и сеток плоских, диаметром 10 мм | D100: т | E100: 0.003 | F100: 2208.6 | K100: 7
A101: 70 | B101: ТЕР11-01-017-02 Постан.Правит.Свердл.обл. от 10.11.10 №1616-ПП | C101: Устройство покрытий мозаичных терраццо толщиной 20 мм без рисунка | D101: 100 м2 покрытия | E101: 0.004 | F101: 4671.9 | G101: 2201.03 | H101: 339.3 | I101: 32.65 | K101: 19 | L101: 9 | M101: 1 | O101: 174.27 | P101: 0.7
A102: 71 | B102: ТЕР11-01-017-04 Постан.Правит.Свердл.обл. от 10.11.10 №1616-ПП | C102: Устройство покрытий мозаичных на каждые 5 мм изменения толщины добавлять сверх 20 мм к расценкам 11-01-017-02, 11-01-017-003 (ПЗ=6 (ОЗП=6; ЭМ=6 к расх.; ЗПМ=6; МАТ=6 к расх.; ТЗ=6; ТЗМ=6)) | D102: 100 м2 покрытия | E102: 0.004 | F102: 4306.92 | G102: 1321.62 | H102: 40.32 | I102: 4.68 | K102: 17 | L102: 5 | O102: 104.64 | P102: 0.42
A103: отв.Д=400 мм
A104: 72 | B104: ТЕР06-01-014-01 Постан.Правит.Свердл.обл. от 10.11.10 №1616-ПП Укладка бетона толщиной 50 мм | C104: Укладка бетона по перекрытиям толщиной 100 мм | D104: 100 м2 перекрытий | E104: 0.004 | F104: 6415.27 | G104: 262.54 | H104: 175.1 | I104: 22.39 | K104: 26 | L104: 1 | M104: 1 | O104: 22.42 | P104: 0.09
A105: 73 | B105: ТСЦ-401-0083 Постан.Правит.Свердл.обл. от 10.11.10 №1616-ПП | C105: Бетон тяжелый, крупность заполнителя 10 мм, класс В7,5 (М100) | D105: м3 | E105: -0.0408 | F105: 577.75 | K105: -24
A106: 74 | B106: ТСЦ-401-0086 Постан.Правит.Свердл.обл. от 10.11.10 №1616-ПП | C106: Бетон тяжелый, крупность заполнителя 10 мм, класс В15 (М200) | D106: м3 | E106: 0.0408 | F106: 613.55 | K106: 25
A107: 75 | B107: ТЕР06-01-014-02 Постан.Правит.Свердл.обл. от 10.11.10 №1616-ПП | C107: На каждые 10 мм изменения толщины добавлять или исключать к расценке 06-01-014-01 (ПЗ=5 (ОЗП=5; ЭМ=5 к расх.; ЗПМ=5; МАТ=5 к расх.; ТЗ=5; ТЗМ=5)) | D107: 100 м2 перекрытий | E107: -0.004 | F107: 3157.35 | G107: 83.75 | H107: 86.25 | I107: 10.9 | K107: -13 | O107: 7.15 | P107: -0.03
A108: 76 | B108: ТСЦ-401-0083 Постан.Правит.Свердл.обл. от 10.11.10 №1616-ПП | C108: Бетон тяжелый, крупность заполнителя 10 мм, класс В7,5 (М100) | D108: м3 | E108: 0.0204 | F108: 577.75 | K108: 12
...

Sheet 04-40697-0-0-ОВ.ЛС
A1: _________________ | M1: _________________
A2: " _____ " ________________ 2014 г. | M2: "______ " _______________2014 г.
G4: (наименование стройки)
G6: ЛОКАЛЬНЫЙ СМЕТНЫЙ РАСЧЕТ № 04-40697-0-0-ОВ.ЛС
G7: (локальная смета)
C9: на | D9: Вентиляция
G10: (наименование работ и затрат, наименование объекта)
D12: Основание: РД 04-40697-0-0-ОВ
D13: Сметная стоимость _______________________________________________________________________________________________ | J13: ___________________________368,199 | L13: тыс. руб.
D14: строительных работ _______________________________________________________________________________________________ | J14: _______________________________________________________________________________________________359,531 | L14: тыс. руб.
D15: монтажных работ _______________________________________________________________________________________________ | J15: _______________________________________________________________________________________________8,668 | L15: тыс. руб.
D16: Средства на оплату труда _______________________________________________________________________________________________ | J16: ___________________________13,127 | L16: тыс. руб.
D17: Сметная трудоемкость _______________________________________________________________________________________________ | J17: _______________________________________________________________________________________________1004,14 | L17: чел.час
D18: Составлен(а) в текущих (прогнозных) ценах по состоянию на ______________
A21: № пп | B21: Обосно- вание | C21: Наименование | D21: Ед. изм. | E21: Кол. | F21: Стоимость единицы, руб. | J21: Общая стоимость, руб. | O21: Т/з осн. раб.на ед. | P21: Т/з осн. раб. Всего | Q21: Общая масса обору-дования, т
F22: Всего | G22: В том числе | J22: Обору- дование | K22: Всего | L22: В том числе
G23: Осн.З/п | H23: Эк.Маш | I23: З/пМех | L23: Осн.З/п | M23: Эк.Маш | N23: З/пМех
A24: 1 | B24: 2 | C24: 3 | D24: 4 | E24: 5 | F24: 6 | G24: 7 | H24: 8 | I24: 9 | J24: 10 | K24: 11 | L24: 12 | M24: 13 | N24: 14 | O24: 15 | P24: 16 | Q24: 17
A25: Раздел 1. Демонтажные работы (04-40697-0-0-ОВ.ВР)
A26: 1 | B26: ТЕР20-03-001-04 Постан.Правит.Свердл.обл. от 10.11.10 №1616-ПП ДЕМОНТАЖ ВР лист 1 поз.1 | C26: Установка вентиляторов радиальных массой до 0,4 т (МДС 81-36.2004 п.п.3.3.1.Демонтаж (разборка) внутренних санитарно-технических устройств (водопровода, газопровода, канализации, водостоков, отопления, вентиляции) ОЗП=0,4; ЭМ=0,4 к расх.; ЗПМ=0,4; МАТ=0 к расх.; ТЗ=0,4; ТЗМ=0,4) | D26: 1 вентилятор | E26: 2 | F26: 74 | G26: 56.02 | H26: 17.98 | I26: 0.95 | K26: 148 | L26: 112 | M26: 36 | N26: 2 | O26: 4.66 | P26: 9.32
A27: 2 | B27: ТЕР20-01-002-13 Постан.Правит.Свердл.обл. от 10.11.10 №1616-ПП ДЕМОНТАЖ ВР лист 1 поз.2 | C27: Прокладка воздуховодов из листовой оцинкованной стали и алюминия класса П (плотные) толщиной 0,7 мм, периметром до 3600 мм (МДС 81-36.2004 п.п.3.3.1.Демонтаж (разборка) внутренних санитарно-технических устройств (водопровода, газопровода, канализации, водостоков, отопления, вентиляции) ОЗП=0,4; ЭМ=0,4 к расх.; ЗПМ=0,4; МАТ=0 к расх.; ТЗ=0,4; ТЗМ=0,4) | D27: 100 м2 поверхности воздуховодов | E27: 0.84 | F27: 418.98 | G27: 366.89 | H27: 52.09 | I27: 2.26 | K27: 352 | L27: 308 | M27: 44 | N27: 2 | O27: 29.78 | P27: 25.02
A28: 3 | B28: ТЕР20-02-004-03 Постан.Правит.Свердл.обл. от 10.11.10 №1616-ПП ДЕМОНТАЖ ВР лист 1 поз.3 | C28: Установка клапанов обратных диаметром до 800 мм (МДС 81-36.2004 п.п.3.3.1.Демонтаж (разборка) внутренних санитарно-технических устройств (водопровода, газопровода, канализации, водостоков, отопления, вентиляции) ОЗП=0,4; ЭМ=0,4 к расх.; ЗПМ=0,4; МАТ=0 к расх.; ТЗ=0,4; ТЗМ=0,4) | D28: 1 клапан | E28: 2 | F28: 11.88 | G28: 10.38 | H28: 1.5 | I28: 0.07 | K28: 24 | L28: 21 | M28: 3 | O28: 0.83 | P28: 1.66
A29: 4 | B29: ТЕР20-02-013-04 Постан.Правит.Свердл.обл. от 10.11.10 №1616-ПП ДЕМОНТАЖ ВР лист 1 поз.4 | C29: Установка узлов прохода вытяжных вентиляционных шахт диаметром патрубка до 800 мм (МДС 81-36.2004 п.п.3.3.1.Демонтаж (разборка) внутренних санитарно-технических устройств (водопровода, газопровода, канализации, водостоков, отопления, вентиляции) ОЗП=0,4; ЭМ=0,4 к расх.; ЗПМ=0,4; МАТ=0 к расх.; ТЗ=0,4; ТЗМ=0,4) | D29: 10 узлов | E29: 0.1 | F29: 230.11 | G29: 222.04 | H29: 8.07 | I29: 0.22 | K29: 23 | L29: 22 | M29: 1 | O29: 18.49 | P29: 1.85
A30: 5 | B30: ТЕР20-01-002-08 Постан.Правит.Свердл.обл. от 10.11.10 №1616-ПП ДЕМОНТАЖ ВР лист 1 поз.5 | C30: Прокладка воздуховодов из листовой оцинкованной стали и алюминия класса П (плотные) толщиной 0,7 мм, диаметром до 800 мм (МДС 81-36.2004 п.п.3.3.1.Демонтаж (разборка) внутренних санитарно-технических устройств (водопровода, газопровода, канализации, водостоков, отопления, вентиляции) ОЗП=0,4; ЭМ=0,4 к расх.; ЗПМ=0,4; МАТ=0 к расх.; ТЗ=0,4; ТЗМ=0,4; 3.1Прокладка воздуховодов на высоте от пола, м: св. 8-ми до 10-ти ОЗП=1,22; ТЗ=1,22) | D30: 100 м2 поверхности воздуховодов | E30: 0.05 | F30: 663.8 | G30: 601.58 | H30: 62.22 | I30: 2.62 | K30: 33 | L30: 30 | M30: 3 | O30: 48.82 | P30: 2.44
A31: Раздел 2. ВI
A32: 6 | B32: ТЕР20-05-001-02 Постан.Правит.Свердл.обл. от 10.11.10 №1616-ПП лист 1 поз.2 | C32: Установка фильтров аэрозольных | D32: 1 м2 поверхности в свету | E32: 0.096 | F32: 378.69 | G32: 40.77 | H32: 18.66 | K32: 36 | L32: 4 | M32: 2 | O32: 3.19 | P32: 0.31
A33: 7 | B33: Цена поставщика МАТ прайс "Маяк" лист 1 поз.1 | C33: Фильтр аэрозольный ФПП-15-3,0 (Итого без НДС (МАТ=МАТ/1,18-МАТ); приведение к базисному уровню цен на материалы (МАТ=МАТ/5,73-МАТ)) | D33: шт. | E33: 1 | F33: 5999.05 | K33: 5999
A34: 8 | B34: ТЕРм12-10-001-01 Постан.Правит.Свердл.обл. от 10.11.10 №1616-ПП лист 1 поз.2 | C34: Бобышки, штуцеры на условное давление до 10 МПа | D34: 100 шт. | E34: 0.02 | F34: 3444.75 | G34: 886.17 | H34: 492.2 | K34: 69 | L34: 18 | M34: 10 | O34: 65.4 | P34: 1.31
A35: 9 | B35: ТСЦ-108-0081 Постан.Правит.Свердл.обл. от 10.11.10 №1616-ПП ИСКЛЮЧИТЬ | C35: Бобышки скошенные | D35: шт. | E35: -2 | F35: 9.4 | K35: -19
A36: 10 | B36: ТСЦ-301-3240 Постан.Правит.Свердл.обл. от 10.11.10 №1616-ПП ИСКЛЮЧИТЬ | C36: Колпачки-заглушки 1" | D36: шт. | E36: -2 | F36: 3.57 | K36: -7
A37: 11 | B37: ТСЦ-507-2630 Постан.Правит.Свердл.обл. от 10.11.10 №1616-ПП ИСКЛЮЧИТЬ | C37: Пробки П-М27х2 | D37: шт. | E37: -2 | F37: 5.4 | K37: -11
A38: 12 | B38: Калькуляция №04-12/2417 лист 1 поз.2 | C38: Штуцер для отбора проб 18017-0-0-1 (Итого без НДС (МАТ=МАТ/1,18-МАТ); приведение к базисному уровню цен на материалы (МАТ=МАТ/5,73-МАТ)) | D38: шт. | E38: 2 | F38: 4200.31 | K38: 8401
A39: 13 | B39: ТЕР20-02-008-02 Постан.Правит.Свердл.обл. от 10.11.10 №1616-ПП лист 1 поз.3 | C39: Установка отсосов бортовых | D39: 100 кг отсосов | E39: 0.7446 | F39: 124.84 | G39: 45.18 | H39: 15.28 | K39: 93 | L39: 34 | M39: 11 | O39: 3.41 | P39: 2.54
A40: 14 | B40: Калькуляция лист 1 поз.3 | C40: Бортовой отсос (Итого без НДС (МАТ=МАТ/1,18-МАТ); приведение к базисному уровню цен на материалы (МАТ=МАТ/5,73-МАТ)) | D40: шт. | E40: 6 | F40: 2662.17 | K40: 15973
A41: 15 | B41: Калькуляция №04-12/2419 лист 1 поз.4 | C41: Лючок для чистки воздуховода O250 А1К 149.000-04_x000D_ А9-58 (Итого без НДС (МАТ=МАТ/1,18-МАТ); приведение к базисному уровню цен на материалы (МАТ=МАТ/5,73-МАТ)) | D41: шт. | E41: 1 | F41: 6034.25 | K41: 6034
A42: 16 | B42: ТЕРм11-02-001-01 Постан.Правит.Свердл.обл. от 10.11.10 №1616-ПП лист 1 поз.5 | C42: Прибор, устанавливаемый на резьбовых соединениях, масса до 1,5 кг | D42: 1 шт. | E42: 1 | F42: 15.88 | G42: 14.39 | K42: 16 | L42: 14 | O42: 1.03 | P42: 1.03
A43: 17 | B43: Цена поставщика "Компания ТЕПЛОЛИДЕР" лист 1 поз.5 | C43: Дифманометр-тягомер мембранный показывающий ДТмМП-100-М1-У3-1,5-_x000D_ -10 кПа (Итого без НДС (МАТ=МАТ/1,18-МАТ); приведение к базисному уровню цен на материалы (МАТ=МАТ/5,73-МАТ)) | D43: 1 шт. | E43: 1 | F43: 258.82 | K43: 259
A44: 18 | B44: ТЕРм12-10-001-01 Постан.Правит.Свердл.обл. от 10.11.10 №1616-ПП Прим.лист 1 поз.6.1 | C44: Бобышки, штуцеры на условное давление до 10 МПа | D44: 100 шт. | E44: 0.02 | F44: 3444.75 | G44: 886.17 | H44: 492.2 | K44: 69 | L44: 18 | M44: 10 | O44: 65.4 | P44: 1.31
A45: 19 | B45: ТЕРм12-01-165-01 Постан.Правит.Свердл.обл. от 10.11.10 №1616-ПП Прим. лист 2 поз. 6.2, 6.3 | C45: Трубопровод из полиэтиленовых труб с применением готовых деталей, диаметр труб наружный 40-90 мм | D45: 100 м | E45: 0.04 | F45: 1722.64 | G45: 1476.95 | H45: 160.06 | I45: 2.91 | K45: 69 | L45: 59 | M45: 6 | O45: 109 | P45: 4.36
A46: 20 | B46: ТСЦ-101-2091 Постан.Правит.Свердл.обл. от 10.11.10 №1616-ПП Прим. лист 2 поз.6.2 | C46: Хомутик | D46: шт. | E46: 2 | F46: 7.2 | K46: 14
A47: 21 | B47: Цена поставщика "СКФ САМАРА" лист 2 поз.6.3 | C47: Трубка силиконовая O8х2,0 (Итого без НДС (МАТ=МАТ/1,18-МАТ); приведение к базисному уровню цен на материалы (МАТ=МАТ/5,73-МАТ)) | D47: 1 метр | E47: 4 | F47: 14.27 | K47: 57
A48: 22 | B48: ТЕР20-01-001-02 Постан.Правит.Свердл.обл. от 10.11.10 №1616-ПП лист 2 поз.9,11,12 лист 3 поз. 24 | C48: Прокладка воздуховодов из листовой, оцинкованной стали и алюминия класса Н (нормальные) толщиной 0,5 мм, периметром до 600 мм (3.3Прокладка воздуховодов класса Н и П из коррозионностойкой стали ОЗП=1,097; ТЗ=1,097) | D48: 100 м2 поверхности воздуховодов | E48: 0.0857 | F48: 3011.27 | G48: 2268.64 | H48: 170.31 | I48: 9.46 | K48: 258 | L48: 194 | M48: 15 | N48: 1 | O48: 184.14 | P48: 15.78
A49: 23 | B49: ТСЦ-301-8075 Постан.Правит.Свердл.обл. от 10.11.10 №1616-ПП Прим.лист 2 поз.9,11,12 лист 3 поз. 24 | C49: Воздуховоды из тонколистовой коррозионно-стойкой стали толщиной 0,8 мм, периметром до 640 мм | D49: м2 | E49: 8.57 | F49: 620 | K49: 5313
A50: 24 | B50: ТЕР20-01-001-03 Постан.Правит.Свердл.обл. от 10.11.10 №1616-ПП лист 2 поз. 13,14,15 лист 3 поз.25 | C50: Прокладка воздуховодов из листовой, оцинкованной стали и алюминия класса Н (нормальные) толщиной 0,5 мм, периметром 800, 1000 мм (3.3Прокладка воздуховодов класса Н и П из коррозионностойкой стали ОЗП=1,106; ТЗ=1,106) | D50: 100 м2 поверхности воздуховодов | E50: 0.073 | F50: 2802.24 | G50: 2094.17 | H50: 136.2 | I50: 7.46 | K50: 205 | L50: 153 | M50: 10 | N50: 1 | O50: 169.98 | P50: 12.41
A51: 25 | B51: ТСЦ-301-8076 Постан.Правит.Свердл.обл. от 10.11.10 №1616-ПП лист 2 поз. 13,14,15 лист 3 поз.25 | C51: Воздуховоды из тонколистовой коррозионно-стойкой стали толщиной 0,8 мм, периметром до 1000 мм | D51: м2 | E51: 7.3 | F51: 556 | K51: 4059
A52: 26 | B52: ТЕР20-01-001-04 Постан.Правит.Свердл.обл. от 10.11.10 №1616-ПП лист 2 поз.8,16, лист 3 поз.21 | C52: Прокладка воздуховодов из листовой, оцинкованной стали и алюминия класса Н (нормальные) толщиной 0,6 мм, диаметром до 250 мм (3.3Прокладка воздуховодов класса Н и П из коррозионностойкой стали ОЗП=1,097; ТЗ=1,097) | D52: 100 м2 поверхности воздуховодов | E52: 0.315 | F52: 3013.45 | G52: 2268.64 | H52: 172.49 | I52: 9.46 | K52: 949 | L52: 715 | M52: 54 | N52: 3 | O52: 184.14 | P52: 58
A53: 27 | B53: ТСЦ-301-8033 Постан.Правит.Свердл.обл. от 10.11.10 №1616-ПП лист 2 поз.8,16, лист 3 поз.21 | C53: Воздуховоды из тонколистовой коррозионно-стойкой стали толщиной 0,8 мм, диаметром до 500 мм | D53: м2 | E53: 31.54 | F53: 528 | K53: 16653
A54: 28 | B54: ТЕР20-01-002-04 Постан.Правит.Свердл.обл. от 10.11.10 №1616-ПП лист 2 поз.16 лист 3 поз.22 | C54: Прокладка воздуховодов из листовой оцинкованной стали и алюминия класса П (плотные) толщиной 0,6 мм, диаметром до 250 мм (3.3Прокладка воздуховодов класса Н и П из коррозионностойкой стали ОЗП=1,097; ТЗ=1,097) | D54: 100 м2 поверхности воздуховодов | E54: 0.1707 | F54: 5957.55 | G54: 2268.64 | H54: 172.49 | I54: 9.46 | K54: 1017 | L54: 387 | M54: 29 | N54: 2 | O54: 184.14 | P54: 31.43
A55: 29 | B55: ТСЦ-301-8036 Постан.Правит.Свердл.обл. от 10.11.10 №1616-ПП лист 2 поз.16 лист 3 поз.22 | C55: Воздуховоды из тонколистовой коррозионно-стойкой стали толщиной 1,0 мм, диаметром до 500 мм | D55: м2 | E55: 17.07 | F55: 612 | K55: 10447
A56: 30 | B56: ТЕРм08-02-472-10 Постан.Правит.Свердл.обл. от 10.11.10 №1616-ПП лист 3 поз. 27 | C56: Проводник заземляющий из медного изолированного провода сечением 25 мм2 открыто по строительным основаниям | D56: 100 м | E56: 0.35 | F56: 4732.43 | G56: 617.45 | H56: 45.38 | I56: 0.55 | K56: 1656 | L56: 216 | M56: 16 | O56: 46.6 | P56: 16.31
A57: 31 | B57: ТСЦ-506-0855 Постан.Правит.Свердл.обл. от 10.11.10 №1616-ПП лист 3 поз. 27 | C57: Проволока медная круглая электротехническая ММ (мягкая) диаметром 1,0-3,0 мм и выше | D57: т | E57: 0.00385 | F57: 40299 | K57: 155
A58: 32 | B58: ТЕР20-02-019-01 Постан.Правит.Свердл.обл. от 10.11.10 №1616-ПП лист 3 поз. 29 | C58: Установка кронштейнов под вентиляционное оборудование | D58: 100 кг изделия | E58: 0.138 | F58: 1155.74 | G58: 77.9 | H58: 14.44 | K58: 159 | L58: 11 | M58: 2 | O58: 6.02 | P58: 0.83
A59: 33 | B59: ТЕР26-01-054-02 Постан.Правит.Свердл.обл. от 10.11.10 №1616-ПП Прим.лист 4 поз. 30 | C59: Оклеивание поверхности изоляции рулонными материалами на битумной мастике | D59: 100 м2 поверхности покрытия изоляции | E59: 0.205 | F59: 2352.09 | G59: 574.42 | H59: 54.41 | K59: 482 | L59: 118 | M59: 11 | O59: 47.2 | P59: 9.68
A60: 34 | B60: ТСЦ-101-0612 Постан.Правит.Свердл.обл. от 10.11.10 №1616-ПП ИСКЛЮЧИТЬ | C60: Мастика клеящая морозостойкая битумно-масляная МБ-50 | D60: т | E60: -0.0369 | F60: 3321.83 | K60: -123
A61: 35 | B61: ТСЦ-101-1794 Постан.Правит.Свердл.обл. от 10.11.10 №1616-ПП ИСКЛЮЧИТЬ | C61: Бризол | D61: 1000 м2 | E61: -0.0236 | F61: 6188 | K61: -146
A62: 36 | B62: Цена поставщика "Скайнет: РБС" Компьютерная справочная система лист 4 поз. 30.1 | C62: МБОР-5Ф (Итого без НДС (МАТ=МАТ/1,18-МАТ); приведение к базисному уровню цен на материалы (МАТ=МАТ/5,73-МАТ)) | D62: м2 | E62: 23.6 | F62: 36.38 | K62: 859
A63: 37 | B63: Цена поставщика "Скайнет: РБС" Компьютерная справочная система лист 4 поз. 30.2 | C63: Огнезащитный состав Плазас (Итого без НДС (МАТ=МАТ/1,18-МАТ); приведение к базисному уровню цен на материалы (МАТ=МАТ/5,73-МАТ)) | D63: кг | E63: 22.3 | F63: 9.02 | K63: 201
A64: 38 | B64: ТСЦ-301-0477 Постан.Правит.Свердл.обл. от 10.11.10 №1616-ПП Прим. лист 4 поз.31 | C64: Крепления для воздуховодов тяги СТД 6328, СТД 6327 | D64: т | E64: 0.255 | F64: 12914.61 | K64: 3293
A65: Раздел 3. ВII
A66: 39 | B66: ТЕР20-05-001-02 Постан.Правит.Свердл.обл. от 10.11.10 №1616-ПП лист 5 поз. 40 | C66: Установка фильтров аэрозольных | D66: 1 м2 поверхности в свету | E66: 0.096 | F66: 378.69 | G66: 40.77 | H66: 18.66 | K66: 36 | L66: 4 | M66: 2 | O66: 3.19 | P66: 0.31
A67: 40 | B67: Цена поставщика МАТ прайс "Маяк" лист 5 поз. 40 | C67: Фильтр аэрозольный ФПП-15-3,0 (Итого без НДС (МАТ=МАТ/1,18-МАТ); приведение к базисному уровню цен на материалы (МАТ=МАТ/5,73-МАТ)) | D67: шт. | E67: 1 | F67: 5999.05 | K67: 5999
A68: 41 | B68: ТЕР20-02-006-02 Постан.Правит.Свердл.обл. от 10.11.10 №1616-ПП лист 5 поз. 41,42 | C68: Установка заслонок воздушных и клапанов воздушных КВР с электрическим или пневматическим приводом диаметром до 355 мм | D68: 1 шт. | E68: 2 | F68: 38.44 | G68: 23.24 | H68: 2.24 | K68: 77 | L68: 46 | M68: 4 | O68: 1.84 | P68: 3.68
A69: 42 | B69: Цена поставщика Коммерческое предложение ООО "ВЕЗА" лист 5 поз. 41 | C69: Клапан НЕРПА-280-УХЛЗ-Р-К-2000 (Итого без НДС (МАТ=МАТ/1,18-МАТ); приведение к базисному уровню цен на материалы (МАТ=МАТ/5,73-МАТ)) | D69: шт. | E69: 1 | F69: 11611.2 | K69: 11611
A70: 43 | B70: Цена поставщика Коммерческое предложение ООО "ВЕЗА" лист 5 поз. 42 | C70: Клапан НЕРПА-315-УХЛЗ-Р-К-2000 (Итого без НДС (МАТ=МАТ/1,18-МАТ); приведение к базисному уровню цен на материалы (МАТ=МАТ/5,73-МАТ)) | D70: шт. | E70: 1 | F70: 11611.2 | K70: 11611
A71: 44 | B71: ТЕР20-02-008-01 Постан.Правит.Свердл.обл. от 10.11.10 №1616-ПП лист 5 поз. 43 | C71: Установка отсосов от оборудования | D71: 100 кг отсосов | E71: 0.0402 | F71: 76.62 | G71: 52.6 | H71: 10.92 | K71: 3 | L71: 2 | O71: 3.97 | P71: 0.16
A72: 45 | B72: Калькуляция лист 5 поз. 43 | C72: Отсос (Итого без НДС (МАТ=МАТ/1,18-МАТ); приведение к базисному уровню цен на материалы (МАТ=МАТ/5,73-МАТ)) | D72: шт. | E72: 1 | F72: 3238.97 | K72: 3239
A73: 46 | B73: ТЕР20-02-018-01 Постан.Правит.Свердл.обл. от 10.11.10 №1616-ПП Прим. лист 5 поз. 44 | C73: Установка вставок гибких к радиальным вентиляторам | D73: 1 м2 | E73: 1.979 | F73: 77.27 | G73: 70.84 | H73: 1.09 | K73: 153 | L73: 140 | M73: 2 | O73: 5.75 | P73: 11.38
A74: 47 | B74: Цена поставщика Коммерческое предложение №ек1724 лист 5 поз. 44 | C74: Шланг ПВХ O315 Master-PVC H-F (Итого без НДС (МАТ=МАТ/1,18-МАТ); приведение к базисному уровню цен на материалы (МАТ=МАТ/5,73-МАТ)) | D74: м | E74: 2 | F74: 1313.12 | K74: 2626
A75: 48 | B75: ТЕР20-02-009-05 Постан.Правит.Свердл.обл. от 10.11.10 №1616-ПП лист 5 поз. 45 | C75: Установка зонтов над шахтами из листовой стали круглого сечения диаметром 450 мм | D75: 1 зонт | E75: 1 | F75: 20.4 | G75: 12.94 | H75: 2.26 | K75: 20 | L75: 13 | M75: 2 | O75: 1 | P75: 1
A76: 49 | B76: ТСЦ-301-8036 Постан.Правит.Свердл.обл. от 10.11.10 №1616-ПП Прим. Зонты вентиляционных систем круглые, диаметром шахты 450 мм | C76: Воздуховоды из тонколистовой коррозионно-стойкой стали толщиной 1,0 мм, диаметром до 500 мм | D76: м2 | E76: 0.949 | F76: 612 | K76: 581
A77: 50 | B77: ТЕР20-02-013-03 Постан.Правит.Свердл.обл. от 10.11.10 №1616-ПП лист 5 поз. 46 лист 6 поз. 48,49 | C77: Установка узлов прохода вытяжных вентиляционных шахт диаметром патрубка до 560 мм | D77: 10 узлов | E77: 0.1 | F77: 573.49 | G77: 437.28 | H77: 12.96 | K77: 57 | L77: 44 | M77: 1 | O77: 36.41 | P77: 3.64
A78: 51 | B78: ТСЦ-101-3759 Постан.Правит.Свердл.обл. от 10.11.10 №1616-ПП Прим. лист 4 поз. 46:; лист 5 поз. 48, 49 Узлы прохода вытяжных вентиляционных шахт | C78: Сталь листовая нержавеющая, марка 12Х18Н10Т, толщиной 1,0-1,5 мм | D78: т | E78: 0.08785 | F78: 41099 | K78: 3611
A79: 52 | B79: ТЕРм12-10-001-01 Постан.Правит.Свердл.обл. от 10.11.10 №1616-ПП лист 6 поз.50 | C79: Бобышки, штуцеры на условное давление до 10 МПа | D79: 100 шт. | E79: 0.02 | F79: 3444.75 | G79: 886.17 | H79: 492.2 | K79: 69 | L79: 18 | M79: 10 | O79: 65.4 | P79: 1.31
A80: 53 | B80: ТСЦ-108-0081 Постан.Правит.Свердл.обл. от 10.11.10 №1616-ПП ИСКЛЮЧИТЬ | C80: Бобышки скошенные | D80: шт. | E80: -2 | F80: 9.4 | K80: -19
A81: 54 | B81: ТСЦ-301-3240 Постан.Правит.Свердл.обл. от 10.11.10 №1616-ПП ИСКЛЮЧИТЬ | C81: Колпачки-заглушки 1" | D81: шт. | E81: -2 | F81: 3.57 | K81: -7
A82: 55 | B82: ТСЦ-507-2630 Постан.Правит.Свердл.обл. от 10.11.10 №1616-ПП ИСКЛЮЧИТЬ | C82: Пробки П-М27х2 | D82: шт. | E82: -2 | F82: 5.4 | K82: -11
A83: 56 | B83: Калькуляция №04-12/2418 лист 6 поз.50 | C83: Штуцер для отбора проб 18017-0-0-2 (Итого без НДС (МАТ=МАТ/1,18-МАТ); приведение к базисному уровню цен на материалы (МАТ=МАТ/5,73-МАТ)) | D83: шт. | E83: 2 | F83: 4377.79 | K83: 8756
A84: 57 | B84: Калькуляция №04-12/2420 лист 6 поз.52 | C84: Лючок для чистки воздуховода O315 А1К 149.000-05_x000D_ А9-58 (Итого без НДС (МАТ=МАТ/1,18-МАТ); приведение к базисному уровню цен на материалы (МАТ=МАТ/5,73-МАТ)) | D84: шт. | E84: 1 | F84: 6034.25 | K84: 6034
A85: 58 | B85: ТЕРм11-02-001-01 Постан.Правит.Свердл.обл. от 10.11.10 №1616-ПП лист 6 поз.53 | C85: Прибор, устанавливаемый на резьбовых соединениях, масса до 1,5 кг | D85: 1 шт. | E85: 1 | F85: 15.88 | G85: 14.39 | K85: 16 | L85: 14 | O85: 1.03 | P85: 1.03
A86: 59 | B86: Цена поставщика "Компания ТЕПЛОЛИДЕР" лист 6 поз.53 | C86: Дифманометр-тягомер мембранный показывающий ДТмМП-100-М1-У3-1,5-_x000D_ -10 кПа (Итого без НДС (МАТ=МАТ/1,18-МАТ); приведение к базисному уровню цен на материалы (МАТ=МАТ/5,73-МАТ)) | D86: 1 шт. | E86: 1 | F86: 258.82 | K86: 259
A87: 60 | B87: ТЕРм12-10-001-01 Постан.Правит.Свердл.обл. от 10.11.10 №1616-ПП лист 6 поз.54 | C87: Бобышки, штуцеры на условное давление до 10 МПа | D87: 100 шт. | E87: 0.02 | F87: 3444.75 | G87: 886.17 | H87: 492.2 | K87: 69 | L87: 18 | M87: 10 | O87: 65.4 | P87: 1.31
A88: 61 | B88: ТЕРм12-01-165-01 Постан.Правит.Свердл.обл. от 10.11.10 №1616-ПП Прим. лист 6 поз. 54.2, 54.3 | C88: Трубопровод из полиэтиленовых труб с применением готовых деталей, диаметр труб наружный 40-90 мм | D88: 100 м | E88: 0.04 | F88: 1722.64 | G88: 1476.95 | H88: 160.06 | I88: 2.91 | K88: 69 | L88: 59 | M88: 6 | O88: 109 | P88: 4.36
A89: 62 | B89: ТСЦ-101-2091 Постан.Правит.Свердл.обл. от 10.11.10 №1616-ПП Прим. лист 6 поз.54.2 | C89: Хомутик | D89: шт. | E89: 2 | F89: 7.2 | K89: 14
A90: 63 | B90: Цена поставщика "СКФ САМАРА" лист 6 поз.54.3 | C90: Трубка силиконовая O8х2,0 (Итого без НДС (МАТ=МАТ/1,18-МАТ); приведение к базисному уровню цен на материалы (МАТ=МАТ/5,73-МАТ)) | D90: 1 метр | E90: 4 | F90: 14.27 | K90: 57
A91: 64 | B91: ТЕР20-01-001-01 Постан.Правит.Свердл.обл. от 10.11.10 №1616-ПП лист 7 поз.57, лист 8 поз.67 | C91: Прокладка воздуховодов из листовой, оцинкованной стали и алюминия класса Н (нормальные) толщиной 0,5 мм, диаметром до 200 мм (3.3Прокладка воздуховодов класса Н и П из коррозионностойкой стали ОЗП=1,097; ТЗ=1,097) | D91: 100 м2 поверхности воздуховодов | E91: 0.07024 | F91: 3011.27 | G91: 2268.64 | H91: 170.31 | I91: 9.46 | K91: 212 | L91: 159 | M91: 12 | N91: 1 | O91: 184.14 | P91: 12.93
A92: 65 | B92: ТСЦ-301-8033 Постан.Правит.Свердл.обл. от 10.11.10 №1616-ПП лист 7 поз.57, лист 8 поз.67 | C92: Воздуховоды из тонколистовой коррозионно-стойкой стали толщиной 0,8 мм, диаметром до 500 мм | D92: м2 | E92: 7.024 | F92: 528 | K92: 3709
A93: 66 | B93: ТЕР20-01-001-05 Постан.Правит.Свердл.обл. от 10.11.10 №1616-ПП лист 6 поз. 51, лист 7 поз.55,56,58,59, лист 8 поз.68 | C93: Прокладка воздуховодов из листовой, оцинкованной стали и алюминия класса Н (нормальные) толщиной 0,6 мм, диаметром до 355 мм (3.3Прокладка воздуховодов класса Н и П из коррозионностойкой стали ОЗП=1,106; ТЗ=1,106; 3.1Прокладка воздуховодов на высоте от пола, м: св. 5-ти до 8-ми ОЗП=1,16; ТЗ=1,16) | D93: 100 м2 поверхности воздуховодов | E93: 0.4885 | F93: 3073.75 | G93: 2429.24 | H93: 139.84 | I93: 7.83 | K93: 1502 | L93: 1187 | M93: 68 | N93: 4 | O93: 197.18 | P93: 96.32
A94: 67 | B94: ТСЦ-301-8033 Постан.Правит.Свердл.обл. от 10.11.10 №1616-ПП лист 6 поз. 51, лист 7 поз.55,56,58,59, лист 8 поз.68 | C94: Воздуховоды из тонколистовой коррозионно-стойкой стали толщиной 0,8 мм, диаметром до 500 мм | D94: м2 | E94: 48.85 | F94: 528 | K94: 25793
A95: 68 | B95: ТЕР20-01-002-05 Постан.Правит.Свердл.обл. от 10.11.10 №1616-ПП лист 7 поз.61, лист 8 поз.69 | C95: Прокладка воздуховодов из листовой оцинкованной стали и алюминия класса П (плотные) толщиной 0,6 мм, диаметром до 355 мм (3.3Прокладка воздуховодов класса Н и П из коррозионностойкой стали ОЗП=1,097; ТЗ=1,097) | D95: 100 м2 поверхности воздуховодов | E95: 0.2114 | F95: 4983.04 | G95: 2077.13 | H95: 139.84 | I95: 7.83 | K95: 1053 | L95: 439 | M95: 30 | N95: 2 | O95: 168.6 | P95: 35.64
A96: 69 | B96: ТСЦ-301-8036 Постан.Правит.Свердл.обл. от 10.11.10 №1616-ПП лист 7 поз.61, лист 8 поз.69 | C96: Воздуховоды из тонколистовой коррозионно-стойкой стали толщиной 1,0 мм, диаметром до 500 мм | D96: м2 | E96: 21.14 | F96: 612 | K96: 12938
A97: 70 | B97: ТЕР20-01-002-06 Постан.Правит.Свердл.обл. от 10.11.10 №1616-ПП лист 7 поз.62,63, лист 8 поз.70 | C97: Прокладка воздуховодов из листовой оцинкованной стали и алюминия класса П (плотные) толщиной 0,6 мм, диаметром до 450 мм (3.3Прокладка воздуховодов класса Н и П из коррозионностойкой стали ОЗП=1,097; ТЗ=1,097; 3.1Прокладка воздуховодов на высоте от пола, м: св. 8-ми до 10-ти ОЗП=1,22; ТЗ=1,22) | D97: 100 м2 поверхности воздуховодов | E97: 0.0409 | F97: 4408.27 | G97: 2192.62 | H97: 127.29 | I97: 6.92 | K97: 180 | L97: 90 | M97: 5 | O97: 177.97 | P97: 7.28
A98: 71 | B98: ТСЦ-301-8036 Постан.Правит.Свердл.обл. от 10.11.10 №1616-ПП лист 7 поз.62 | C98: Воздуховоды из тонколистовой коррозионно-стойкой стали толщиной 1,0 мм, диаметром до 500 мм | D98: м2 | E98: 1.413 | F98: 612 | K98: 865
A99: 72 | B99: ТСЦ-301-8049 Постан.Правит.Свердл.обл. от 10.11.10 №1616-ПП лист 7 поз.63, лист 8 поз.70 | C99: Воздуховоды из тонколистовой коррозионно-стойкой стали толщиной 1,4 мм, диаметром до 500 мм | D99: м2 | E99: 2.679 | F99: 852 | K99: 2283
A100: 73 | B100: ТЕР20-02-006-01 Постан.Правит.Свердл.обл. от 10.11.10 №1616-ПП лист 7 поз.64 | C100: Установка заслонок воздушных и клапанов воздушных КВР с электрическим или пневматическим приводом диаметром до 250 мм | D100: 1 шт. | E100: 1 | F100: 39.9 | G100: 20.59 | H100: 2.09 | K100: 40 | L100: 21 | M100: 2 | O100: 1.63 | P100: 1.63
A101: 74 | B101: Цена поставщика Коммерческое предложение ООО "ВЕЗА" лист 7 поз.64 | C101: Клапан НЕРПА-250-УХЛЗ-1*SM230-А-К-2000 (Итого без НДС (МАТ=МАТ/1,18-МАТ); приведение к базисному уровню цен на материалы (МАТ=МАТ/5,73-МАТ)) | D101: шт. | E101: 1 | F101: 12437.07 | K101: 12437
A102: 75 | B102: ТЕРм08-02-472-10 Постан.Правит.Свердл.обл. от 10.11.10 №1616-ПП лист 8 поз. 73 | C102: Проводник заземляющий из медного изолированного провода сечением 25 мм2 открыто по строительным основаниям | D102: 100 м | E102: 0.16 | F102: 4732.43 | G102: 617.45 | H102: 45.38 | I102: 0.55 | K102: 757 | L102: 99 | M102: 7 | O102: 46.6 | P102: 7.46
A103: 76 | B103: ТСЦ-506-0855 Постан.Правит.Свердл.обл. от 10.11.10 №1616-ПП лист 8 поз. 73 | C103: Проволока медная круглая электротехническая ММ (мягкая) диаметром 1,0-3,0 мм и выше | D103: т | E103: 0.00176 | F103: 40299 | K103: 71
A104: 77 | B104: ТЕР26-01-054-02 Постан.Правит.Свердл.обл. от 10.11.10 №1616-ПП лист 8 поз. 75 | C104: Оклеивание поверхности изоляции рулонными материалами на битумной мастике | D104: 100 м2 поверхности покрытия изоляции | E104: 0.25 | F104: 2352.09 | G104: 574.42 | H104: 54.41 | K104: 588 | L104: 144 | M104: 14 | O104: 47.2 | P104: 11.8
A105: 78 | B105: ТСЦ-101-0612 Постан.Правит.Свердл.обл. от 10.11.10 №1616-ПП ИСКЛЮЧИТЬ | C105: Мастика клеящая морозостойкая битумно-масляная МБ-50 | D105: т | E105: -0.045 | F105: 3321.83 | K105: -149
A106: 79 | B106: ТСЦ-101-1794 Постан.Правит.Свердл.обл. от 10.11.10 №1616-ПП ИСКЛЮЧИТЬ | C106: Бризол | D106: 1000 м2 | E106: -0.0288 | F106: 6188 | K106: -178
...

Sheet 04-40697-0-0-ЭМ.ЛС
A1: СОГЛАСОВАНО: | M1: УТВЕРЖДАЮ:
A4: _________________ | M4: _________________
A5: " _____ " ________________ 2014 г. | M5: "______ " _______________2014 г.
G7: (наименование стройки)
G9: ЛОКАЛЬНЫЙ СМЕТНЫЙ РАСЧЕТ № 04-40697-0-0-ЭМ.ЛС
G10: (локальная смета)
C12: на | D12: Силовое электрооборудование
G13: (наименование работ и затрат, наименование объекта)
D15: Основание: РД 04-40697-0-0-ЭМ
D16: Сметная стоимость _______________________________________________________________________________________________ | J16: ___________________________67,118 | L16: тыс. руб.
D17: строительных работ _______________________________________________________________________________________________ | J17: _______________________________________________________________________________________________7,433 | L17: тыс. руб.
D18: монтажных работ _______________________________________________________________________________________________ | J18: _______________________________________________________________________________________________39,535 | L18: тыс. руб.
D19: оборудования _______________________________________________________________________________________________ | J19: _______________________________________________________________________________________________20,150 | L19: тыс. руб.
D20: Средства на оплату труда _______________________________________________________________________________________________ | J20: ___________________________7,161 | L20: тыс. руб.
D21: Сметная трудоемкость _______________________________________________________________________________________________ | J21: _______________________________________________________________________________________________430,02 | L21: чел.час
D22: Составлен(а) в текущих (прогнозных) ценах по состоянию на ______________
A25: № пп | B25: Обосно- вание | C25: Наименование | D25: Ед. изм. | E25: Кол. | F25: Стоимость единицы, руб. | J25: Общая стоимость, руб. | O25: Т/з осн. раб.на ед. | P25: Т/з осн. раб. Всего | Q25: Общая масса обору-дования, т
F26: Всего | G26: В том числе | J26: Обору- дование | K26: Всего | L26: В том числе
G27: Осн.З/п | H27: Эк.Маш | I27: З/пМех | L27: Осн.З/п | M27: Эк.Маш | N27: З/пМех
A28: 1 | B28: 2 | C28: 3 | D28: 4 | E28: 5 | F28: 6 | G28: 7 | H28: 8 | I28: 9 | J28: 10 | K28: 11 | L28: 12 | M28: 13 | N28: 14 | O28: 15 | P28: 16 | Q28: 17
A29: Раздел 1. Электрооборудование
A30: 1 О | B30: ООО"РОСЭК" Сч.№ Р8-00016723 от 01.10.2014 г. Спф. л.1, п. 1 | C30: Шкаф ШУВ-ВI/1,_x000D_ габаритом (ШхГхВ) (650х285х1000) мм (Итого без НДС (ПЗ=ПЗ/1,18-ПЗ); приведение к базисному уровню цен на оборудование, мебель, инвентарь (ПЗ=ПЗ/4,48-ПЗ); Расходы на комплектацию оборудования - согласно п.4.63 из МДС 81-35.2004 ПЗ=1% (ОЗП=1%; ЭМ=1%; МАТ=1%); Транспортные расходы - согласно п.4.60 из МДС 81-35.2004 ПЗ=3% (ОЗП=3%; ЭМ=3%; МАТ=3%); Заготовительно-складские расходы - согласно п.4.64 из МДС 81-35.2004 ПЗ=1,2% (ОЗП=1,2%; ЭМ=1,2%; МАТ=1,2%)) | D30: 1 шт. | E30: 1 | F30: 5908.82 | J30: 5909 | K30: 5909
A31: 2 О | B31: ООО"РОСЭК" Сч.№ Р8-00016723 от 01.10.2014 г. Спф. л.1, п. 1 | C31: Шкаф ШУВ-ВI/2,_x000D_ габаритом (ШхГхВ) (650х285х1000) мм (Итого без НДС (ПЗ=ПЗ/1,18-ПЗ); приведение к базисному уровню цен на оборудование, мебель, инвентарь (ПЗ=ПЗ/4,48-ПЗ); Расходы на комплектацию оборудования - согласно п.4.63 из МДС 81-35.2004 ПЗ=1% (ОЗП=1%; ЭМ=1%; МАТ=1%); Транспортные расходы - согласно п.4.60 из МДС 81-35.2004 ПЗ=3% (ОЗП=3%; ЭМ=3%; МАТ=3%); Заготовительно-складские расходы - согласно п.4.64 из МДС 81-35.2004 ПЗ=1,2% (ОЗП=1,2%; ЭМ=1,2%; МАТ=1,2%)) | D31: 1 шт. | E31: 1 | F31: 5908.82 | J31: 5909 | K31: 5909
A32: 3 | B32: ТЕРм08-03-572-04 Постан.Правит.Свердл.обл. от 10.11.10 №1616-ПП Спф. л.1, п. 1 | C32: Блок управления шкафного исполнения или распределительный пункт (шкаф), устанавливаемый на стене, высота и ширина до 1200х1000 мм | D32: 1 шт. | E32: 2 | F32: 555.09 | G32: 48.76 | H32: 95.07 | I32: 5.28 | K32: 1110 | L32: 98 | M32: 190 | N32: 11 | O32: 3.49 | P32: 6.98
A33: 4 О | B33: ООО"РОСЭК" Сч.№ Р8-00016723 от 01.10.2014 г. Спф. л.1, п. 2 | C33: Шкаф ШУВ-ВII, IР54,_x000D_ габаритом (ШхГхВ) (650х250х800) мм (Итого без НДС (ПЗ=ПЗ/1,18-ПЗ); приведение к базисному уровню цен на оборудование, мебель, инвентарь (ПЗ=ПЗ/4,48-ПЗ); Расходы на комплектацию оборудования - согласно п.4.63 из МДС 81-35.2004 ПЗ=1% (ОЗП=1%; ЭМ=1%; МАТ=1%); Транспортные расходы - согласно п.4.60 из МДС 81-35.2004 ПЗ=3% (ОЗП=3%; ЭМ=3%; МАТ=3%); Заготовительно-складские расходы - согласно п.4.64 из МДС 81-35.2004 ПЗ=1,2% (ОЗП=1,2%; ЭМ=1,2%; МАТ=1,2%)) | D33: 1 шт. | E33: 1 | F33: 4887.69 | J33: 4888 | K33: 4888
A34: 5 | B34: ТЕРм08-03-572-04 Постан.Правит.Свердл.обл. от 10.11.10 №1616-ПП Спф. л.1, п. 2 | C34: Блок управления шкафного исполнения или распределительный пункт (шкаф), устанавливаемый на стене, высота и ширина до 1200х1000 мм | D34: 1 шт. | E34: 1 | F34: 555.09 | G34: 48.76 | H34: 95.07 | I34: 5.28 | K34: 555 | L34: 49 | M34: 95 | N34: 5 | O34: 3.49 | P34: 3.49
A35: 6 О | B35: ООО"РОСЭК" Сч.№ Р8-00014038 от 21.08.2014 г. Спф. л.1, п. 3 (прим.) | C35: Шкаф АВР, IP31,_x000D_ габаритом (ШхГхВ) (500х400х600) мм (Итого без НДС (ПЗ=ПЗ/1,18-ПЗ); приведение к базисному уровню цен на оборудование, мебель, инвентарь (ПЗ=ПЗ/4,48-ПЗ); Расходы на комплектацию оборудования - согласно п.4.63 из МДС 81-35.2004 ПЗ=1% (ОЗП=1%; ЭМ=1%; МАТ=1%); Транспортные расходы - согласно п.4.60 из МДС 81-35.2004 ПЗ=3% (ОЗП=3%; ЭМ=3%; МАТ=3%); Заготовительно-складские расходы - согласно п.4.64 из МДС 81-35.2004 ПЗ=1,2% (ОЗП=1,2%; ЭМ=1,2%; МАТ=1,2%)) | D35: 1 шт. | E35: 1 | F35: 1860.83 | J35: 1861 | K35: 1861
A36: 7 | B36: ТЕРм08-03-572-03 Постан.Правит.Свердл.обл. от 10.11.10 №1616-ПП Спф. л.1, п. 3 | C36: Блок управления шкафного исполнения или распределительный пункт (шкаф), устанавливаемый на стене, высота и ширина до 600х600 мм | D36: 1 шт. | E36: 1 | F36: 316.86 | G36: 32.41 | H36: 36.13 | I36: 1.82 | K36: 317 | L36: 32 | M36: 36 | N36: 2 | O36: 2.32 | P36: 2.32
A37: 8 О | B37: ООО"РОСЭК" Сч.№ Р8-00016723 от 01.10.2014 г. Спф. л.1, п. 4 | C37: Пост сигнализации ПС(ВI), IР54,_x000D_ габаритом (ШхГхВ) (210х150х300) мм (Итого без НДС (ПЗ=ПЗ/1,18-ПЗ); приведение к базисному уровню цен на оборудование, мебель, инвентарь (ПЗ=ПЗ/4,48-ПЗ); Расходы на комплектацию оборудования - согласно п.4.63 из МДС 81-35.2004 ПЗ=1% (ОЗП=1%; ЭМ=1%; МАТ=1%); Транспортные расходы - согласно п.4.60 из МДС 81-35.2004 ПЗ=3% (ОЗП=3%; ЭМ=3%; МАТ=3%); Заготовительно-складские расходы - согласно п.4.64 из МДС 81-35.2004 ПЗ=1,2% (ОЗП=1,2%; ЭМ=1,2%; МАТ=1,2%)) | D37: 1 шт. | E37: 1 | F37: 1583.38 | J37: 1583 | K37: 1583
A38: 9 | B38: ТЕРм08-03-572-03 Постан.Правит.Свердл.обл. от 10.11.10 №1616-ПП Спф. л.1, п. 4 | C38: Блок управления шкафного исполнения или распределительный пункт (шкаф), устанавливаемый на стене, высота и ширина до 600х600 мм | D38: 1 шт. | E38: 1 | F38: 316.86 | G38: 32.41 | H38: 36.13 | I38: 1.82 | K38: 317 | L38: 32 | M38: 36 | N38: 2 | O38: 2.32 | P38: 2.32
A39: 10 | B39: ТЕРм08-03-532-05 Постан.Правит.Свердл.обл. от 10.11.10 №1616-ПП Спф. л.2, п. 9 | C39: Пост управления кнопочный общего назначения, устанавливаемый на конструкции на стене или колонне, количество элементов поста до 6 | D39: 1 шт. | E39: 1 | F39: 132.94 | G39: 31.76 | H39: 1.28 | K39: 133 | L39: 32 | M39: 1 | O39: 2.37 | P39: 2.37
A40: 11 | B40: ТЕРм08-03-545-01 Постан.Правит.Свердл.обл. от 10.11.10 №1616-ПП Спф. л.2, п. 10 | C40: Коробка (ящик) с зажимами для кабелей и проводов сечением до 6 мм2, устанавливаемая на конструкции на стене или колонне, количество зажимов до 10 | D40: 1 шт. | E40: 4 | F40: 160.78 | G40: 43.86 | H40: 2.36 | K40: 643 | L40: 175 | M40: 9 | O40: 3.31 | P40: 13.24
A41: 12 | B41: ТЕРм08-02-472-10 Постан.Правит.Свердл.обл. от 10.11.10 №1616-ПП Спф. л.3, п. 20 | C41: Проводник заземляющий из медного изолированного провода сечением 25 мм2 открыто по строительным основаниям | D41: 100 м | E41: 0.6 | F41: 4732.43 | G41: 617.45 | H41: 45.38 | I41: 0.55 | K41: 2839 | L41: 370 | M41: 27 | O41: 46.6 | P41: 27.96
A42: 13 | B42: ТЕРм08-02-146-01 Постан.Правит.Свердл.обл. от 10.11.10 №1616-ПП Спф. л.3, п. 21 | C42: Кабель до 35 кВ с креплением накладными скобами, масса 1 м кабеля до 0,5 кг (1.8.3.ОППри производстве работ на высоте свыше расстояний, указанных в вводных указаниях к разделам сборника: при высоте свыше 2 до 8 м ОЗП=1,05; ТЗ=1,05) | D42: 100 м кабеля | E42: 0.6762 | F42: 2838.69 | G42: 209.15 | H42: 1292.95 | I42: 147.72 | K42: 1920 | L42: 141 | M42: 874 | N42: 100 | O42: 15.44 | P42: 10.44
A43: 14 | B43: ТЕРм08-02-148-01 Постан.Правит.Свердл.обл. от 10.11.10 №1616-ПП Спф. л.3, п. 21 | C43: Кабель до 35 кВ в проложенных трубах, блоках и коробах, масса 1 м кабеля до 1 кг (1.8.3.ОППри производстве работ на высоте свыше расстояний, указанных в вводных указаниях к разделам сборника: при высоте свыше 2 до 8 м ОЗП=1,05; ТЗ=1,05) | D43: 100 м кабеля | E43: 1.96 | F43: 807.24 | G43: 176.42 | H43: 544.81 | I43: 57.87 | K43: 1582 | L43: 346 | M43: 1068 | N43: 113 | O43: 13.02 | P43: 25.52
A44: 15 | B44: ТЕРм08-02-147-01 Постан.Правит.Свердл.обл. от 10.11.10 №1616-ПП Спф. л.3, п. 22 | C44: Кабель до 35 кВ по установленным конструкциям и лоткам с креплением на поворотах и в конце трассы, масса 1 м кабеля до 1 кг (1.8.3.ОППри производстве работ на высоте свыше расстояний, указанных в вводных указаниях к разделам сборника: при высоте свыше 2 до 8 м ОЗП=1,05; ТЗ=1,05) | D44: 100 м кабеля | E44: 0.4018 | F44: 813.92 | G44: 165.04 | H44: 456.3 | I44: 50.35 | K44: 327 | L44: 66 | M44: 183 | N44: 20 | O44: 12.18 | P44: 4.89
A45: 16 | B45: ТЕРм08-02-146-01 Постан.Правит.Свердл.обл. от 10.11.10 №1616-ПП Спф. л.3, п. 23 | C45: Кабель до 35 кВ с креплением накладными скобами, масса 1 м кабеля до 0,5 кг (1.8.3.ОППри производстве работ на высоте свыше расстояний, указанных в вводных указаниях к разделам сборника: при высоте свыше 2 до 8 м ОЗП=1,05; ТЗ=1,05) | D45: 100 м кабеля | E45: 0.8134 | F45: 2838.69 | G45: 209.15 | H45: 1292.95 | I45: 147.72 | K45: 2309 | L45: 170 | M45: 1052 | N45: 120 | O45: 15.44 | P45: 12.56
A46: 17 | B46: ТЕРм08-02-147-01 Постан.Правит.Свердл.обл. от 10.11.10 №1616-ПП Спф. л.3, п. 24, 25 | C46: Кабель до 35 кВ по установленным конструкциям и лоткам с креплением на поворотах и в конце трассы, масса 1 м кабеля до 1 кг (1.8.3.ОППри производстве работ на высоте свыше расстояний, указанных в вводных указаниях к разделам сборника: при высоте свыше 2 до 8 м ОЗП=1,05; ТЗ=1,05) | D46: 100 м кабеля | E46: 3.6358 | F46: 813.92 | G46: 165.04 | H46: 456.3 | I46: 50.35 | K46: 2959 | L46: 600 | M46: 1659 | N46: 183 | O46: 12.18 | P46: 44.28
A47: 18 | B47: ТЕРм08-02-148-01 Постан.Правит.Свердл.обл. от 10.11.10 №1616-ПП Спф. л.3, п. 26, 27 | C47: Кабель до 35 кВ в проложенных трубах, блоках и коробах, масса 1 м кабеля до 1 кг | D47: 100 м кабеля | E47: 1.0094 | F47: 798.84 | G47: 168.02 | H47: 544.81 | I47: 57.87 | K47: 806 | L47: 170 | M47: 550 | N47: 58 | O47: 12.4 | P47: 12.52
A48: 19 | B48: ТЕРм08-02-148-01 Постан.Правит.Свердл.обл. от 10.11.10 №1616-ПП Спф. л.3, п. 28 | C48: Кабель до 35 кВ в проложенных трубах, блоках и коробах, масса 1 м кабеля до 1 кг | D48: 100 м кабеля | E48: 0.4704 | F48: 798.84 | G48: 168.02 | H48: 544.81 | I48: 57.87 | K48: 376 | L48: 79 | M48: 256 | N48: 27 | O48: 12.4 | P48: 5.83
A49: 20 | B49: ТЕРм08-02-407-06 Постан.Правит.Свердл.обл. от 10.11.10 №1616-ПП Спф. л.4, п. 34 | C49: Труба стальная по установленным конструкциям, в готовых бороздах, по основанию пола, диаметр до 25 мм | D49: 100 м | E49: 0.388 | F49: 1621.52 | G49: 251.75 | H49: 175.48 | I49: 8.55 | K49: 629 | L49: 98 | M49: 68 | N49: 3 | O49: 19 | P49: 7.37
A50: 21 | B50: ТЕРм08-02-411-01 Постан.Правит.Свердл.обл. от 10.11.10 №1616-ПП Спф. л.4, п. 35 | C50: Рукав металлический наружным диаметром до 48 мм | D50: 100 м | E50: 0.291 | F50: 3947.41 | G50: 459.78 | H50: 240.22 | I50: 4 | K50: 1149 | L50: 134 | M50: 70 | N50: 1 | O50: 34.7 | P50: 10.1
A51: 22 | B51: ТЕР26-02-022-01 Постан.Правит.Свердл.обл. от 10.11.10 №1616-ПП Спф. л.4, п. 36 | C51: Огнезащитное покрытие электрических кабелей материалом огнезащитным терморасширяющимся =МПВО= | D51: 100 м2 | E51: 0.0125 | F51: 1099.08 | G51: 797.6 | H51: 214.36 | K51: 14 | L51: 10 | M51: 3 | O51: 62.41 | P51: 0.78
A52: 23 | B52: ТЕР26-02-023-01 Постан.Правит.Свердл.обл. от 10.11.10 №1616-ПП Спф. л.4, п. 37 | C52: Огнезащитное уплотнение пустот кабельных проходок составом =МГКП= | D52: 1 м3 нагнетенного раствора | E52: 0.002105 | F52: 4434.07 | G52: 2296.76 | H52: 2137.26 | K52: 9 | L52: 5 | M52: 4 | O52: 157.42 | P52: 0.33
A53: 24 | B53: ТЕРм08-02-158-14 Постан.Правит.Свердл.обл. от 10.11.10 №1616-ПП лист 17 | C53: Заделка концевая сухая для 3-4-жильного кабеля с пластмассовой и резиновой изоляцией напряжением до 1 кВ, сечение одной жилы до 35 мм2 | D53: 1 шт. | E53: 26 | F53: 26.56 | G53: 15.58 | H53: 2.92 | I53: 0.18 | K53: 691 | L53: 405 | M53: 76 | N53: 5 | O53: 1.15 | P53: 29.9
A54: 25 | B54: ТЕРм08-02-144-01 Постан.Правит.Свердл.обл. от 10.11.10 №1616-ПП лист 17 | C54: Присоединение к зажимам жил проводов или кабелей сечением до 2,5 мм2 | D54: 100 шт. | E54: 1.06 | F54: 165.85 | G54: 162.6 | K54: 176 | L54: 172 | O54: 12 | P54: 12.72
A55: 26 | B55: ТЕРм08-02-158-05 Постан.Правит.Свердл.обл. от 10.11.10 №1616-ПП лист 18 | C55: Заделка концевая сухая для контрольного кабеля сечением одной жилы до 2,5 мм2, количество жил до 7 | D55: 1 шт. | E55: 14 | F55: 40.06 | G55: 5.15 | H55: 2.92 | I55: 0.18 | K55: 561 | L55: 72 | M55: 41 | N55: 3 | O55: 0.38 | P55: 5.32
A56: 27 | B56: ТЕРм08-02-158-06 Постан.Правит.Свердл.обл. от 10.11.10 №1616-ПП лист 18 | C56: Заделка концевая сухая для контрольного кабеля сечением одной жилы до 2,5 мм2, количество жил до 10 | D56: 1 шт. | E56: 2 | F56: 44.11 | G56: 7.05 | H56: 2.92 | I56: 0.18 | K56: 88 | L56: 14 | M56: 6 | O56: 0.52 | P56: 1.04
A57: 28 | B57: ТЕРм08-02-158-09 Постан.Правит.Свердл.обл. от 10.11.10 №1616-ПП лист 18 | C57: Заделка концевая сухая для контрольного кабеля сечением одной жилы до 2,5 мм2, количество жил до 27 | D57: 1 шт. | E57: 2 | F57: 54.54 | G57: 17.07 | H57: 2.92 | I57: 0.18 | K57: 109 | L57: 34 | M57: 6 | O57: 1.26 | P57: 2.52
A58: 29 | B58: ТЕРм08-02-144-01 Постан.Правит.Свердл.обл. от 10.11.10 №1616-ПП лист 18 | C58: Присоединение к зажимам жил проводов или кабелей сечением до 2,5 мм2 | D58: 100 шт. | E58: 1.72 | F58: 165.85 | G58: 162.6 | K58: 285 | L58: 280 | O58: 12 | P58: 20.64
A59: Раздел 2. Материалы
A60: 30 | B60: Цена поставщика "Скайнет: РБС" Компьютерная справочная система Спф. л.2, п. 9 | C60: Пост кнопочный ПКУ 15-21. 141-54 IP54 (Итого без НДС (МАТ=МАТ/1,18-МАТ); приведение к базисному уровню цен на материалы (МАТ=МАТ/5,73-МАТ)) | D60: шт. | E60: 1 | F60: 105.75 | K60: 106
A61: 31 | B61: Цена поставщика "Скайнет: РБС" Компьютерная справочная система Спф. л.2, п. 10 | C61: Коробка КЗНС 08-10-У2 (Итого без НДС (МАТ=МАТ/1,18-МАТ); приведение к базисному уровню цен на материалы (МАТ=МАТ/5,73-МАТ)) | D61: шт. | E61: 4 | F61: 113.46 | K61: 454
A62: 32 | B62: Цена поставщика "Скайнет: РБС" Компьютерная справочная система Спф. л.3, п. 20 | C62: Кабель ВВГнг(A) -LS 1х6 ОЖ-0, 66 (Итого без НДС (МАТ=МАТ/1,18-МАТ); приведение к базисному уровню цен на материалы (МАТ=МАТ/5,73-МАТ)) | D62: м | E62: 60 | F62: 3.66 | K62: 220
A63: 33 | B63: Цена поставщика "Скайнет: РБС" Компьютерная справочная система Спф. л.3, п. 21 | C63: Кабель ВВГнг(A) -LS 5х2, 5 ОЖ-0, 66 (Итого без НДС (МАТ=МАТ/1,18-МАТ); приведение к базисному уровню цен на материалы (МАТ=МАТ/5,73-МАТ)) | D63: м | E63: 269 | F63: 7.73 | K63: 2079
A64: 34 | B64: Цена поставщика "Скайнет: РБС" Компьютерная справочная система Спф. л.3, п. 22 | C64: Кабель ВВГнг(A) -LS 3х1, 5 (Итого без НДС (МАТ=МАТ/1,18-МАТ); приведение к базисному уровню цен на материалы (МАТ=МАТ/5,73-МАТ)) | D64: м | E64: 41 | F64: 3.05 | K64: 125
A65: 35 | B65: Цена поставщика "Скайнет: РБС" Компьютерная справочная система Спф. л.3, п. 23 | C65: Кабель ВВГнг(А) -LS 4х1, 5 ОЖ-0, 66 (Итого без НДС (МАТ=МАТ/1,18-МАТ); приведение к базисному уровню цен на материалы (МАТ=МАТ/5,73-МАТ)) | D65: м | E65: 83 | F65: 3.74 | K65: 310
A66: 36 | B66: Цена поставщика МАТ Спф. л.3, п. 24 | C66: Кабель контрольный 4х1,5; 0,66 кВ КВВГнг(А)-LS _x000D_ ТУ 16.К71-310-2001 (приведение к базисному уровню цен на материалы (МАТ=МАТ/5,73-МАТ)) | D66: м | E66: 10 | F66: 4.86 | K66: 49
A67: 37 | B67: Цена поставщика МАТ прайс ОАО "НП"ПОДОЛЬСККАБЕЛЬ" Спф. л.3, п. 25 | C67: Кабель контрольный 7х1,5; 0,66 кВ КВВГнг(А)-LS _x000D_ ТУ 16.К71-310-2001 (приведение к базисному уровню цен на материалы (МАТ=МАТ/5,73-МАТ)) | D67: км | E67: 0.361 | F67: 7006.98 | K67: 2530
A68: 38 | B68: Цена поставщика МАТ прайс ОАО "НП"ПОДОЛЬСККАБЕЛЬ" Спф. л.3, п. 26 | C68: Кабель контрольный 10х1,5; 0,66 кВ КВВГнг(А)-LS _x000D_ ТУ 16.К71-310-2001 (приведение к базисному уровню цен на материалы (МАТ=МАТ/5,73-МАТ)) | D68: км | E68: 0.095 | F68: 10104.71 | K68: 960
A69: 39 | B69: Цена поставщика МАТ прайс ОАО "НП"ПОДОЛЬСККАБЕЛЬ" Спф. л.3, п. 27 | C69: Кабель контрольный 27х1,5; 0,66 кВ КВВГнг(А)-LS _x000D_ ТУ 16.К71-310-2001 (приведение к базисному уровню цен на материалы (МАТ=МАТ/5,73-МАТ)) | D69: км | E69: 0.008 | F69: 25190.23 | K69: 202
A70: 40 | B70: ТСЦ-501-0691 Постан.Правит.Свердл.обл. от 10.11.10 №1616-ПП Спф. л.3, п. 28 | C70: Кабели силовые переносные с гибкими медными жилами марки КГН, с числом жил - 4 и сечением 1,5 мм2 | D70: 1000 м | E70: 0.048 | F70: 20735 | K70: 995
A71: 41 | B71: ТСЦ-103-0003 Постан.Правит.Свердл.обл. от 10.11.10 №1616-ПП Спф. л.4, п. 34 | C71: Трубы стальные сварные водогазопроводные с резьбой черные легкие (неоцинкованные) диаметр условного прохода 25 мм, толщина стенки 2,8 мм | D71: м | E71: 40 | F71: 20.68 | K71: 827
... A74: 44 | B74: Цена псставщика "Оптима Прайм" Спф. л.4, п. 37 | C74: Мастика МГКП ТУ 5772-014-17297211-2005 (Итого без НДС (МАТ=МАТ/1,18-МАТ); приведение к базисному уровню цен на материалы (МАТ=МАТ/5,73-МАТ)) | D74: кг | E74: 4 | F74: 32.38 | K74: 130
A75: Итого прямые затраты по смете в ценах 2001г. | K75: 49227 | L75: 3584 | M75: 6310 | N75: 653 | P75: 265.44
A76: Итого прямые затраты по смете с учетом коэффициентов к итогам | K76: 55658 | L76: 6058 | M76: 10267 | N76: 1103 | P76: 430.02
A77: Накладные расходы | K77: 6804
A78: Сметная прибыль | K78: 4656
A79: ВСЕГО по смете | K79: 67118 | P79: 430.02
A80: Итоги по разделу 1 Электрооборудование :
A81: Итоги по Строительным работам
A82: Теплоизоляционные работы:
A83: Итого Поз. 22-23 | K83: 23 | L83: 15 | M83: 7 | P83: 1.11
A84: Всего с учетом районного к-та 4,34% | K84: 24 | L84: 16 | M84: 7 | P84: 1.11
A85: Всего с учетом "МДС35 пр.1 т.1 п.3._Производство строительных и других работ в существующих зданиях и сооружениях в стесненных условиях: с наличием в зоне производства работ действующего технологического оборудования (станков, установок, кранов и т.п.) или загромождающих предметов (лабораторное оборудование, мебель и т. п.) или движения транспорта по внутрицеховым путям ОЗП=1,35; ЭМ=1,35; ЗПМ=1,35; ТЗ=1,35; ТЗМ=1,35" | K85: 32 | L85: 22 | M85: 9 | P85: 1.5
A86: Всего с учетом "МДС35 пр.1 т.1 п.5._Производство строительных и других работ вблизи объектов, находящихся под высоким напряжением, в том числе в охранной зоне действующей воздушной линии электропередачи ОЗП=1,2; ЭМ=1,2; ЗПМ=1,2; ТЗ=1,2; ТЗМ=1,2" | K86: 38 | L86: 26 | M86: 11 | P86: 1.8
A87: Накладные расходы 100% ФОТ (от 26) | K87: 26
A88: Сметная прибыль 70% ФОТ (от 26) | K88: 18
A89: Итого c накладными и см. прибылью | K89: 82 | P89: 1.8
A90: Итого | K90: 82 | P90: 1.8
A91: Итоги по Монтажным работам
A92: Электромонтажные работы на других объектах:
A93: Итого Поз. 3, 5, 7, 9-21, 24-29 | K93: 19881 | L93: 3569 | M93: 6303 | N93: 653 | P93: 264.33
A94: Всего с учетом районного к-та 4,34% | K94: 20064 | L94: 3724 | M94: 6331 | N94: 681 | P94: 264.33
A95: Всего с учетом "МДС35 пр.1 т.2 п.2._Производство монтажных работ в существующих зданиях и сооружениях в стесненных условиях: с наличием в зоне производства работ действующего технологического оборудования (станков, установок, кранов и т.п.) или загромождающих предметов (лабораторное оборудование, мебель и т. п.), или движения транспорта по внутрицеховым путям ОЗП=1,35; ЭМ=1,35; ЗПМ=1,35; ТЗ=1,35; ТЗМ=1,35" | K95: 23583 | L95: 5027 | M95: 8547 | N95: 919 | P95: 356.85
A96: Всего с учетом "МДС35 пр.1 т.2 п.5._Производство монтажных работ вблизи объектов, находящихся под высоким напряжением, в том числе в охранной зоне действующей воздушной линии электропередачи ОЗП=1,2; ЭМ=1,2; ЗПМ=1,2; ТЗ=1,2; ТЗМ=1,2" | K96: 26297 | L96: 6032 | M96: 10256 | N96: 1103 | P96: 428.22
A97: Накладные расходы 95% ФОТ (от 7 135) | K97: 6778
A98: Сметная прибыль 65% ФОТ (от 7 135) | K98: 4638
A99: Итого c накладными и см. прибылью | K99: 37713 | P99: 428.22
A100: Итого | K100: 37713 | P100: 428.22
A101: Итоги по Оборудованию
A102: Оборудование:
A103: Итого Поз. 1-2, 4, 6, 8 | K103: 20150
A104: Итого | K104: 20150
A105: Итого | K105: 57945 | P105: 430.02
A106: Итого по разделу 1 Электрооборудование | K106: 57945 | P106: 430.02
A107: Итоги по разделу 2 Материалы :
A108: Итоги по Строительным работам
A109: Материалы:
A110: Итого Поз. 30-39, 42-44 | K110: 7351
...

Sheet 04-40697-0-0-АТХ.ЛС
A1: СОГЛАСОВАНО: | M1: УТВЕРЖДАЮ:
A4: _________________ | M4: _________________
A5: " _____ " ________________ 2014 г. | M5: "______ " _______________2014 г.
G7: (наименование стройки)
G9: ЛОКАЛЬНЫЙ СМЕТНЫЙ РАСЧЕТ № 04-40697-0-0-АТХ.ЛС
G10: (локальная смета)
C12: на | D12: Автоматизация технологии производства
G13: (наименование работ и затрат, наименование объекта)
D15: Основание: РД 04-40697-0-0-АТХ
D16: Сметная стоимость _______________________________________________________________________________________________ | J16: ___________________________383,126 | L16: тыс. руб.
D17: строительных работ _______________________________________________________________________________________________ | J17: _______________________________________________________________________________________________6,859 | L17: тыс. руб.
D18: монтажных работ _______________________________________________________________________________________________ | J18: _______________________________________________________________________________________________16,245 | L18: тыс. руб.
D19: оборудования _______________________________________________________________________________________________ | J19: _______________________________________________________________________________________________360,022 | L19: тыс. руб.
D20: Средства на оплату труда _______________________________________________________________________________________________ | J20: ___________________________3,632 | L20: тыс. руб.
D21: Сметная трудоемкость _______________________________________________________________________________________________ | J21: _______________________________________________________________________________________________213,94 | L21: чел.час
D22: Составлен(а) в текущих (прогнозных) ценах по состоянию на ______________
A25: № пп | B25: Обосно- вание | C25: Наименование | D25: Ед. изм. | E25: Кол. | F25: Стоимость единицы, руб. | J25: Общая стоимость, руб. | O25: Т/з осн. раб.на ед. | P25: Т/з осн. раб. Всего | Q25: Общая масса обору-дования, т
F26: Всего | G26: В том числе | J26: Обору- дование | K26: Всего | L26: В том числе
G27: Осн.З/п | H27: Эк.Маш | I27: З/пМех | L27: Осн.З/п | M27: Эк.Маш | N27: З/пМех
A28: 1 | B28: 2 | C28: 3 | D28: 4 | E28: 5 | F28: 6 | G28: 7 | H28: 8 | I28: 9 | J28: 10 | K28: 11 | L28: 12 | M28: 13 | N28: 14 | O28: 15 | P28: 16 | Q28: 17
A29: Раздел 1. Приборы
A30: 1 О | B30: КП №75/730 от 15.09 2014 ОАО "МАНОТОМЬ " лист1 поз.1 | C30: Манометр показывающий сигнализирующий взрывозащищенный коррозионностойкий ДМ 2005Сг-У3-4 кгс/кв.см (приведение к базисному уровню цен на оборудование, мебель, инвентарь (ПЗ=ПЗ/4,48-ПЗ); Расходы на комплектацию оборудования - согласно п.4.63 из МДС 81-35.2004 ПЗ=1% (ОЗП=1%; ЭМ=1%; МАТ=1%); Транспортные расходы - согласно п.4.60 из МДС 81-35.2004 ПЗ=3% (ОЗП=3%; ЭМ=3%; МАТ=3%); Заготовительно-складские расходы - согласно п.4.64 из МДС 81-35.2004 ПЗ=1,2% (ОЗП=1,2%; ЭМ=1,2%; МАТ=1,2%)) | D30: шт | E30: 2 | F30: 2028.02 | J30: 4056 | K30: 4056
A31: 2 | B31: ТЕРм11-02-001-02 Постан.Правит.Свердл.обл. от 10.11.10 №1616-ПП лист1 поз.1 | C31: Прибор, устанавливаемый на резьбовых соединениях, масса до 5 кг | D31: 1 шт. | E31: 2 | F31: 23.43 | G31: 21.79 | K31: 47 | L31: 44 | O31: 1.56 | P31: 3.12
A32: 3 О | B32: КП №193-19.3/6264 от 18.09.2014 ФГУП "ПО Маяк " лист1 поз.2 | C32: Датчик сигнализатора уровня СУЭ-ДАС-150 (приведение к базисному уровню цен на оборудование, мебель, инвентарь (ПЗ=ПЗ/4,48-ПЗ); Расходы на комплектацию оборудования - согласно п.4.63 из МДС 81-35.2004 ПЗ=1% (ОЗП=1%; ЭМ=1%; МАТ=1%); Транспортные расходы - согласно п.4.60 из МДС 81-35.2004 ПЗ=3% (ОЗП=3%; ЭМ=3%; МАТ=3%); Заготовительно-складские расходы - согласно п.4.64 из МДС 81-35.2004 ПЗ=1,2% (ОЗП=1,2%; ЭМ=1,2%; МАТ=1,2%)) | D32: шт | E32: 7 | F32: 21960.41 | J32: 153723 | K32: 153723
A33: 4 | B33: ТЕРм11-02-001-02 Постан.Правит.Свердл.обл. от 10.11.10 №1616-ПП лист1 поз.2 | C33: Прибор, устанавливаемый на резьбовых соединениях, масса до 5 кг | D33: 1 шт. | E33: 7 | F33: 23.43 | G33: 21.79 | K33: 164 | L33: 153 | O33: 1.56 | P33: 10.92
A34: Раздел 2. Щиты и пульты
A35: 5 О | B35: КП №2014-2370 от 03.09.2014 " " лист1 поз.5 | C35: Шкаф АS 04-40695-0-0-ИОС7.ОЛ (приведение к базисному уровню цен на оборудование, мебель, инвентарь (ПЗ=ПЗ/4,48-ПЗ); Расходы на комплектацию оборудования - согласно п.4.63 из МДС 81-35.2004 ПЗ=1% (ОЗП=1%; ЭМ=1%; МАТ=1%); Транспортные расходы - согласно п.4.60 из МДС 81-35.2004 ПЗ=3% (ОЗП=3%; ЭМ=3%; МАТ=3%); Заготовительно-складские расходы - согласно п.4.64 из МДС 81-35.2004 ПЗ=1,2% (ОЗП=1,2%; ЭМ=1,2%; МАТ=1,2%)) | D35: шт | E35: 1 | F35: 200451.88 | J35: 200452 | K35: 200452
A36: 6 | B36: ТЕРм11-06-001-03 Постан.Правит.Свердл.обл. от 10.11.10 №1616-ПП лист 1 поз.5 | C36: Щиты и пульты, масса до 150 кг | D36: 1 шт. | E36: 1 | F36: 401.8 | G36: 127.56 | H36: 37.28 | I36: 2.18 | K36: 402 | L36: 128 | M36: 37 | N36: 2 | O36: 10.1 | P36: 10.1
A37: Раздел 3. Кабели и провода
A38: 7 | B38: ТЕРм08-03-574-01 Постан.Правит.Свердл.обл. от 10.11.10 №1616-ПП лист 1 поз.6-8 | C38: Разводка по устройствам и подключение жил кабелей или проводов сечением до 10 мм2 | D38: 100 жил | E38: 0.84 | F38: 1652.15 | G38: 234.7 | H38: 2.92 | I38: 0.18 | K38: 1388 | L38: 197 | M38: 2 | O38: 16.8 | P38: 14.11
A39: 8 | B39: ТЕРм11-04-020-01 Постан.Правит.Свердл.обл. от 10.11.10 №1616-ПП ВР лист 2 поз.15 | C39: Разъемы штепсельные с разделкой и включением экранированного кабеля, сечение жилы до 1 мм2, количество подключаемых жил 14 шт. (1.11.38.ОППри монтаже неэкранированных кабелей в штепсельные разъемы ОЗП=0,85; ЭМ=0,85 к расх.; ЗПМ=0,85; МАТ=0,85 к расх.; ТЗ=0,85; ТЗМ=0,85) | D39: 1 шт. | E39: 8 | F39: 28.79 | G39: 23.21 | K39: 230 | L39: 186 | O39: 1.75 | P39: 14
A40: 9 | B40: ТЕРм11-04-020-01 Постан.Правит.Свердл.обл. от 10.11.10 №1616-ПП ВР лист 2 поз.16 | C40: Разъемы штепсельные с разделкой и включением экранированного кабеля, сечение жилы до 1 мм2, количество подключаемых жил 14 шт. (1.11.38.ОППри монтаже неэкранированных кабелей в штепсельные разъемы ОЗП=0,85; ЭМ=0,85 к расх.; ЗПМ=0,85; МАТ=0,85 к расх.; ТЗ=0,85; ТЗМ=0,85) | D40: 1 шт. | E40: 7 | F40: 28.79 | G40: 23.21 | K40: 202 | L40: 162 | O40: 1.75 | P40: 12.25
A41: 10 | B41: ТЕРм08-02-409-01 Постан.Правит.Свердл.обл. от 10.11.10 №1616-ПП лист 2 поз.11 | C41: Труба винипластовая по установленным конструкциям, по стенам и колоннам с креплением скобами, диаметр до 25 мм | D41: 100 м | E41: 0.3822 | F41: 2435.2 | G41: 315.35 | H41: 611.58 | I41: 248.83 | K41: 931 | L41: 121 | M41: 234 | N41: 95 | O41: 23.8 | P41: 9.1
A42: 11 | B42: ТЕРм08-02-407-03 Постан.Правит.Свердл.обл. от 10.11.10 №1616-ПП лист 3 поз.42 | C42: Труба стальная по установленным конструкциям, по стенам с креплением скобами, диаметр до 50 мм | D42: 100 м | E42: 0.0776 | F42: 3549 | G42: 628.05 | H42: 1373.2 | I42: 497.53 | K42: 275 | L42: 49 | M42: 107 | N42: 39 | O42: 47.4 | P42: 3.68
A43: 12 | B43: ТЕРм08-02-396-02 Постан.Правит.Свердл.обл. от 10.11.10 №1616-ПП лист 2 поз.15 | C43: Короб металлический на конструкциях, кронштейнах, по фермам и колоннам, длина 3 м | D43: 100 м | E43: 0.12 | F43: 1882.24 | G43: 420.03 | H43: 824.1 | I43: 180.73 | K43: 226 | L43: 50 | M43: 99 | N43: 22 | O43: 31.7 | P43: 3.8
A44: 13 | B44: ТЕРм08-02-396-02 Постан.Правит.Свердл.обл. от 10.11.10 №1616-ПП лист 2 поз.17 | C44: Короб металлический на конструкциях, кронштейнах, по фермам и колоннам, длина 3 м | D44: 100 м | E44: 0.15 | F44: 1882.24 | G44: 420.03 | H44: 824.1 | I44: 180.73 | K44: 282 | L44: 63 | M44: 124 | N44: 27 | O44: 31.7 | P44: 4.76
A45: 14 | B45: ТЕРм08-02-396-01 Постан.Правит.Свердл.обл. от 10.11.10 №1616-ПП лист 3 поз.36 | C45: Короб металлический на конструкциях, кронштейнах, по фермам и колоннам, длина 2 м | D45: 100 м | E45: 0.04 | F45: 2088.43 | G45: 498.2 | H45: 950.56 | I45: 216.12 | K45: 84 | L45: 20 | M45: 38 | N45: 9 | O45: 37.6 | P45: 1.5
A46: 15 | B46: ТЕРм08-02-397-01 Постан.Правит.Свердл.обл. от 10.11.10 №1616-ПП лист 3 поз.37 | C46: Профиль перфорированный монтажный длиной 2 м | D46: 100 м | E46: 0.16 | F46: 1392.25 | G46: 141.78 | H46: 242.87 | I46: 57.25 | K46: 223 | L46: 23 | M46: 39 | N46: 9 | O46: 10.7 | P46: 1.71
A47: 16 | B47: ТЕРм08-02-148-01 Постан.Правит.Свердл.обл. от 10.11.10 №1616-ПП ВР лист 1 поз.9,10,11 | C47: Кабель до 35 кВ в проложенных трубах, блоках и коробах, масса 1 м кабеля до 1 кг | D47: 100 м кабеля | E47: 2.6852 | F47: 798.84 | G47: 168.02 | H47: 544.81 | I47: 57.87 | K47: 2145 | L47: 451 | M47: 1463 | N47: 155 | O47: 12.4 | P47: 33.3
A48: 17 | B48: ТЕРм08-02-147-01 Постан.Правит.Свердл.обл. от 10.11.10 №1616-ПП ВР лист 2 поз.12 | C48: Кабель до 35 кВ по установленным конструкциям и лоткам с креплением на поворотах и в конце трассы, масса 1 м кабеля до 1 кг | D48: 100 м кабеля | E48: 0.147 | F48: 806.06 | G48: 157.18 | H48: 456.3 | I48: 50.35 | K48: 118 | L48: 23 | M48: 67 | N48: 7 | O48: 11.6 | P48: 1.71
A49: 18 | B49: ТЕРм08-02-158-04 Постан.Правит.Свердл.обл. от 10.11.10 №1616-ПП | C49: Заделка концевая сухая для контрольного кабеля сечением одной жилы до 2,5 мм2, количество жил до 4 | D49: 1 шт. | E49: 4 | F49: 38.4 | G49: 3.52 | H49: 2.92 | I49: 0.18 | K49: 154 | L49: 14 | M49: 12 | N49: 1 | O49: 0.26 | P49: 1.04
A50: 19 | B50: ТЕРм08-02-158-05 Постан.Правит.Свердл.обл. от 10.11.10 №1616-ПП | C50: Заделка концевая сухая для контрольного кабеля сечением одной жилы до 2,5 мм2, количество жил до 7 | D50: 1 шт. | E50: 16 | F50: 40.06 | G50: 5.15 | H50: 2.92 | I50: 0.18 | K50: 641 | L50: 82 | M50: 47 | N50: 3 | O50: 0.38 | P50: 6.08
A51: 20 | B51: ТЕРм08-02-407-14 Постан.Правит.Свердл.обл. от 10.11.10 №1616-ПП лист 3 поз.43 | C51: Труба стальная по установленным конструкциям, в опалубке фундаментов и перекрытиях, диаметр до 80 мм | D51: 100 м | E51: 0.00485 | F51: 2861.23 | G51: 956.65 | H51: 484.85 | I51: 26.39 | K51: 14 | L51: 5 | M51: 2 | O51: 72.2 | P51: 0.35
A52: 21 | B52: ТЕРм08-02-407-11 Постан.Правит.Свердл.обл. от 10.11.10 №1616-ПП лист 3 поз.44 | C52: Труба стальная по установленным конструкциям, в опалубке фундаментов и перекрытиях, диаметр до 25 мм | D52: 100 м | E52: 0.00485 | F52: 2130.44 | G52: 438.58 | H52: 198.44 | I52: 8.55 | K52: 10 | L52: 2 | M52: 1 | O52: 33.1 | P52: 0.16
A53: 22 | B53: ТЕР26-02-023-01 Постан.Правит.Свердл.обл. от 10.11.10 №1616-ПП лист 3 поз.41 | C53: Огнезащитное уплотнение пустот кабельных проходок огнестойкой пеной DF | D53: 1 м3 нагнетенного раствора | E53: 0.0008 | F53: 4434.07 | G53: 2296.76 | H53: 2137.26 | K53: 4 | L53: 2 | M53: 2 | O53: 157.42 | P53: 0.13
A54: 23 | B54: ТЕРм08-02-152-07 Постан.Правит.Свердл.обл. от 10.11.10 №1616-ПП лист 2 поз.26,27 | C54: Консоль, масса до 0,4 кг | D54: 100 шт. | E54: 0.11 | F54: 62.76 | G54: 27.91 | H54: 32.15 | I54: 2 | K54: 7 | L54: 3 | M54: 4 | O54: 2.06 | P54: 0.23
A55: 24 | B55: Прайс ООО "Электрокабель " лист1 поз.6 | C55: Кабель 3х1,0 КГВВнг-LS (Итого без НДС (МАТ=МАТ/1,18-МАТ); приведение к базисному уровню цен на материалы (МАТ=МАТ/5,73-МАТ)) | D55: м | E55: 49 | F55: 5.09 | K55: 249
A56: 25 | B56: Прайс "УРАЛФИМ " лист 1 поз.7 | C56: Кабель 7х1,0 КГВВнг-LS (Итого без НДС (МАТ=МАТ/1,18-МАТ); приведение к базисному уровню цен на материалы (МАТ=МАТ/5,73-МАТ)) | D56: м | E56: 139 | F56: 6.21 | K56: 863
A57: 26 | B57: Прайс "Подольсккабель " лист1 поз.8 | C57: Радиочастотный коаксильный кабель РК 75-7-15 (Итого без НДС (МАТ=МАТ/1,18-МАТ); приведение к базисному уровню цен на материалы (МАТ=МАТ/5,73-МАТ)) | D57: км | E57: 0.101 | F57: 4774.16 | K57: 482
A58: 27 | B58: ТСЦ-103-0356 Постан.Правит.Свердл.обл. от 10.11.10 №1616-ПП Прим | C58: Трубы стальные бесшовные, горячедеформированные со снятой фаской из стали марок 15, 20, 25, наружным диаметром 57 мм, толщина стенки 3 мм=труба 50х3,0 | D58: м | E58: 8 | F58: 40.01 | K58: 320
A59: 28 | B59: ТСЦ-103-0373 Постан.Правит.Свердл.обл. от 10.11.10 №1616-ПП | C59: Трубы стальные бесшовные, горячедеформированные со снятой фаской из стали марок 15, 20, 25, наружным диаметром 76 мм, толщина стенки 3,5 мм | D59: м | E59: 0.5 | F59: 62.61 | K59: 31
A60: 29 | B60: ТСЦ-103-0339 Постан.Правит.Свердл.обл. от 10.11.10 №1616-ПП | C60: Трубы стальные бесшовные, горячедеформированные со снятой фаской из стали марок 15, 20, 25, наружным диаметром 25 мм, толщина стенки 2,5 мм | D60: м | E60: 0.5 | F60: 19.87 | K60: 10
A61: Раздел 4. Монтажные изделия
A62: 30 | B62: Прайс ООО "СветЭлектро " лист2 поз.11 | C62: PA611721F0 Труба гофр. DN17мм, ПВ-0, Dвн 16,8 мм, Dнар 21,2 мм, полиамид (Итого без НДС (МАТ=МАТ/1,18-МАТ); приведение к базисному уровню цен на материалы (МАТ=МАТ/5,73-МАТ)) | D62: м | E62: 39 | F62: 8.58 | K62: 335
A63: 31 | B63: Прайс ООО "СветЭлектро " лист2 поз.12 | C63: PAM17M20N Муфта труба-коробка DN 17 мм, М20х1,5, полиамид, цвет черный (Итого без НДС (МАТ=МАТ/1,18-МАТ); приведение к базисному уровню цен на материалы (МАТ=МАТ/5,73-МАТ)) | D63: шт | E63: 17 | F63: 14.52 | K63: 247
A64: 32 | B64: Прайс ООО "СветЭлектро " лист2 поз.13 | C64: PAS17N Держатель DN 17 мм, полиамид, цвет черный (Итого без НДС (МАТ=МАТ/1,18-МАТ); приведение к базисному уровню цен на материалы (МАТ=МАТ/5,73-МАТ)) | D64: шт | E64: 20 | F64: 7.72 | K64: 154
A65: 33 | B65: Прайс ООО "СветЭлектро " лист2 поз.14 | C65: PAGM20N Гайка М20х1,5, полиамид, цвет черный (Итого без НДС (МАТ=МАТ/1,18-МАТ); приведение к базисному уровню цен на материалы (МАТ=МАТ/5,73-МАТ)) | D65: шт | E65: 17 | F65: 2.17 | K65: 37
A66: 34 | B66: Прайс ООО "СветЭлектро " лист2 поз.15 | C66: 35023 Лоток 150х50 L3000 (Итого без НДС (МАТ=МАТ/1,18-МАТ); приведение к базисному уровню цен на материалы (МАТ=МАТ/5,73-МАТ)) | D66: м | E66: 12 | F66: 35.73 | K66: 429
A67: 35 | B67: Прайс ООО "СветЭлектро " лист2 поз.16 | C67: 35523 Крышка с заземлением на лоток осн.150 L3000 (Итого без НДС (МАТ=МАТ/1,18-МАТ); приведение к базисному уровню цен на материалы (МАТ=МАТ/5,73-МАТ)) | D67: м | E67: 12 | F67: 26.23 | K67: 315
A68: 36 | B68: Прайс ООО "СветЭлектро " лист2 поз.17 | C68: 35022 Лоток 100х50 L3000 (Итого без НДС (МАТ=МАТ/1,18-МАТ); приведение к базисному уровню цен на материалы (МАТ=МАТ/5,73-МАТ)) | D68: м | E68: 15 | F68: 30.36 | K68: 455
A69: 37 | B69: Прайс ООО "СветЭлектро " лист2 поз.18 | C69: 35522 Крышка с заземлением на лоток осн.100 L3000 (Итого без НДС (МАТ=МАТ/1,18-МАТ); приведение к базисному уровню цен на материалы (МАТ=МАТ/5,73-МАТ)) | D69: м | E69: 15 | F69: 20.51 | K69: 308
A70: 38 | B70: Прайс ООО "СветЭлектро " лист2 поз.19 | C70: 36003 Угол CPO 90 горизонтальный 90° 150х50 (Итого без НДС (МАТ=МАТ/1,18-МАТ); приведение к базисному уровню цен на материалы (МАТ=МАТ/5,73-МАТ)) | D70: шт | E70: 1 | F70: 88.54 | K70: 89
A71: 39 | B71: Прайс ООО "СветЭлектро " лист2 поз.20 | C71: 38003 Крышка на угол CPO 90 горизонтальный 90° осн.150 (Итого без НДС (МАТ=МАТ/1,18-МАТ); приведение к базисному уровню цен на материалы (МАТ=МАТ/5,73-МАТ)) | D71: шт | E71: 1 | F71: 53.08 | K71: 53
A72: 40 | B72: Прайс ООО "СветЭлектро " лист2 поз.21 | C72: 37513 Ответвитель TD Т-образный вертикальный осн.150 H50 (Итого без НДС (МАТ=МАТ/1,18-МАТ); приведение к базисному уровню цен на материалы (МАТ=МАТ/5,73-МАТ)) | D72: шт | E72: 1 | F72: 194.06 | K72: 194
A73: 41 | B73: Прайс ООО "СветЭлектро " лист2 поз.22 | C73: 38303 Крышка на ответвитель TD осн.150 / ответвитель-переходник TDSR 150/80 (Итого без НДС (МАТ=МАТ/1,18-МАТ); приведение к базисному уровню цен на материалы (МАТ=МАТ/5,73-МАТ)) | D73: шт | E73: 1 | F73: 86.02 | K73: 86
... A89: 57 | B89: Прайс ООО "СветЭлектро " лист3 поз.38 | C89: 36009 Горизонтальный изменяемый угол СРО 0-44град. 150х50 (Итого без НДС (МАТ=МАТ/1,18-МАТ); приведение к базисному уровню цен на материалы (МАТ=МАТ/5,73-МАТ)) | D89: шт | E89: 2 | F89: 116.94 | K89: 234
A90: Раздел 5. Материалы
A91: 58 | B91: Прайс ООО "СветЭлектро " лист3 поз.41 | C91: DF1201 Пена однокомп. огнезащитная балл.740 мл (Итого без НДС (МАТ=МАТ/1,18-МАТ); приведение к базисному уровню цен на материалы (МАТ=МАТ/5,73-МАТ)) | D91: шт | E91: 1 | F91: 196.17 | K91: 196
A92: Итого прямые затраты по смете в ценах 2001г. | K92: 372983 | L92: 1778 | M92: 2278 | N92: 369 | P92: 132.05
A93: Итого прямые затраты по смете с учетом коэффициентов к итогам | K93: 377443 | L93: 3008 | M93: 3717 | N93: 624 | P93: 213.94
A94: Накладные расходы | K94: 3350
A95: Сметная прибыль | K95: 2333
A96: ВСЕГО по смете | K96: 383126 | P96: 213.94
A97: Итоги по разделу 1 Приборы :
A98: Итоги по Монтажным работам
A99: Монтаж оборудования:
A100: Итого Поз. 2, 4 | K100: 211 | L100: 197 | P100: 14.04
A101: Всего с учетом районного к-та 4,34% | K101: 220 | L101: 206 | P101: 14.04
A102: Всего с учетом "2. Производство монтажных работ в существующих зданиях и сооружениях в стесненных условиях: с наличием в зоне производства работ действующего технологического оборудования (станков, установок, кранов и т.п.) или загромождающих предметов (лабораторное оборудование, мебель и т. п.), или движения транспорта по внутрицеховым путям. ОЗП=1,35; ЭМ=1,35; ЗПМ=1,35; ТЗ=1,35; ТЗМ=1,35" | K102: 292 | L102: 278 | P102: 18.95
A103: Всего с учетом "5. Производство строительных и других работ вблизи объектов, находящихся под высоким напряжением, в том числе в охранной зоне действующей воздушной линии электропередачи ОЗП=1,2; ЭМ=1,2; ЗПМ=1,2; ТЗ=1,2; ТЗМ=1,2" | K103: 348 | L103: 334 | P103: 22.74
A104: Накладные расходы 80% ФОТ (от 334) | K104: 267
A105: Сметная прибыль 60% ФОТ (от 334) | K105: 200
A106: Итого c накладными и см. прибылью | K106: 815 | P106: 22.74
A107: Итого | K107: 815 | P107: 22.74
A108: Итоги по Оборудованию
A109: Оборудование:
A110: Итого Поз. 1, 3 | K110: 157779
A111: Всего с учетом "МДС 81-35.2004 п.4.58._Стоимость тары и упаковки - для крупного технологического оборудования ПЗ=1,005 (ОЗП=1,005; ЭМ=1,005; МАТ=1,005)" | K111: 158568
A112: Итого | K112: 158568
A113: Итого | K113: 159383 | P113: 22.74
A114: Итого по разделу 1 Приборы | K114: 159383 | P114: 22.74
A115: Итоги по разделу 2 Щиты и пульты :
A116: Итоги по Монтажным работам
A117: Монтаж оборудования:
A118: Итого Поз. 6 | K118: 402 | L118: 128 | M118: 37 | N118: 2 | P118: 10.1
A119: Всего с учетом районного к-та 4,34% | K119: 408 | L119: 134 | M119: 37 | N119: 2 | P119: 10.1
A120: Всего с учетом "2. Производство монтажных работ в существующих зданиях и сооружениях в стесненных условиях: с наличием в зоне производства работ действующего технологического оборудования (станков, установок, кранов и т.п.) или загромождающих предметов (лабораторное оборудование, мебель и т. п.), или движения транспорта по внутрицеховым путям. ОЗП=1,35; ЭМ=1,35; ЗПМ=1,35; ТЗ=1,35; ТЗМ=1,35" | K120: 468 | L120: 181 | M120: 50 | N120: 3 | P120: 13.64
A121: Всего с учетом "5. Производство строительных и других работ вблизи объектов, находящихся под высоким напряжением, в том числе в охранной зоне действующей воздушной линии электропередачи ОЗП=1,2; ЭМ=1,2; ЗПМ=1,2; ТЗ=1,2; ТЗМ=1,2" | K121: 514 | L121: 217 | M121: 60 | N121: 4 | P121: 16.37
A122: Накладные расходы 80% ФОТ (от 221) | K122: 177
A123: Сметная прибыль 60% ФОТ (от 221) | K123: 133
...

Sheet 04-40697-0-0-ТХ.ЛС
A1: СОГЛАСОВАНО: | M1: УТВЕРЖДАЮ:
A4: _________________ | M4: _________________
A5: " _____ " ________________ 2014 г. | M5: "______ " _______________2014 г.
G7: (наименование стройки)
G9: ЛОКАЛЬНЫЙ СМЕТНЫЙ РАСЧЕТ № 04-40697-0-0-ТХ.ЛС
G10: (локальная смета)
C12: на | D12: Технология производства
G13: (наименование работ и затрат, наименование объекта)
D15: Основание: РД 04-40697-0-0-ТХ
D16: Сметная стоимость _______________________________________________________________________________________________ | J16: ___________________________520,565 | L16: тыс. руб.
D17: строительных работ _______________________________________________________________________________________________ | J17: _______________________________________________________________________________________________88,173 | L17: тыс. руб.
D18: монтажных работ _______________________________________________________________________________________________ | J18: _______________________________________________________________________________________________136,008 | L18: тыс. руб.
D19: оборудования _______________________________________________________________________________________________ | J19: _______________________________________________________________________________________________296,384 | L19: тыс. руб.
D20: Средства на оплату труда _______________________________________________________________________________________________ | J20: ___________________________38,911 | L20: тыс. руб.
D21: Сметная трудоемкость _______________________________________________________________________________________________ | J21: _______________________________________________________________________________________________2570,41 | L21: чел.час
D22: Составлен(а) в текущих (прогнозных) ценах по состоянию на ______________
A25: № пп | B25: Обосно- вание | C25: Наименование | D25: Ед. изм. | E25: Кол. | F25: Стоимость единицы, руб. | J25: Общая стоимость, руб. | O25: Т/з осн. раб.на ед. | P25: Т/з осн. раб. Всего | Q25: Общая масса обору-дования, т
F26: Всего | G26: В том числе | J26: Обору- дование | K26: Всего | L26: В том числе
G27: Осн.З/п | H27: Эк.Маш | I27: З/пМех | L27: Осн.З/п | M27: Эк.Маш | N27: З/пМех
A28: 1 | B28: 2 | C28: 3 | D28: 4 | E28: 5 | F28: 6 | G28: 7 | H28: 8 | I28: 9 | J28: 10 | K28: 11 | L28: 12 | M28: 13 | N28: 14 | O28: 15 | P28: 16 | Q28: 17
A29: Раздел 1. Демонтажные работы
A30: 1 | B30: ТЕРм37-01-002-03 Постан.Правит.Свердл.обл. от 10.11.10 №1616-ПП ВР лист 1 поз.1 | C30: Монтаж оборудования без механизмов в помещении, масса оборудования 0,1 т=емкость буферная черт.А.11.1077.000 (МДС81-37.2004 п.п.4.3.1 т.2.Коэффициент изменения массы оборудования 1,61-1,7 ПЗ=1,35 (ОЗП=1,35; ЭМ=1,35 к расх.; ЗПМ=1,35; МАТ=1,35 к расх.; ТЗ=1,35; ТЗМ=1,35); МДС 81-37.2004 п.п.3.2.1.Демонтаж оборудования, которое подлежит дальнейшему использованию, со снятием с места установки, необходимой (частичной) разборкой и консервированием с целью длительного или кратковременною хранения ОЗП=0,7; ЭМ=0,7 к расх.; ЗПМ=0,7; МАТ=0 к расх.; ТЗ=0,7; ТЗМ=0,7) | D30: 1 шт. | E30: 2 | F30: 385.86 | G30: 306.93 | H30: 78.93 | I30: 5.16 | K30: 772 | L30: 614 | M30: 158 | N30: 10 | O30: 23.72 | P30: 47.44
A31: 2 | B31: ТЕРм07-04-001-02 Постан.Правит.Свердл.обл. от 10.11.10 №1616-ПП ВР лист 1 поз.2 | C31: Агрегат насосный лопастный центробежный одноступенчатый, многоступенчатый объемный, вихревой, поршневой, приводной, роторный на общей фундаментной плите или моноблочный, масса 0,17 т (МДС 81-37.2004 п.п.3.2.1.Демонтаж оборудования, которое подлежит дальнейшему использованию, со снятием с места установки, необходимой (частичной) разборкой и консервированием с целью длительного или кратковременною хранения ОЗП=0,7; ЭМ=0,7 к расх.; ЗПМ=0,7; МАТ=0 к расх.; ТЗ=0,7; ТЗМ=0,7; МДС81-37.2004 п.п.4.3.1 т.2.Коэффициент изменения массы оборудования 0,61-0,7 ПЗ=0,85 (ОЗП=0,85; ЭМ=0,85 к расх.; ЗПМ=0,85; МАТ=0,85 к расх.; ТЗ=0,85; ТЗМ=0,85)) | D31: 1 шт. | E31: 2 | F31: 293.44 | G31: 247.56 | H31: 45.88 | I31: 1.08 | K31: 587 | L31: 495 | M31: 92 | N31: 2 | O31: 18.68 | P31: 37.36
A32: 3 | B32: ТЕРм37-01-002-04 Постан.Правит.Свердл.обл. от 10.11.10 №1616-ПП ВР лист 1 поз.3 | C32: Монтаж оборудования без механизмов в помещении, масса оборудования 0,5 т=бак дренажный черт.А.17.674.000 (МДС 81-37.2004 п.п.3.2.1.Демонтаж оборудования, которое подлежит дальнейшему использованию, со снятием с места установки, необходимой (частичной) разборкой и консервированием с целью длительного или кратковременною хранения ОЗП=0,7; ЭМ=0,7 к расх.; ЗПМ=0,7; МАТ=0 к расх.; ТЗ=0,7; ТЗМ=0,7) | D32: 1 шт. | E32: 1 | F32: 352.5 | G32: 250.91 | H32: 101.59 | I32: 8.79 | K32: 353 | L32: 251 | M32: 102 | N32: 9 | O32: 19.39 | P32: 19.39
A33: 4 | B33: ТЕРм37-01-002-03 Постан.Правит.Свердл.обл. от 10.11.10 №1616-ПП ВР лист 1 поз.4 | C33: Монтаж оборудования без механизмов в помещении, масса оборудования 0,1 т=бак приемный черт.А.11.1076.000 (МДС 81-37.2004 п.п.3.2.1.Демонтаж оборудования, которое подлежит дальнейшему использованию, со снятием с места установки, необходимой (частичной) разборкой и консервированием с целью длительного или кратковременною хранения ОЗП=0,7; ЭМ=0,7 к расх.; ЗПМ=0,7; МАТ=0 к расх.; ТЗ=0,7; ТЗМ=0,7; МДС81-37.2004 п.п.4.3.1 т.2.Коэффициент изменения массы оборудования 1,11-1,2 ПЗ=1,11 (ОЗП=1,11; ЭМ=1,11 к расх.; ЗПМ=1,11; МАТ=1,11 к расх.; ТЗ=1,11; ТЗМ=1,11)) | D33: 1 шт. | E33: 1 | F33: 317.25 | G33: 252.36 | H33: 64.89 | I33: 4.24 | K33: 317 | L33: 252 | M33: 65 | N33: 4 | O33: 19.5 | P33: 19.5
A34: 5 | B34: ТЕРм12-01-066-01 Постан.Правит.Свердл.обл. от 10.11.10 №1616-ПП ВР лист 1 поз.5 | C34: Трубопровод в помещениях или на открытых площадках в пределах цехов из труб высоколегированных сталей, монтируемый из труб и готовых деталей, на условное давление не более 2,5 МПа, диаметр трубопровода наружный 45 мм=трубопровод DN 15 мм (МДС 81-37.2004 п.п.3.2.1.Демонтаж оборудования, которое не подлежит дальнейшему использованию (предназначено в лом) с разборкой и резкой на части ОЗП=0,5; ЭМ=0,5 к расх.; ЗПМ=0,5; МАТ=0 к расх.; ТЗ=0,5; ТЗМ=0,5) | D34: 100 м трубопровода | E34: 0.2 | F34: 4519.15 | G34: 1415.98 | H34: 3103.17 | I34: 225.81 | K34: 904 | L34: 283 | M34: 621 | N34: 45 | O34: 104.5 | P34: 20.9
A35: 6 | B35: ТЕР09-03-039-01 Постан.Правит.Свердл.обл. от 10.11.10 №1616-ПП ВР лист 1 поз.6 | C35: Монтаж опорных конструкций для крепления трубопроводов внутри зданий и сооружений массой до 0,1 т=рама для бака дренажного черт.А.17.674.140 (МДС 81-37.2004 п.п.3.2.1.Демонтаж оборудования, которое подлежит дальнейшему использованию, со снятием с места установки, необходимой (частичной) разборкой и консервированием с целью длительного или кратковременною хранения ОЗП=0,7; ЭМ=0,7 к расх.; ЗПМ=0,7; МАТ=0 к расх.; ТЗ=0,7; ТЗМ=0,7) | D35: 1 т конструкций | E35: 0.1 | F35: 988.26 | G35: 717.65 | H35: 270.61 | I35: 1.4 | K35: 99 | L35: 72 | M35: 27 | O35: 56.15 | P35: 5.62
A36: Раздел 2. Оборудование и монтажные работы
A37: 7 О | B37: Калькуляция № 04-12/1586 от 07.08.2014 ВР лист 1 поз.1 | C37: Емкость буферная черт.А.11.1077.000 (Итого без НДС (ПЗ=ПЗ/1,18-ПЗ); приведение к базисному уровню цен на оборудование, мебель, инвентарь (ПЗ=ПЗ/4,48-ПЗ); Расходы на комплектацию оборудования - согласно п.4.63 из МДС 81-35.2004 ПЗ=1% (ОЗП=1%; ЭМ=1%; МАТ=1%); Транспортные расходы - согласно п.4.60 из МДС 81-35.2004 ПЗ=3% (ОЗП=3%; ЭМ=3%; МАТ=3%); Заготовительно-складские расходы - согласно п.4.64 из МДС 81-35.2004 ПЗ=1,2% (ОЗП=1,2%; ЭМ=1,2%; МАТ=1,2%); МДС 81-35.2004 п.4.58.Стоимость тары и упаковки - для крупного технологического оборудования ПЗ=1,005 (ОЗП=1,005; ЭМ=1,005; МАТ=1,005 к расх.)) | D37: шт | E37: 4 | F37: 30522.14 | J37: 122089 | K37: 122089
A38: 8 | B38: ТЕРм37-01-002-03 Постан.Правит.Свердл.обл. от 10.11.10 №1616-ПП ВР лист 1 поз.1 | C38: Монтаж оборудования без механизмов в помещении, масса оборудования 0,1 т=емкость буферная черт.А.11.1077.000 - 2 шт.исп.сущ. (МДС81-37.2004 п.п.4.3.1 т.2.Коэффициент изменения массы оборудования 1,61-1,7 ПЗ=1,35 (ОЗП=1,35; ЭМ=1,35 к расх.; ЗПМ=1,35; МАТ=1,35 к расх.; ТЗ=1,35; ТЗМ=1,35)) | D38: 1 шт. | E38: 6 | F38: 818.1 | G38: 438.47 | H38: 112.75 | I38: 7.37 | K38: 4909 | L38: 2631 | M38: 677 | N38: 44 | O38: 33.89 | P38: 203.34
A39: 9 | B39: ТЕРм07-04-001-02 Постан.Правит.Свердл.обл. от 10.11.10 №1616-ПП ВР лист 1 поз.2 | C39: Агрегат насосный лопастный центробежный одноступенчатый, многоступенчатый объемный, вихревой, поршневой, приводной, роторный на общей фундаментной плите или моноблочный, масса 0,17 т (МДС81-37.2004 п.п.4.3.1 т.2.Коэффициент изменения массы оборудования 0,61-0,7 ПЗ=0,85 (ОЗП=0,85; ЭМ=0,85 к расх.; ЗПМ=0,85; МАТ=0,85 к расх.; ТЗ=0,85; ТЗМ=0,85)) | D39: 1 шт. | E39: 3 | F39: 593.49 | G39: 353.64 | H39: 65.55 | I39: 1.55 | K39: 1780 | L39: 1061 | M39: 197 | N39: 5 | O39: 26.69 | P39: 80.07
A40: 10 | B40: ТЕРм37-01-002-04 Постан.Правит.Свердл.обл. от 10.11.10 №1616-ПП ВР лист 1 поз.3 | C40: Монтаж оборудования без механизмов в помещении, масса оборудования 0,5 т=бак дренажный черт.А.17.674.000 - 1 шт.исп.сущ. | D40: 1 шт. | E40: 1 | F40: 1139.13 | G40: 358.44 | H40: 145.13 | I40: 12.56 | K40: 1139 | L40: 358 | M40: 145 | N40: 13 | O40: 27.7 | P40: 27.7
A41: 11 | B41: ТЕР09-03-039-01 Постан.Правит.Свердл.обл. от 10.11.10 №1616-ПП ВР лист 2 поз.4 | C41: Монтаж опорных конструкций для крепления трубопроводов внутри зданий и сооружений массой до 0,1 т=рама для бака дренажного черт.А.17.674.140 (МАТ=0 к расх.) | D41: 1 т конструкций | E41: 0.1 | F41: 1411.79 | G41: 1025.21 | H41: 386.58 | I41: 2 | K41: 141 | L41: 103 | M41: 38 | O41: 80.22 | P41: 8.02
A42: 12 | B42: ТЕРм37-01-002-03 Постан.Правит.Свердл.обл. от 10.11.10 №1616-ПП ВР лист 2 поз.5 | C42: Монтаж оборудования без механизмов в помещении, масса оборудования 0,1 т=бак приемный черт.А.11.1076.000 -1 шт.исп.сущ. (МДС81-37.2004 п.п.4.3.1 т.2.Коэффициент изменения массы оборудования 1,11-1,2 ПЗ=1,11 (ОЗП=1,11; ЭМ=1,11 к расх.; ЗПМ=1,11; МАТ=1,11 к расх.; ТЗ=1,11; ТЗМ=1,11)) | D42: 1 шт. | E42: 1 | F42: 672.66 | G42: 360.52 | H42: 92.71 | I42: 6.06 | K42: 673 | L42: 361 | M42: 93 | N42: 6 | O42: 27.86 | P42: 27.86
A43: 13 | B43: ТЕРм37-01-002-01 Постан.Правит.Свердл.обл. от 10.11.10 №1616-ПП ВР лист 2 поз.6 | C43: Монтаж оборудования без механизмов в помещении, масса оборудования 0,03 т=устройство выгрузное черт.А.99.1010.000 -1 шт.исп.сущ. (МДС81-37.2004 п.п.4.3.1 т.2.Коэффициент изменения массы оборудования 0,41-0,5 ПЗ=0,75 (ОЗП=0,75; ЭМ=0,75 к расх.; ЗПМ=0,75; МАТ=0,75 к расх.; ТЗ=0,75; ТЗМ=0,75)) | D43: 1 шт. | E43: 1 | F43: 357.95 | G43: 176.63 | H43: 34.39 | K43: 358 | L43: 177 | M43: 34 | O43: 13.65 | P43: 13.65
A44: 14 О | B44: Прайс "Megal " Спец-ия лист 2 поз.12 | C44: Вышка-стремянка разборная, на колесах ВС-1,0 (Итого без НДС (ПЗ=ПЗ/1,18-ПЗ); приведение к базисному уровню цен на оборудование, мебель, инвентарь (ПЗ=ПЗ/4,48-ПЗ); Транспортные расходы - согласно п.4.60 из МДС 81-35.2004 ПЗ=3% (ОЗП=3%; ЭМ=3%; МАТ=3%); Заготовительно-складские расходы - согласно п.4.64 из МДС 81-35.2004 ПЗ=1,2% (ОЗП=1,2%; ЭМ=1,2%; МАТ=1,2%)) | D44: шт | E44: 1 | F44: 4485.8 | J44: 4486 | K44: 4486
A45: 15 | B45: Прайс ООО "Силтон " Спец-ия лист 2 поз.16 | C45: Соединение KAMLOK SSA-019 (Итого без НДС (МАТ=МАТ/1,18-МАТ); приведение к базисному уровню цен на материалы (МАТ=МАТ/5,73-МАТ)) | D45: шт | E45: 2 | F45: 53.24 | K45: 106
A46: 16 | B46: Прайс ООО "Силтон " Спец-ия лист 2 поз.17 | C46: Соединение KAMLOK SSA-051 (Итого без НДС (МАТ=МАТ/1,18-МАТ); приведение к базисному уровню цен на материалы (МАТ=МАТ/5,73-МАТ)) | D46: шт | E46: 1 | F46: 130.15 | K46: 130
A47: 17 | B47: Прайс ООО "Силтон " Спец-ия лист 3 поз.18 | C47: Соединение KAMLOK SSС-019 (Итого без НДС (МАТ=МАТ/1,18-МАТ); приведение к базисному уровню цен на материалы (МАТ=МАТ/5,73-МАТ)) | D47: шт | E47: 2 | F47: 53.24 | K47: 106
A48: 18 | B48: Прайс ООО "Силтон " Спец-ия лист 3 поз.19 | C48: Соединение KAMLOK SSС-051 (Итого без НДС (МАТ=МАТ/1,18-МАТ); приведение к базисному уровню цен на материалы (МАТ=МАТ/5,73-МАТ)) | D48: шт | E48: 1 | F48: 218.89 | K48: 219
A49: 19 | B49: Прайс ООО "Стандарт " Спец-ия лист 3 поз.20 | C49: Штуцер приварной DN 15, AISI 304/L, арт.№ НР19 (Итого без НДС (МАТ=МАТ/1,18-МАТ); приведение к базисному уровню цен на материалы (МАТ=МАТ/5,73-МАТ)) | D49: шт | E49: 2 | F49: 17.75 | K49: 36
A50: 20 | B50: Прайс ООО "Стандарт " Спец-ия лист 3 поз.21 | C50: Штуцер приварной DN 40, AISI 316/L, арт.№ НР19 (Итого без НДС (МАТ=МАТ/1,18-МАТ); приведение к базисному уровню цен на материалы (МАТ=МАТ/5,73-МАТ)) | D50: шт | E50: 1 | F50: 47.7 | K50: 48
A51: 21 | B51: ТЕРм12-10-001-01 Постан.Правит.Свердл.обл. от 10.11.10 №1616-ПП | C51: Бобышки, штуцеры на условное давление до 10 МПа | D51: 100 шт. | E51: 0.03 | F51: 1607.75 | G51: 886.17 | H51: 492.2 | K51: 48 | L51: 27 | M51: 15 | O51: 65.4 | P51: 1.96
A52: 22 | B52: Прайс ООО "Силтон " Спец-ия лист 3 поз.22 | C52: Хомут силовой 30-33 мм/W1 (Итого без НДС (МАТ=МАТ/1,18-МАТ); приведение к базисному уровню цен на материалы (МАТ=МАТ/5,73-МАТ)) | D52: шт | E52: 4 | F52: 4.14 | K52: 17
A53: 23 | B53: Прайс ООО "Силтон " Спец-ия лист 3 поз.23 | C53: Хомут силовой 64-67 (Итого без НДС (МАТ=МАТ/1,18-МАТ); приведение к базисному уровню цен на материалы (МАТ=МАТ/5,73-МАТ)) | D53: шт | E53: 2 | F53: 8.28 | K53: 17
A54: 24 | B54: Прайс ООО "Силтон " Спец-ия лист 4 поз.24 | C54: Рукав для химии RESIST EPDM (dвн=19 мм, dнар=31 мм) (Итого без НДС (МАТ=МАТ/1,18-МАТ); приведение к базисному уровню цен на материалы (МАТ=МАТ/5,73-МАТ)) | D54: м | E54: 2.5 | F54: 282.63 | K54: 707
A55: 25 | B55: Прайс ООО "Силтон " Спец-ия лист 4 поз.25 | C55: Рукав для химии RESIST EPDM (dвн=50 мм, dнар=66 мм) (Итого без НДС (МАТ=МАТ/1,18-МАТ); приведение к базисному уровню цен на материалы (МАТ=МАТ/5,73-МАТ)) | D55: м | E55: 1.5 | F55: 372.11 | K55: 558
A56: 26 | B56: Прайс ООО "Силтон " Спец-ия лист 4 поз.26 | C56: Соединение KAMLOK SSDС-019 (Итого без НДС (МАТ=МАТ/1,18-МАТ); приведение к базисному уровню цен на материалы (МАТ=МАТ/5,73-МАТ)) | D56: шт | E56: 2 | F56: 86.52 | K56: 173
A57: 27 | B57: Прайс ООО "Силтон " Спец-ия лист 4 поз.26 | C57: Соединение KAMLOK SSDР-019 (Итого без НДС (МАТ=МАТ/1,18-МАТ); приведение к базисному уровню цен на материалы (МАТ=МАТ/5,73-МАТ)) | D57: шт | E57: 2 | F57: 53.24 | K57: 106
A58: 28 | B58: Прайс ООО "Силтон " Спец-ия лист 4 поз.28 | C58: Соединение KAMLOK SSDС-051 (Итого без НДС (МАТ=МАТ/1,18-МАТ); приведение к базисному уровню цен на материалы (МАТ=МАТ/5,73-МАТ)) | D58: шт | E58: 1 | F58: 193.75 | K58: 194
A59: 29 | B59: Прайс ООО "Силтон " Спец-ия лист 4 поз.29 | C59: Соединение KAMLOK SSDР-051 (Итого без НДС (МАТ=МАТ/1,18-МАТ); приведение к базисному уровню цен на материалы (МАТ=МАТ/5,73-МАТ)) | D59: шт | E59: 1 | F59: 113.14 | K59: 113
A60: 30 | B60: ТЕРм12-12-001-02 Постан.Правит.Свердл.обл. от 10.11.10 №1616-ПП Спец-ия лист 5 поз.38 | C60: Арматура фланцевая с ручным приводом или без привода водопроводная на условное давление до 4 МПа, диаметр условного прохода 15 мм | D60: 1 шт. | E60: 39 | F60: 43.37 | G60: 40.65 | K60: 1691 | L60: 1585 | O60: 3 | P60: 117
A61: 31 | B61: Прайс ООО "Технолайн " Спец-ия лист 5 поз.38 | C61: Кран шаровой проходной фланцевый ШКР НЖ-15 (DN 15 мм, PN 1,6 МПа) (Итого без НДС (МАТ=МАТ/1,18-МАТ); приведение к базисному уровню цен на материалы (МАТ=МАТ/5,73-МАТ)) | D61: шт | E61: 39 | F61: 427.57 | K61: 16675
A62: 32 | B62: ТЕРм12-12-001-04 Постан.Правит.Свердл.обл. от 10.11.10 №1616-ПП Спец-ия лист 5 поз.39 | C62: Арматура фланцевая с ручным приводом или без привода водопроводная на условное давление до 4 МПа, диаметр условного прохода 25 мм | D62: 1 шт. | E62: 2 | F62: 43.61 | G62: 40.65 | K62: 87 | L62: 81 | O62: 3 | P62: 6
A63: 33 | B63: Прайс ООО "Технолайн " Спец-ия лист 5 поз.39 | C63: Кран шаровой проходной фланцевый ШКР НЖ-25 (DN 25 мм, PN 1,6 МПа) (Итого без НДС (МАТ=МАТ/1,18-МАТ); приведение к базисному уровню цен на материалы (МАТ=МАТ/5,73-МАТ)) | D63: шт | E63: 2 | F63: 951.13 | K63: 1902
A64: 34 | B64: ТЕРм12-12-001-06 Постан.Правит.Свердл.обл. от 10.11.10 №1616-ПП Спец-ия лист 5 поз.40 | C64: Арматура фланцевая с ручным приводом или без привода водопроводная на условное давление до 4 МПа, диаметр условного прохода 40 мм | D64: 1 шт. | E64: 3 | F64: 49.66 | G64: 43.36 | H64: 1.09 | K64: 149 | L64: 130 | M64: 3 | O64: 3.2 | P64: 9.6
A65: 35 | B65: Прайс ООО "Технолайн " Спец-ия лист 5 поз.40 | C65: Кран шаровой проходной фланцевый ШКР НЖ-40 (DN 40 мм, PN 1,6 МПа) (Итого без НДС (МАТ=МАТ/1,18-МАТ); приведение к базисному уровню цен на материалы (МАТ=МАТ/5,73-МАТ)) | D65: шт | E65: 3 | F65: 1937.17 | K65: 5812
A66: 36 | B66: ТЕРм12-12-001-02 Постан.Правит.Свердл.обл. от 10.11.10 №1616-ПП Спец-ия лист 6 поз.41 | C66: Арматура фланцевая с ручным приводом или без привода водопроводная на условное давление до 4 МПа, диаметр условного прохода 15 мм | D66: 1 шт. | E66: 3 | F66: 43.37 | G66: 40.65 | K66: 130 | L66: 122 | O66: 3 | P66: 9
A67: 37 | B67: Прайс ЗАО "Курганспецарматура" Спец-ия лист 6 поз.41 | C67: Клапан обратный осесимметричный с ответными фланцами и крепежом КСА 41 16нж84нж (DN 15 мм, PN 1,6 МПа) (Итого без НДС (МАТ=МАТ/1,18-МАТ); приведение к базисному уровню цен на материалы (МАТ=МАТ/5,73-МАТ)) | D67: шт | E67: 3 | F67: 838.58 | K67: 2516
A68: 38 | B68: ТЕРм12-12-001-04 Постан.Правит.Свердл.обл. от 10.11.10 №1616-ПП Спец-ия лист 6 поз.42 | C68: Арматура фланцевая с ручным приводом или без привода водопроводная на условное давление до 4 МПа, диаметр условного прохода 25 мм | D68: 1 шт. | E68: 1 | F68: 43.61 | G68: 40.65 | K68: 44 | L68: 41 | O68: 3 | P68: 3
A69: 39 | B69: Прайс ЗАО "Курганспецарматура" Спец-ия лист 6 поз.42 | C69: Клапан обратный осесимметричный с ответными фланцами и крепежом КСА 41 16нж84нж (DN 25 мм, PN 1,6 МПа) (приведение к базисному уровню цен на материалы (МАТ=МАТ/5,73-МАТ)) | D69: шт | E69: 1 | F69: 1168.76 | K69: 1169
A70: 40 | B70: ТЕРм12-12-001-04 Постан.Правит.Свердл.обл. от 10.11.10 №1616-ПП Спец-ия лист 6 поз.43 | C70: Арматура фланцевая с ручным приводом или без привода водопроводная на условное давление до 4 МПа, диаметр условного прохода 25 мм | D70: 1 шт. | E70: 2 | F70: 43.61 | G70: 40.65 | K70: 87 | L70: 81 | O70: 3 | P70: 6
A71: 41 | B71: Прайс "Техмаркет групп " Спец-ия лист 6 поз.43 | C71: Клапан предохранительный полноподъемный пружинный фланцевый 17нж14нж (DN 25 мм, PN 4,0 МПа) (Итого без НДС (МАТ=МАТ/1,18-МАТ); приведение к базисному уровню цен на материалы (МАТ=МАТ/5,73-МАТ)) | D71: шт | E71: 2 | F71: 2953.68 | K71: 5907
A72: 42 | B72: ТЕРм12-12-003-01 Постан.Правит.Свердл.обл. от 10.11.10 №1616-ПП Спец-ия лист 6 поз.44 | C72: Арматура фланцевая с электрическим приводом на условное давление до 4 МПа, диаметр условного прохода 32 мм=Ду15 мм | D72: 1 шт. | E72: 8 | F72: 65.39 | G72: 59.62 | H72: 2.18 | K72: 523 | L72: 477 | M72: 17 | O72: 4.4 | P72: 35.2
A73: 43 О | B73: Прайс ООО ПФ "Ока " Спец-ия лист 6 поз.44 | C73: Клапан электромагнитный ЭПК-01 (DN15 мм, PN 1,6 МПа) (Итого без НДС (ПЗ=ПЗ/1,18-ПЗ); приведение к базисному уровню цен на оборудование, мебель, инвентарь (ПЗ=ПЗ/4,48-ПЗ); Расходы на комплектацию оборудования - согласно п.4.63 из МДС 81-35.2004 ПЗ=1% (ОЗП=1%; ЭМ=1%; МАТ=1%); Транспортные расходы - согласно п.4.60 из МДС 81-35.2004 ПЗ=3% (ОЗП=3%; ЭМ=3%; МАТ=3%); Заготовительно-складские расходы - согласно п.4.64 из МДС 81-35.2004 ПЗ=1,2% (ОЗП=1,2%; ЭМ=1,2%; МАТ=1,2%); МДС 81-35.2004 п.4.58.Стоимость тары и упаковки - для крупного технологического оборудования ПЗ=1,005 (ОЗП=1,005; ЭМ=1,005; МАТ=1,005 к расх.)) | E73: 8 | F73: 3718.9 | J73: 29751 | K73: 29751
A74: 44 | B74: ТЕРм12-12-001-04 Постан.Правит.Свердл.обл. от 10.11.10 №1616-ПП Спец-ия лист 6 поз.45 | C74: Арматура фланцевая с ручным приводом или без привода водопроводная на условное давление до 4 МПа, диаметр условного прохода 25 мм | D74: 1 шт. | E74: 1 | F74: 43.61 | G74: 40.65 | K74: 44 | L74: 41 | O74: 3 | P74: 3
A75: 45 | B75: Прайс ЗАО "ВА"Интерарм " Спец-ия лист 6 поз.45 | C75: Затвор обратный дисковый ВА45001-25-6-4-Е (DN 25 мм, PN 0,6 МПа) (приведение к базисному уровню цен на материалы (МАТ=МАТ/5,73-МАТ)) | D75: шт | E75: 1 | F75: 307.16 | K75: 307
A76: 46 | B76: ТЕРм12-12-009-02 Постан.Правит.Свердл.обл. от 10.11.10 №1616-ПП Спец-ия лист 6 поз.46 | C76: Арматура муфтовая с ручным приводом или без привода водопроводная на условное давление до 10 МПа, диаметр условного прохода 15 мм | D76: 1 шт. | E76: 4 | F76: 75.11 | G76: 65.04 | H76: 5.02 | K76: 300 | L76: 260 | M76: 20 | O76: 4.8 | P76: 19.2
A77: 47 | B77: Прайс ОАО "Пензапромарматура " Спец-ия лист 6 поз.46 | C77: Кран трехходовой натяжной муфтовый DN15 PN 1,6 МПа 11Б38бк (Итого без НДС (МАТ=МАТ/1,18-МАТ); приведение к базисному уровню цен на материалы (МАТ=МАТ/5,73-МАТ)) | D77: шт | E77: 4 | F77: 14.49 | K77: 58
A78: 48 | B78: ТЕРм11-02-001-01 Постан.Правит.Свердл.обл. от 10.11.10 №1616-ПП Спец-ия лист 7 поз.47 | C78: Прибор, устанавливаемый на резьбовых соединениях, масса до 1,5 кг | D78: 1 шт. | E78: 1 | F78: 15.88 | G78: 14.39 | K78: 16 | L78: 14 | O78: 1.03 | P78: 1.03
A79: 49 О | B79: Прайс интернет Спец-ия лист 7 поз.47 | C79: Блок подготовки воздуха фирмы "FESTO" (Итого без НДС (ПЗ=ПЗ/1,18-ПЗ); приведение к базисному уровню цен на оборудование, мебель, инвентарь (ПЗ=ПЗ/4,48-ПЗ); Расходы на комплектацию оборудования - согласно п.4.63 из МДС 81-35.2004 ПЗ=1% (ОЗП=1%; ЭМ=1%; МАТ=1%); Транспортные расходы - согласно п.4.60 из МДС 81-35.2004 ПЗ=3% (ОЗП=3%; ЭМ=3%; МАТ=3%); Заготовительно-складские расходы - согласно п.4.64 из МДС 81-35.2004 ПЗ=1,2% (ОЗП=1,2%; ЭМ=1,2%; МАТ=1,2%); МДС 81-35.2004 п.4.58.Стоимость тары и упаковки - для крупного технологического оборудования ПЗ=1,005 (ОЗП=1,005; ЭМ=1,005; МАТ=1,005 к расх.)) | D79: шт | E79: 1 | F79: 1954.3 | J79: 1954 | K79: 1954
A80: 50 | B80: ТЕРм11-02-022-01 Постан.Правит.Свердл.обл. от 10.11.10 №1616-ПП Спец-ия лист 7 поз.49 | C80: Ротаметр показывающий, диаметр условного прохода до 10 мм; счетчик, диаметр условного прохода до 40 мм, устанавливаемые на резьбовых (муфтовых) соединениях | D80: 1 шт. | E80: 3 | F80: 12.94 | G80: 12.69 | K80: 39 | L80: 38 | O80: 1.03 | P80: 3.09
A81: 51 О | B81: Прайс ОАО "Манотомь " Спец-ия лист 7 поз.49 | C81: Манометр показывающий ДМ8009-Кс (приведение к базисному уровню цен на оборудование, мебель, инвентарь (ПЗ=ПЗ/4,48-ПЗ); Расходы на комплектацию оборудования - согласно п.4.63 из МДС 81-35.2004 ПЗ=1% (ОЗП=1%; ЭМ=1%; МАТ=1%); Транспортные расходы - согласно п.4.60 из МДС 81-35.2004 ПЗ=3% (ОЗП=3%; ЭМ=3%; МАТ=3%); Заготовительно-складские расходы - согласно п.4.64 из МДС 81-35.2004 ПЗ=1,2% (ОЗП=1,2%; ЭМ=1,2%; МАТ=1,2%); МДС 81-35.2004 п.4.58.Стоимость тары и упаковки - для крупного технологического оборудования ПЗ=1,005 (ОЗП=1,005; ЭМ=1,005; МАТ=1,005 к расх.)) | D81: шт | E81: 3 | F81: 2279.06 | J81: 6837 | K81: 6837
A82: 52 | B82: ТЕРм11-02-001-01 Постан.Правит.Свердл.обл. от 10.11.10 №1616-ПП Спец-ия лист 7 поз.50 | C82: Прибор, устанавливаемый на резьбовых соединениях, масса до 1,5 кг | D82: 1 шт. | E82: 1 | F82: 15.88 | G82: 14.39 | K82: 16 | L82: 14 | O82: 1.03 | P82: 1.03
A83: 53 О | B83: Прайс ОАО"Манотомь" Спец-ия лист 7 поз.50 | C83: Манометр показывающий МПЗ-У (приведение к базисному уровню цен на оборудование, мебель, инвентарь (ПЗ=ПЗ/4,48-ПЗ); Расходы на комплектацию оборудования - согласно п.4.63 из МДС 81-35.2004 ПЗ=1% (ОЗП=1%; ЭМ=1%; МАТ=1%); Транспортные расходы - согласно п.4.60 из МДС 81-35.2004 ПЗ=3% (ОЗП=3%; ЭМ=3%; МАТ=3%); Заготовительно-складские расходы - согласно п.4.64 из МДС 81-35.2004 ПЗ=1,2% (ОЗП=1,2%; ЭМ=1,2%; МАТ=1,2%); МДС 81-35.2004 п.4.58.Стоимость тары и упаковки - для крупного технологического оборудования ПЗ=1,005 (ОЗП=1,005; ЭМ=1,005; МАТ=1,005 к расх.)) | D83: шт | E83: 1 | F83: 100.37 | J83: 100 | K83: 100
A84: 54 | B84: Прайс ОАО"Манотомь" Спец-ия лист 7 поз.51 | C84: Бобышка М20х1.5-7Н (приведение к базисному уровню цен на материалы (МАТ=МАТ/5,73-МАТ)) | D84: шт | E84: 4 | F84: 89.53 | K84: 358
A85: 55 | B85: ТЕРм12-10-001-01 Постан.Правит.Свердл.обл. от 10.11.10 №1616-ПП | C85: Бобышки, штуцеры на условное давление до 10 МПа | D85: 100 шт. | E85: 0.04 | F85: 1607.75 | G85: 886.17 | H85: 492.2 | K85: 64 | L85: 35 | M85: 20 | O85: 65.4 | P85: 2.62
A86: 56 О | B86: КП № 5759 от 03.10.2014 ООО"Компания Тапфло" Спец-ия лист 10 | C86: Мембранный пневматический насос арт. TR 20 ТТТ (Итого без НДС (ПЗ=ПЗ/1,18-ПЗ); приведение к базисному уровню цен на оборудование, мебель, инвентарь (ПЗ=ПЗ/4,48-ПЗ); Расходы на комплектацию оборудования - согласно п.4.63 из МДС 81-35.2004 ПЗ=1% (ОЗП=1%; ЭМ=1%; МАТ=1%); Транспортные расходы - согласно п.4.60 из МДС 81-35.2004 ПЗ=3% (ОЗП=3%; ЭМ=3%; МАТ=3%); Заготовительно-складские расходы - согласно п.4.64 из МДС 81-35.2004 ПЗ=1,2% (ОЗП=1,2%; ЭМ=1,2%; МАТ=1,2%)) | D86: шт | E86: 3 | F86: 43722.4 | J86: 131167 | K86: 131167
A87: 57 | B87: ФЕР26-01-013-01 Приказ Минстроя РФ от 30.01.14 №31/пр Спец-ия лист 7 поз.52-54 | C87: Изоляция арматуры и фланцевых соединений съемными полуфутлярами условный диаметр трубопроводов: до 200 мм (ОЗП=1,41; ЭМ=1,242; ЗПМ=1,41; МАТ=0 к расх.) | D87: 10 шт. арматуры и фланцевых соединений | E87: 9.3 | F87: 791.96 | G87: 730.24 | H87: 61.72 | K87: 7365 | L87: 6791 | M87: 574 | O87: 46.7 | P87: 434.31
A88: 58 | B88: Прайс "Защитные системы " Спец-ия лист 7 поз.52 | C88: Кожух защитный КЗТТ Ду 15 (полипропиленовый) (приведение к базисному уровню цен на материалы (МАТ=МАТ/5,73-МАТ)) | D88: шт | E88: 70 | F88: 26.7 | K88: 1869
A89: 59 | B89: Прайс "Защитные системы " Спец-ия лист 7 поз.53 | C89: Кожух защитный КЗТТ Ду 25 (полипропиленовый) (приведение к базисному уровню цен на материалы (МАТ=МАТ/5,73-МАТ)) | D89: шт | E89: 16 | F89: 30.02 | K89: 480
A90: 60 | B90: Прайс "Защитные системы " Спец-ия лист 7 поз.54 | C90: Кожух защитный КЗТТ Ду 40 (полипропиленовый) (приведение к базисному уровню цен на материалы (МАТ=МАТ/5,73-МАТ)) | D90: шт | E90: 7 | F90: 34.73 | K90: 243
A91: 61 | B91: ТЕРм12-01-066-01 Постан.Правит.Свердл.обл. от 10.11.10 №1616-ПП Спец-ия лист 9 поз.77, лист 5 поз.30,37 | C91: Трубопровод в помещениях или на открытых площадках в пределах цехов из труб высоколегированных сталей, монтируемый из труб и готовых деталей, на условное давление не более 2,5 МПа, диаметр трубопровода наружный 45 мм=трубопровод DN 15 мм | D91: 100 м трубопровода | E91: 1.002 | F91: 9170.06 | G91: 2831.95 | H91: 6206.33 | I91: 451.62 | K91: 9188 | L91: 2838 | M91: 6219 | N91: 453 | O91: 209 | P91: 209.42 | Q91: 210.4
A92: 62 | B92: ТСЦ-507-0394 Постан.Правит.Свердл.обл. от 10.11.10 №1616-ПП Применит | C92: Трубы бесшовные холоднодеформированные из коррозионностойкой стали марки 12Х18Н10Т(8443) наружным диаметром 25 мм, толщиной стенки 2,5 мм=труба 20х2,5 | D92: 10 м | E92: 10.02 | F92: 2193 | K92: 21974
A93: 63 | B93: ТЕРм12-01-066-01 Постан.Правит.Свердл.обл. от 10.11.10 №1616-ПП Спец-ия лист 9 поз.78, лист 5 поз.32 | C93: Трубопровод в помещениях или на открытых площадках в пределах цехов из труб высоколегированных сталей, монтируемый из труб и готовых деталей, на условное давление не более 2,5 МПа, диаметр трубопровода наружный 45 мм=трубопровод DN 25 мм | D93: 100 м трубопровода | E93: 0.351 | F93: 9170.06 | G93: 2831.95 | H93: 6206.33 | I93: 451.62 | K93: 3219 | L93: 994 | M93: 2178 | N93: 159 | O93: 209 | P93: 73.36 | Q93: 73.71
A94: 64 | B94: ТСЦ-507-0398 Постан.Правит.Свердл.обл. от 10.11.10 №1616-ПП | C94: Трубы бесшовные холоднодеформированные из коррозионностойкой стали марки 12Х18Н10Т(8443) наружным диаметром 32 мм, толщиной стенки 2,5 мм | D94: 10 м | E94: 3.51 | F94: 2682.79 | K94: 9417
A95: 65 | B95: ТСЦ-507-1309 Постан.Правит.Свердл.обл. от 10.11.10 №1616-ПП Спец-ия лист 5 поз.34,35 | C95: Фланцы стальные плоские приварные из стали 12Х18Н9Т, давлением 1,6 МПа (16 кгс/см2), диаметром 25 мм | D95: шт. | E95: 22 | F95: 234 | K95: 5148
A96: 66 | B96: ТЕРм12-01-066-01 Постан.Правит.Свердл.обл. от 10.11.10 №1616-ПП Спец-ия лист 9 поз.79, лист5 поз.31 | C96: Трубопровод в помещениях или на открытых площадках в пределах цехов из труб высоколегированных сталей, монтируемый из труб и готовых деталей, на условное давление не более 2,5 МПа, диаметр трубопровода наружный 45 мм=трубопровод DN 40 мм | D96: 100 м трубопровода | E96: 0.351 | F96: 9170.06 | G96: 2831.95 | H96: 6206.33 | I96: 451.62 | K96: 3219 | L96: 994 | M96: 2178 | N96: 159 | O96: 209 | P96: 73.36 | Q96: 73.71
A97: 67 | B97: ТСЦ-507-0404 Постан.Правит.Свердл.обл. от 10.11.10 №1616-ПП | C97: Трубы бесшовные холоднодеформированные из коррозионностойкой стали марки 12Х18Н10Т(8443) наружным диаметром 45 мм, толщиной стенки 2,5 мм | D97: 10 м | E97: 3.51 | F97: 3697.49 | K97: 12978
A98: 68 | B98: ТСЦ-507-1311 Постан.Правит.Свердл.обл. от 10.11.10 №1616-ПП Спец-ия лист 2 поз.13,14 | C98: Фланцы стальные плоские приварные из стали 12Х18Н9Т, давлением 1,6 МПа (16 кгс/см2), диаметром 40 мм | D98: шт. | E98: 2 | F98: 292.5 | K98: 585
A99: 69 | B99: ТЕРм12-01-001-01 Постан.Правит.Свердл.обл. от 10.11.10 №1616-ПП Спец-ия лист 9 поз.80 | C99: Трубопровод из водогазопроводных труб с фитингами на резьбе, диаметр условного прохода 15-25 мм | D99: 100 м | E99: 0.17 | F99: 1892.99 | G99: 1544.7 | H99: 297.06 | I99: 41.93 | K99: 322 | L99: 263 | M99: 51 | N99: 7 | O99: 114 | P99: 19.38
A100: 70 | B100: ТСЦ-103-0049 Постан.Правит.Свердл.обл. от 10.11.10 №1616-ПП | C100: Трубы стальные сварные водогазопроводные с резьбой оцинкованные обыкновенные, диаметр условного прохода 15 мм, толщина стенки 2,8 мм | D100: м | E100: 17 | F100: 19.3 | K100: 328
A101: 71 | B101: ТЕР07-01-044-03 Постан.Правит.Свердл.обл. от 10.11.10 №1616-ПП Спец-ия лист 9 поз.81 | C101: Установка монтажных изделий массой до 20 кг | D101: 1 т стальных элементов | E101: 0.00633 | F101: 13769.84 | G101: 614.03 | H101: 303.06 | K101: 87 | L101: 4 | M101: 2 | O101: 42.7 | P101: 0.27
A102: 72 | B102: ТЕР09-03-039-01 Постан.Правит.Свердл.обл. от 10.11.10 №1616-ПП Спец-ия лист 9 поз75,.82,83, лист 10 поз.84 | C102: Монтаж опорных конструкций для крепления трубопроводов внутри зданий и сооружений массой до 0,1 т | D102: 1 т конструкций | E102: 0.56974 | F102: 1711.14 | G102: 1025.21 | H102: 386.58 | I102: 2 | K102: 975 | L102: 584 | M102: 220 | N102: 1 | O102: 80.22 | P102: 45.7
A103: 73 | B103: ТСЦ-201-0778 Постан.Правит.Свердл.обл. от 10.11.10 №1616-ПП | C103: Прочие индивидуальные сварные конструкции, масса сборочной единицы до 0,1 т | D103: т | E103: 0.56974 | F103: 13506.5 | K103: 7695
A104: 74 | B104: ТСЦ-301-1224 Постан.Правит.Свердл.обл. от 10.11.10 №1616-ПП Спец-ия лист 8 поз.68-70 | C104: Крепления для трубопроводов: кронштейны, планки, хомуты | D104: кг | E104: 3.678 | F104: 17.02 | K104: 63
A105: 75 | B105: ТСЦ-101-1703 Постан.Правит.Свердл.обл. от 10.11.10 №1616-ПП Спец-ия лист 5 поз.36, лист 2 поз.15 | C105: Прокладки резиновые (пластина техническая прессованная) | D105: кг | E105: 0.171 | F105: 24.75 | K105: 4
A106: 76 | B106: Прайс Скайнет РБС Спец-ия лист 8 поз.57 | C106: Болт М8-6gх50.23.14Х17Н2 (Итого без НДС (МАТ=МАТ/1,18-МАТ); приведение к базисному уровню цен на материалы (МАТ=МАТ/5,73-МАТ)) | D106: шт | E106: 12 | F106: 5.17 | K106: 62
A107: 77 | B107: Прайс Скайнет РБС Спец-ия лист 8 поз.58 | C107: Болт М10-6gх60.23.14Х17Н2 (Итого без НДС (МАТ=МАТ/1,18-МАТ); приведение к базисному уровню цен на материалы (МАТ=МАТ/5,73-МАТ)) | D107: шт | E107: 4 | F107: 6.73 | K107: 27
A108: 78 | B108: Прайс Скайнет РБС Спец-ия лист 8 поз.59 | C108: Болт М12-6gх50.23.14Х17Н2 (Итого без НДС (МАТ=МАТ/1,18-МАТ); приведение к базисному уровню цен на материалы (МАТ=МАТ/5,73-МАТ)) | D108: шт | E108: 52 | F108: 7.4 | K108: 385
...

Sheet 04-40697-0-0-ОВ.ЛС1 ПНР
A1: СОГЛАСОВАНО: | J1: УТВЕРЖДАЮ:
A4: ________________ | J4: ________________
A5: " _____ " ________________ 2011 г. | J5: "______ " _______________2011 г.
E7: (наименование стройки)
D9: ЛОКАЛЬНЫЙ СМЕТНЫЙ РАСЧЕТ № 04-40697-0-0-ОВ.ЛС1
D10: (локальная смета)
B12: на | C12: Вентиляция. Пусконаладочные работы
E13: (наименование работ и затрат, наименование объекта)
C15: Основание: 04-40697-0-0-ОВ.ВР1
C16: Сметная стоимость прочих _______________________________________________________________________________________________ | E16: ___________________________6,780 | G16: тыс. руб.
C17: Средства на оплату труда _______________________________________________________________________________________________ | E17: ___________________________3,307 | G17: тыс. руб.
C18: Сметная трудоемкость _______________________________________________________________________________________________ | E18: _______________________________________________________________________________________________169,95 | G18: чел.час
C19: Составлен(а) в текущих (прогнозных) ценах по состоянию на _______2011 г.
A22: № пп | B22: Обоснование | C22: Наименование | D22: Ед. изм. | E22: Кол. | F22: Стоимость единицы, руб. | J22: Общая стоимость, руб.
F23: Всего | G23: В том числе | J23: Всего | K23: В том числе
G24: Осн.З/п | H24: Эк.Маш. | I24: З/пМех | K24: Осн.З/п | L24: Эк.Маш. | M24: З/пМех
A25: 1 | B25: 2 | C25: 3 | D25: 4 | E25: 5 | F25: 6 | G25: 7 | H25: 8 | I25: 9 | J25: 10 | K25: 11 | L25: 12 | M25: 13
A26: Раздел 1.
B27: ТЕРп03-01-002-01 Постан.Правит.Свердл.обл. от 10.11.10 №1616-ПП | C27: Вентилятор осевой с входными элементами сети, установленный в воздуховоде, шахте, проеме или крышечного типа № 4-8 НР (141 руб.): 65% от ФОТ (217 руб.) СП (87 руб.): 40% от ФОТ (217 руб.) | D27: 1 устройство | E27: 3 2+1 | F27: 92.24 | G27: 92.24 | J27: 277 | K27: 277
B28: ТЕРп03-01-011-01 Постан.Правит.Свердл.обл. от 10.11.10 №1616-ПП | C28: Регулировочно-запорное устройство клапан воздушный проходной с электрическим, пневматическим приводом НР (58 руб.): 65% от ФОТ (89 руб.) СП (36 руб.): 40% от ФОТ (89 руб.) | D28: 1 устройство | E28: 4 | F28: 28.59 | G28: 28.59 | J28: 114 | K28: 114
B29: ТЕРп03-01-022-02 Постан.Правит.Свердл.обл. от 10.11.10 №1616-ПП | C29: Сеть систем вентиляции и кондиционирования воздуха при количестве сечений до 10 НР (272 руб.): 65% от ФОТ (418 руб.) СП (167 руб.): 40% от ФОТ (418 руб.) | D29: 1 вентиляционная сеть | E29: 2 | F29: 266.81 | G29: 266.81 | J29: 534 | K29: 534
B30: ТЕРп03-01-041-05 Постан.Правит.Свердл.обл. от 10.11.10 №1616-ПП | C30: Определение потерь (подсосов) воздуха в вентиляционной сети переносным вентилятором при суммарной длине воздуховода до 30 м, площадь сечения воздуховода в месте присоединения переносного вентилятора до 0,5 м2 НР (1586 руб.): 65% от ФОТ (2440 руб.) СП (976 руб.): 40% от ФОТ (2440 руб.) | D30: 1 участок вентиляционной сети | E30: 8 | F30: 389.72 | G30: 389.72 | J30: 3118 | K30: 3118
B31: ТЕРп03-01-045-01 Постан.Правит.Свердл.обл. от 10.11.10 №1616-ПП | C31: Система воздухораспределения в одном помещении для регулирования метеорологических условий в рабочей зоне при количестве приточных насадков (воздухораспределителей) до 4 НР (93 руб.): 65% от ФОТ (143 руб.) СП (57 руб.): 40% от ФОТ (143 руб.) | D31: 1 помещение | E31: 3 1+2 | F31: 60.99 | G31: 60.99 | J31: 183 | K31: 183
A32: Итого по разделу 1 | J32: 6780
A33: ИТОГИ ПО СМЕТЕ:
A34: Итого прямые затраты по смете в ценах 2001г. | J34: 4226 | K34: 4226
A35: Итого прямые затраты по смете с учетом коэффициентов к итогам | J35: 3307 | K35: 3307
A36: Накладные расходы | J36: 2150
A37: Сметная прибыль | J37: 1323
A38: Итоги по смете:
A39: Пусконаладочные работы: 'вхолостую' - 75%, 'под нагрузкой' - 25%:
A40: Итого Поз. | J40: 4226 | K40: 4226
A41: Всего с учетом районного к-та 4,34% | J41: 4409 | K41: 4409
A42: Всего с учетом "Пусконаладочные работы: 'вхолостую' - 75% ПЗ=0,75 (ОЗП=0,75; ЭМ=0,75; ЗПМ=0,75; МАТ=0,75; ТЗ=0,75; ТЗМ=0,75)" | J42: 3307 | K42: 3307
A43: Накладные расходы 65% ФОТ (от 3 307) | J43: 2150
A44: Сметная прибыль 40% ФОТ (от 3 307) | J44: 1323
A45: Итого c накладными и см. прибылью | J45: 6780
A46: Итого | J46: 6780
A47: В том числе:
A48: ФОТ | J48: 3307
A49: Накладные расходы | J49: 2150
A50: Сметная прибыль | J50: 1323
A51: ВСЕГО по смете | J51: 6780

Sheet 04-40697-0-0-ЭМ.ЛС1 ПНР
A1: СОГЛАСОВАНО: | J1: УТВЕРЖДАЮ:
A4: ________________ | J4: ________________
A5: " _____ " ________________ 2011 г. | J5: "______ " _______________2011 г.
E7: (наименование стройки)
D9: ЛОКАЛЬНЫЙ СМЕТНЫЙ РАСЧЕТ № 04-40697-0-0-ЭМ.ЛС1
D10: (локальная смета)
B12: на | C12: Силовое электрооборудование. Пусконаладочные работы
E13: (наименование работ и затрат, наименование объекта)
C15: Основание: РД 04-40697-0-0-ЭМ.ВР1
C16: Сметная стоимость прочих _______________________________________________________________________________________________ | E16: ___________________________2,800 | G16: тыс. руб.
C17: Средства на оплату труда _______________________________________________________________________________________________ | E17: ___________________________1,366 | G17: тыс. руб.
C18: Сметная трудоемкость _______________________________________________________________________________________________ | E18: _______________________________________________________________________________________________76,08 | G18: чел.час
C19: Составлен(а) в текущих (прогнозных) ценах по состоянию на _______2011 г.
A22: № пп | B22: Обоснование | C22: Наименование | D22: Ед. изм. | E22: Кол. | F22: Стоимость единицы, руб. | J22: Общая стоимость, руб.
F23: Всего | G23: В том числе | J23: Всего | K23: В том числе
G24: Осн.З/п | H24: Эк.Маш. | I24: З/пМех | K24: Осн.З/п | L24: Эк.Маш. | M24: З/пМех
A25: 1 | B25: 2 | C25: 3 | D25: 4 | E25: 5 | F25: 6 | G25: 7 | H25: 8 | I25: 9 | J25: 10 | K25: 11 | L25: 12 | M25: 13
A26: Раздел 1. Пуско-наладочные работы
B27: ТЕРп01-05-015-02 Постан.Правит.Свердл.обл. от 10.11.10 №1616-ПП л.1, п. 1 | C27: Устройство АВР линии напряжением ниже 1 кВ без схемы восстановления напряжения КОЭФ. К ПОЗИЦИИ: МДС81-40.2006 т.2 п.5._В электроустановках, находящихся под напряжением с оформлением при этом наряда-допуска или распоряжения (с учетом письма Госстроя от 14.02.2006 № СК-481/02) ОЗП=1,3; ТЗ=1,3 НР (189 руб.): 65% от ФОТ (291 руб.) СП (116 руб.): 40% от ФОТ (291 руб.) | D27: 1 устройство | E27: 1 | F27: 348.66 | G27: 348.66 | J27: 349 | K27: 349
B28: ТЕРп01-11-028-01 Постан.Правит.Свердл.обл. от 10.11.10 №1616-ПП л.1, п. 2 | C28: Измерение сопротивления изоляции мегаомметром кабельных и других линий напряжением до 1 кВ, предназначенных для передачи электроэнергии к распределительным устройствам, щитам, шкафам, коммутационным аппаратам и электропотребителям НР (51 руб.): 65% от ФОТ (78 руб.) СП (31 руб.): 40% от ФОТ (78 руб.) | D28: 1 линия | E28: 13 | F28: 7.22 | G28: 7.22 | J28: 94 | K28: 94
B29: ТЕРп01-03-002-04 Постан.Правит.Свердл.обл. от 10.11.10 №1616-ПП л.1, п. 3 | C29: Выключатель трехполюсный напряжением до 1 кВ с электромагнитным, тепловым или комбинированным расцепителем, номинальный ток до 50 А КОЭФ. К ПОЗИЦИИ: МДС81-40.2006 т.2 п.5._В электроустановках, находящихся под напряжением с оформлением при этом наряда-допуска или распоряжения (с учетом письма Госстроя от 14.02.2006 № СК-481/02) ОЗП=1,3; ТЗ=1,3 НР (112 руб.): 65% от ФОТ (172 руб.) СП (69 руб.): 40% от ФОТ (172 руб.) | D29: 1 шт. | E29: 6 | F29: 34.41 | G29: 34.41 | J29: 206 | K29: 206
B30: ТЕРп01-11-013-01 Постан.Правит.Свердл.обл. от 10.11.10 №1616-ПП л.1, п. 4 | C30: Замер полного сопротивления цепи «фаза-нуль» КОЭФ. К ПОЗИЦИИ: МДС81-40.2006 т.2 п.5._В электроустановках, находящихся под напряжением с оформлением при этом наряда-допуска или распоряжения (с учетом письма Госстроя от 14.02.2006 № СК-481/02) ОЗП=1,3; ТЗ=1,3 НР (152 руб.): 65% от ФОТ (234 руб.) СП (94 руб.): 40% от ФОТ (234 руб.) | D30: 1 токоприемник | E30: 8 | F30: 35.18 | G30: 35.18 | J30: 281 | K30: 281
B31: ТЕРп01-11-011-01 Постан.Правит.Свердл.обл. от 10.11.10 №1616-ПП л.2, п. 5 | C31: Проверка наличия цепи между заземлителями и заземленными элементами НР (32 руб.): 65% от ФОТ (49 руб.) СП (20 руб.): 40% от ФОТ (49 руб.) | D31: 100 точек | E31: 0.2 | F31: 288.64 | G31: 288.64 | J31: 58 | K31: 58
B32: ТЕРп01-11-024-01 Постан.Правит.Свердл.обл. от 10.11.10 №1616-ПП л.2, п. 6 | C32: Фазировка электрической линии или трансформатора с сетью напряжением до 1 кВ НР (352 руб.): 65% от ФОТ (542 руб.) СП (217 руб.): 40% от ФОТ (542 руб.) | D32: 1 фазировка | E32: 36 | F32: 18.04 | G32: 18.04 | J32: 649 | K32: 649
A33: Итого по разделу 1 Пуско-наладочные работы | J33: 2800
A34: ИТОГИ ПО СМЕТЕ:
A35: Итого прямые затраты по смете в ценах 2001г. | J35: 1637 | K35: 1637
A36: Итого прямые затраты по смете с учетом коэффициентов к итогам | J36: 1366 | K36: 1366
A37: Накладные расходы | J37: 888
A38: Сметная прибыль | J38: 546
A39: Итоги по смете:
A40: Пусконаладочные работы: 'вхолостую' - 80%, 'под нагрузкой' - 20%:
A41: Итого Поз. | J41: 1637 | K41: 1637
A42: Всего с учетом районного к-та 4,34% | J42: 1708 | K42: 1708
A43: Всего с учетом "Пусконаладочные работы: 'вхолостую' - 80% ПЗ=0,8 (ОЗП=0,8; ЭМ=0,8; ЗПМ=0,8; МАТ=0,8; ТЗ=0,8; ТЗМ=0,8)" | J43: 1366 | K43: 1366
A44: Накладные расходы 65% ФОТ (от 1 366) | J44: 888
A45: Сметная прибыль 40% ФОТ (от 1 366) | J45: 546
A46: Итого c накладными и см. прибылью | J46: 2800
A47: Итого | J47: 2800
A48: В том числе:
A49: ФОТ | J49: 1366
A50: Накладные расходы | J50: 888
A51: Сметная прибыль | J51: 546
A52: ВСЕГО по смете | J52: 2800
A56: Составил: ___________________________А.Ю.Буравова
A57: (должность, подпись, расшифровка)
A59: М.П.

Sheet  04-40697-0-0-АТХ.ЛС2 ПНР
A1: СОГЛАСОВАНО: | J1: УТВЕРЖДАЮ:
A4: ________________ | J4: ________________
A5: " _____ " ________________ 2011 г. | J5: "______ " _______________2011 г.
E7: (наименование стройки)
D9: ЛОКАЛЬНЫЙ СМЕТНЫЙ РАСЧЕТ № 04-40697-0-0-АТХ.ЛС2
D10: (локальная смета)
B12: на | C12: Автоматизация технологии производства. Пусконаладочные работы
E13: (наименование работ и затрат, наименование объекта)
C15: Основание: Расчет коэффициента технической сложности
C16: Сметная стоимость прочих _______________________________________________________________________________________________ | E16: ___________________________12,883 | G16: тыс. руб.
C17: Средства на оплату труда _______________________________________________________________________________________________ | E17: ___________________________6,284 | G17: тыс. руб.
C18: Сметная трудоемкость _______________________________________________________________________________________________ | E18: _______________________________________________________________________________________________306,93 | G18: чел.час
C19: Составлен(а) в текущих (прогнозных) ценах по состоянию на _______2011 г.
A22: № пп | B22: Обоснование | C22: Наименование | D22: Ед. изм. | E22: Кол. | F22: Стоимость единицы, руб. | J22: Общая стоимость, руб.
F23: Всего | G23: В том числе | J23: Всего | K23: В том числе
G24: Осн.З/п | H24: Эк. Маш. | I24: З/пМех | K24: Осн.З/п | L24: Эк. Маш. | M24: З/пМех
A25: 1 | B25: 2 | C25: 3 | D25: 4 | E25: 5 | F25: 6 | G25: 7 | H25: 8 | I25: 9 | J25: 10 | K25: 11 | L25: 12 | M25: 13
A26: Раздел 1.
A27: Автоматизированные системы управления I категории технической сложности
B28: ТЕРп02-01-001-07 Постан.Правит.Свердл.обл. от 10.11.10 №1616-ПП | C28: Автоматизированная система управления I категории технической сложности с количеством каналов (Кобщ) 40 НР (2672 руб.): 65% от ФОТ (4111 руб.) СП (1644 руб.): 40% от ФОТ (4111 руб.) | D28: 1 система | E28: 1 | F28: 5014.85 | G28: 5014.85 | J28: 5015 | K28: 5015
B29: ТЕРп02-01-001-08 Постан.Правит.Свердл.обл. от 10.11.10 №1616-ПП | C29: Автоматизированная система управления I категории технической сложности с количеством каналов (Кобщ) за каждый канал свыше 40 до 79 добавлять к расценке 02-01-001-07 НР (1412 руб.): 65% от ФОТ (2173 руб.) СП (869 руб.): 40% от ФОТ (2173 руб.) | D29: 1 канал | E29: 22 62-40 | F29: 120.48 | G29: 120.48 | J29: 2651 | K29: 2651
A30: Итого по разделу 1 | J30: 12883
A31: ИТОГИ ПО СМЕТЕ:
A32: Итого прямые затраты по смете в ценах 2001г. | J32: 7666 | K32: 7666
A33: Итого прямые затраты по смете с учетом коэффициентов к итогам | J33: 6284 | K33: 6284
A34: Накладные расходы | J34: 4085
A35: Сметная прибыль | J35: 2514
A36: Итоги по смете:
A37: Пусконаладочные работы: 'вхолостую' - 80%, 'под нагрузкой' - 20%:
A38: Итого Поз. | J38: 7666 | K38: 7666
A39: Всего с учетом районного к-та 4,34% | J39: 7999 | K39: 7999
A40: Всего с учетом "С учетом коэффициента технической сложности системы (К1) ОЗП=ОЗП*0,982-ОЗП" | J40: 7855 | K40: 7855
A41: Всего с учетом "Пусконаладочные работы: 'вхолостую' - 80% ПЗ=0,8 (ОЗП=0,8; ЭМ=0,8; ЗПМ=0,8; МАТ=0,8; ТЗ=0,8; ТЗМ=0,8)" | J41: 6284 | K41: 6284
A42: Накладные расходы 65% ФОТ (от 6 284) | J42: 4085
A43: Сметная прибыль 40% ФОТ (от 6 284) | J43: 2514
A44: Итого c накладными и см. прибылью | J44: 12883
A45: Итого | J45: 12883
A46: В том числе:
A47: ФОТ | J47: 6284
A48: Накладные расходы | J48: 4085
A49: Сметная прибыль | J49: 2514
A50: ВСЕГО по смете | J50: 12883
A54: Составил: ___________________________А.Ю.Буравова
A55: (должность, подпись, расшифровка)

Sheet СМР
A2: Расчет начальной (максимальной) цены на
A3: выполнение работ по техническому перевооружению установки очистки промывных вод участка №3 гальванического цеха здания 143 (1 промплощадка).
A5: Наименование глав ССР, объектный сметных расчетов, локальных сметных расчетов, видов прочих работ | B5: Сметная стоимость строительства в базисном уровне цен на 01.01.2000г. по ССР | F5: Остаток сметной стоимости в базисном уровне цен на 01.01.2015 | J5: Сметная стоимость строительства в базисном уровне цен на 01.01.2000г., выставленная на конкурс | N5: Стоимость на момент определения начальной (максимальной) цены Базовая / Текущая | O5: № обосновывающего расчета | P5: 2015 год | S5: 2016 год
B6: Всего | C6: СМР | D6: Оборудование | E6: Прочие | F6: Всего | G6: СМР | H6: Оборудование | I6: Прочие | J6: Всего | K6: СМР | L6: Оборудование | M6: Прочие | P6: СМР Базовая / Текущая | Q6: Оборудование Базовая / Текущая | R6: Прочие Базовая / Текущая | S6: СМР Базовая / Текущая | T6: Оборудование Базовая / Текущая | U6: Прочие Базовая / Текущая
A7: 1 | B7: 2 | C7: 3 | D7: 4 | E7: 5 | F7: 6 | G7: 7 | H7: 8 | I7: 9 | J7: 10 | K7: 11 | L7: 12 | M7: 13 | N7: 14 | O7: 15 | P7: 19 | Q7: 20 | R7: 21 | S7: 22 | T7: 23 | U7: 24
A8: Глава 2. Основные объекты строительства
A9: Техническое перевооружение установки очистки промывных вод участка №3 гальванического цеха здания 143 (1 промплощадка). Архитектурно-строительные решения | B9: =SUM(C9:E9) -> 9095 | C9: ='04-40697-0-0-АС.ЛС'!K307 -> 9095 | D9: 0 | E9: 0 | F9: =SUM(G9:I9) -> 9095 | G9: =C9 -> 9095 | H9: =D9 -> 0 | I9: =E9 -> 0 | J9: =SUM(K9:M9) -> 9095 | K9: =G9 -> 9095 | L9: =H9 -> 0 | N9: =SUM(P9:U9) -> 9095 | O9: 04-40697-0-0-АС.ЛС, 927см10 | P9: 0 | Q9: =ROUND(L9*4.04,0) -> 0 | S9: =K9 -> 9095
N10: =SUM(P10:U10) -> 56888 | S10: =ROUND(K9*5.94*1.053,0) -> 56888
A11: Техническое перевооружение установки очистки промывных вод участка №3 гальванического цеха здания 143 (1 промплощадка). Вентиляция | B11: =SUM(C11:E11) -> 368199 | C11: ='04-40697-0-0-ОВ.ЛС'!K333 -> 368199 | D11: 0 | E11: 0 | F11: =SUM(G11:I11) -> 368199 | G11: =C11 -> 368199 | H11: =D11 -> 0 | I11: =E11 -> 0 | J11: =SUM(K11:M11) -> 368199 | K11: =G11 -> 368199 | L11: =H11 -> 0 | N11: =SUM(P11:U11) -> 368199 | O11: 04-40697-0-0-ОВ.ЛС, 927см8 | P11: 0 | Q11: =ROUND(L11*4.04,0) -> 0 | S11: =K11 -> 368199
N12: =SUM(P12:U12) -> 2303018 | S12: =ROUND(K11*5.94*1.053,0) -> 2303018
A13: Техническое перевооружение установки очистки промывных вод участка №3 гальванического цеха здания 143 (1 промплощадка). Силовое электрооборудование | B13: =SUM(C13:E13) -> 67118 | C13: ='04-40697-0-0-ЭМ.ЛС'!K90+'04-40697-0-0-ЭМ.ЛС'!K100+'04-40697-0-0-ЭМ.ЛС'!K112+'04-40697-0-0-ЭМ.ЛС'!K120 -> 46968 | D13: ='04-40697-0-0-ЭМ.ЛС'!K104 -> 20150 | E13: 0 | F13: =SUM(G13:I13) -> 67118 | G13: =C13 -> 46968 | H13: =D13 -> 20150 | J13: =SUM(K13:M13) -> 67118 | K13: =C13 -> 46968 | L13: =H13 -> 20150 | N13: =SUM(P13:U13) -> 67118 | O13: 04-40697-0-0-ЭМ.ЛС, 927см7 | P13: 0 | S13: =K13 -> 46968 | T13: =L13 -> 20150
N14: =SUM(P14:U14) -> 392015 | S14: =ROUND(K13*5.94*1.053,0) -> 293776 | T14: =ROUND(L13*4.63*1.053,0) -> 98239
A15: Техническое перевооружение установки очистки промывных вод участка №3 гальванического цеха здания 143 (1 промплощадка). Автоматизация технологии производства | B15: =SUM(C15:E15) -> 383126 | C15: ='04-40697-0-0-АТХ.ЛС'!K107+'04-40697-0-0-АТХ.ЛС'!K125+'04-40697-0-0-АТХ.ЛС'!K146+'04-40697-0-0-АТХ.ЛС'!K168+'04-40697-0-0-АТХ.ЛС'!K175+'04-40697-0-0-АТХ.ЛС'!K182 -> 23104 | D15: ='04-40697-0-0-АТХ.ЛС'!K188 -> 360022 | F15: =SUM(G15:I15) -> 383126 | G15: =C15 -> 23104 | H15: =D15 -> 360022 | J15: =SUM(K15:M15) -> 383126 | K15: =G15 -> 23104 | L15: =H15 -> 360022 | N15: =SUM(P15:U15) -> 383126 | O15: 04-40697-0-0-АТХ.ЛС, 927см9 | P15: 0 | S15: =K15 -> 23104 | T15: =L15 -> 360022
N16: =SUM(P16:U16) -> 1899759 | S16: =ROUND(K15*5.94*1.053,0) -> 144511 | T16: =ROUND(L15*4.63*1.053,0) -> 1755248
A17: Техническое перевооружение установки очистки промывных вод участка №3 гальванического цеха здания 143 (1 промплощадка). Технология производства (производство демонтажных работ в 2015 году) | B17: =SUM(C17:E17) -> 520565 | C17: ='04-40697-0-0-ТХ.ЛС'!K216-'04-40697-0-0-ТХ.ЛС'!K213 -> 224181 | D17: ='04-40697-0-0-ТХ.ЛС'!K213 -> 296384 | F17: =SUM(G17:I17) -> 520565 | G17: =C17 -> 224181 | H17: =D17 -> 296384 | J17: =SUM(K17:M17) -> 520565 | K17: =G17 -> 224181 | L17: =H17 -> 296384 | N17: =SUM(P17:U17) -> 520565 | O17: 04-40697-0-0-ТХ.ЛС, 927см6 | P17: =376+9540 -> 9916 | S17: =K17-P17 -> 214265 | T17: =L17 -> 296384
N18: =SUM(P18:U18) -> 2844078 | P18: =ROUND(P17*5.94,0) -> 58901 | S18: =ROUND(S17*5.94*1.053,0) -> 1340189 | T18: =ROUND(L17*4.63*1.053,0) -> 1444988
A19: Итого по Главе 2 | B19: =SUM(B9:B18) -> 1348103 | C19: =SUM(C9:C18) -> 671547 | D19: =SUM(D9:D18) -> 676556 | F19: =SUM(F9:F18) -> 1348103 | G19: =SUM(G9:G18) -> 671547 | H19: =SUM(H9:H18) -> 676556 | J19: =SUM(J9:J18) -> 1348103 | K19: =SUM(K9:K18) -> 671547 | L19: =SUM(L9:L18) -> 676556 | N19: =N9+N11+N13+N15+N17 -> 1348103 | P19: =P17 -> 9916 | S19: =S9+S11+S13+S15+S17 -> 661631 | T19: =T13+T15+T17 -> 676556
N20: =N10+N12+N14+N16+N18 -> 7495758 | P20: =P18 -> 58901 | S20: =S10+S12+S14+S16+S18 -> 4138382 | T20: =T14+T16+T18 -> 3298475
A21: Глава 9. Прочие работы и затраты
A22: Вентиляция. Пусконаладочные работы | B22: =SUM(C22:E22) -> 6780 | C22: 0 | E22: ='04-40697-0-0-ОВ.ЛС1 ПНР'!J51 -> 6780 | F22: =B22 -> 6780 | G22: =C22 -> 0 | I22: =E22 -> 6780 | J22: =F22 -> 6780 | K22: =G22 -> 0 | M22: =E22 -> 6780 | N22: =U22 -> 6780 | O22: 04-40697-0-0-ОВ.ЛС1 ПНР | U22: =M22 -> 6780
N23: =U23 -> 74249 | S23: =S25 -> 0 | U23: =ROUND(M22*10.4*1.053,0) -> 74249
A24: Силовое электрооборудование. Пусконаладочные работы | B24: =SUM(C24:E24) -> 2800 | C24: 0 | E24: ='04-40697-0-0-ЭМ.ЛС1 ПНР'!J52 -> 2800 | F24: =B24 -> 2800 | G24: =C24 -> 0 | I24: =E24 -> 2800 | J24: =F24 -> 2800 | K24: =G24 -> 0 | M24: =E24 -> 2800 | N24: =U24 -> 2800 | O24: 004-40697-0-0-ЭМ.ЛС1 ПНР | U24: =M24 -> 2800
N25: =U25 -> 30663 | S25: =S27 -> 0 | U25: =ROUND(M24*10.4*1.053,0) -> 30663
A26: Автоматизация технологии производства. Пусконаладочные работы | B26: =SUM(C26:E26) -> 12883 | C26: 0 | E26: =' 04-40697-0-0-АТХ.ЛС2 ПНР'!J50 -> 12883 | F26: =B26 -> 12883 | G26: =C26 -> 0 | I26: =E26 -> 12883 | J26: =F26 -> 12883 | K26: =G26 -> 0 | M26: =E26 -> 12883 | N26: =U26 -> 12883 | O26: 04-40697-0-0-АТХ.ЛС2 ПНР | U26: =M26 -> 12883
N27: =U27 -> 141084 | S27: =S29 -> 0 | U27: =ROUND(M26*10.4*1.053,0) -> 141084
A28: Итого по Главе 9 | B28: =SUM(B22:B27) -> 22463 | C28: =SUM(C26) -> 0 | E28: =SUM(E22:E27) -> 22463 | F28: =SUM(F22:F27) -> 22463 | G28: =SUM(G22:G27) -> 0 | H28: =SUM(H22:H27) -> 0 | I28: =SUM(I22:I27) -> 22463 | J28: =SUM(J22:J27) -> 22463 | K28: =SUM(K22:K27) -> 0 | L28: =SUM(L22:L27) -> 0 | M28: =SUM(M22:M27) -> 22463 | N28: =N26+N24+N22 -> 22463 | U28: =U22+U24+U26 -> 22463
N29: =N23+N25+N27 -> 245996 | S29: =ROUND((K28*5.74)*1.053,0) -> 0 | U29: =U23+U25+U27 -> 245996
A30: Итого по Главам | B30: =B28+B19 -> 1370566 | C30: =C28+C19 -> 671547 | D30: =D28+D19 -> 676556 | E30: =E28+E19 -> 22463 | F30: =F28+F19 -> 1370566 | G30: =G28+G19 -> 671547 | H30: =H28+H19 -> 676556 | I30: =I28+I19 -> 22463 | ... N30: =N28+N19 -> 1370566 | P30: =P19 -> 9916 | S30: =S19 -> 661631 | T30: =T19 -> 676556 | U30: =U28 -> 22463
N31: =N20+N29 -> 7741754 | P31: =P20 -> 58901 | S31: =S20 -> 4138382 | T31: =T20 -> 3298475 | U31: =U29 -> 245996
A32: Итого в ценах 2000 года: | B32: =SUM(C32:D32) -> 1348103 | C32: =C30 -> 671547 | D32: =D30 -> 676556 | E32: =E30 -> 22463 | F32: =SUM(G32:H32) -> 1348103 | G32: =G30 -> 671547 | H32: =H30 -> 676556 | I32: =I30 -> 22463 | J32: =SUM(K32:M32) -> 1370566 | K32: =K30 -> 671547 | L32: =L30 -> 676556 | M32: =M30 -> 22463 | N32: =N30 -> 1370566 | P32: =P30 -> 9916 | S32: =S30 -> 661631 | T32: =T30 -> 676556 | U32: =U30 -> 22463
N33: =N31 -> 7741754 | P33: =P31 -> 58901 | S33: =S31 -> 4138382 | T33: =T31 -> 3298475 | U33: =U31 -> 245996
A34: Итого с индексом инфляции**: | N34: =SUM(P34:U34) -> 7741754 | P34: =P33 -> 58901 | S34: =S33 -> 4138382 | T34: =T33 -> 3298475 | U34: =U33 -> 245996
A35: НДС 18% | N35: =SUM(P35:U35) -> 1393515.7 | P35: =ROUND(P34*18%,2) -> 10602.18 | S35: =ROUND(S34*18%,2) -> 744908.76 | T35: =ROUND(T34*18%,2) -> 593725.5 | U35: =ROUND(U34*18%,2) -> 44279.28
A36: Всего с НДС: | N36: =SUM(P36:U36) -> 9135269.7 | P36: =SUM(P34:P35) -> 69503.18 | S36: =SUM(S34:S35) -> 4883290.8 | T36: =SUM(T34:T35) -> 3892200.5 | U36: =SUM(U34:U35) -> 290275.28
A38: * В расчете использованы индексы:
A39: - 5,94 индекс изменения сметной стоимости СМР к ТЕР 2001 (письмо Минстроя России от 13.08.2015 года № 25760-ЮР/08 приложение 1, Прочие объекты)
A40: - 4,63 индекс изменения сметной стоимости оборудования к ТЕР 2001 (письмо Минстроя России от 13.08.2015 года № 25760-ЮР/08 приложение 5, Нефтеперерабатывающая, химическая и нефтехимическая промышленность)
A41: - 10,40 индекс изменения сметной стоимости Прочих затрат к ТЕР 2001 (письмо Минстроя России от 13.08.2015 года № 25760-ЮР/08 приложение 1, Пусконаладочные работы)
A42: ** В расчете использован индекс-дефлятор по инвестициям в основной капитал 2016/2015 - 1,053 по письму Госкорпорации "Росатом" от 09.09.2014 № 1-12.8/34083
A44: И.о. начальника отдела капитального строительства
A45: ФГУП "Комбинат "Электрохимприбор" | H45: Л.В. Грибанова
A47: Инженер по проектно-сметной работе | H47: Н.А. Басова
A49: Согласовано | H49: отд. 028

Sheet НМЦ договора
A5: Определение начальной (максимальной) цены договора генерального подряда
A6: на выполнение работ по техническому перевооружению установки очистки промывных вод участка №3 гальванического цеха здания 143 (1 промплощадка).
A7: на 2015, 2016 год
A9: Способ закупки: открытый конкурс
G10: ц.2000г./текущие цены, руб.
A11: Наименование услуг и работ (затрат) | C11: Сметная стоимость строительства в базисном уровне цен на 01.01.2000 г. | D11: Сметная стоимость строительства в текущем уровне цен, пресчитанная на момент проведения процедуры закупки | F11: Начальная (максимальная) цена | G11: в том числе по годам строительства | H11: в том числе по годам строительства
G14: 2015 г. | H14: 2016 г.
A18: 1 | C18: 2 | D18: 3 | F18: 4 | G18: 5 | H18: 6
A19: СМР | C19: =СМР!K32 -> 671547 | D19: =СМР!P34+СМР!S34 -> 4197283 | F19: =D19 -> 4197283 | G19: =СМР!P34 -> 58901 | H19: =СМР!S34 -> 4138382
A20: Оборудование | C20: =СМР!L32 -> 676556 | D20: =СМР!T34 -> 3298475 | F20: =D20 -> 3298475 | G20: 0 | H20: =СМР!T34 -> 3298475
A21: Прочие затраты | C21: =СМР!M32 -> 22463 | D21: =H21 -> 245996 | F21: =H21 -> 245996 | G21: 0 | H21: =СМР!U31 -> 245996
A22: Всего: | C22: =SUM(C19:C21) -> 1370566 | D22: =SUM(D19:E21) -> 7741754 | F22: =SUM(F19:F21) -> 7741754 | G22: =SUM(G19:G21) -> 58901 | H22: =СМР!S34+СМР!T34+СМР!U33 -> 7682853
A23: НДС | D23: =СМР!N35 -> 1393515.7 | F23: =D23 -> 1393515.7 | G23: =СМР!P35 -> 10602.18 | H23: =СМР!S35+СМР!T35+СМР!U35 -> 1382913.5
A24: Итого с НДС | D24: =СМР!N36 -> 9135269.7 | F24: =SUM(F22:F23) -> 9135269.7 | G24: =SUM(G22:G23) -> 69503.18 | H24: =СМР!S36+СМР!T36+СМР!U36 -> 9065766.5
A26: В расчете использованы индексы:
A28: - 5,94 индекс изменения сметной стоимости СМР к ТЕР 2001 (письмо Минстроя России от 13.08.2015 года № 25760-ЮР/08 приложение 1, прочие объекты) - 4,63 индекс изменения сметной стоимости оборудования к ТЕР 2001 (письмо Минстроя России от 13.08.2015 года № 25760-ЮР/08 приложение 5, Нефтеперерабатывающая, химическая и нефтехимическая промышленность) - 10,40 индекс изменения сметной стоимости Прочих затрат к ТЕР 2001 (письмо Минстроя России от 13.08.2015 года № 25760-ЮР/08 приложение 1, Пусконаладочные работы) ** В расчете использован индекс-дефлятор по инвестициям в основной капитал 2016/2015 - 1,053 по письму Госкорпорации "Росатом" от 09.09.2014 № 1-12.8/34083
A30: И.о. начальника отдела капитального строительства
A31: ФГУП "Комбинат "Электрохимприбор" | G31: Л.В. Грибанова
A33: Инженер по проектно-сметной работе | G33: Н.А. Басова
A35: Согласовано | G35: отд. 028
